Workbook

Sheet Quantidade de Cargo
A1: QUANTIDADE DE POSTO POR DEPARTAMENTO/SETOR
A2: CARGO | B2: QUANTIDADE DE EMPREGADOS | R2: Total por Cargo
B3: Controladoria Geral - CONTROL | C3: Corregedoria de Processos Éticos | D3: Departamento de Administração e Gestão de Pessoal - DAGEPE | E3: Departamento Contábil - DECON | F3: Departamento de Fiscalização - DEFIS | G3: Departamento de Registro e Cadastro - DRC | H3: Departamento Financeiro - DEFIN | I3: Procuradoria Geral - PROGER | J3: Secretaria Executiva - SECEX | K3: Setor de Arquivo e Protocolo | L3: Setor de Comunicação - SECOM | M3: Setor de Divida Ativa | N3: Setor de Licitações e Contratos - SELIC | O3: Setor de Negociação | P3: Setor de Ouvidoria | Q3: Setor de Tecnologia de Informação - STI
A4: Analista de Departamento Pessoal | B4: - | C4: - | D4: 1 | E4: - | F4: - | G4: - | H4: - | I4: - | J4: - | K4: - | L4: - | M4: - | N4: - | O4: - | P4: - | Q4: - | R4: =ROUND(SUM(B4:Q4),2) -> 1
A5: Analista Jurídico | B5: - | C5: - | D5: - | E5: - | F5: - | G5: - | H5: - | I5: 2 | J5: - | K5: - | L5: - | M5: - | N5: - | O5: - | P5: - | Q5: - | R5: =ROUND(SUM(B5:Q5),2) -> 2
A6: Arquivista | B6: - | C6: - | D6: - | E6: - | F6: - | G6: - | H6: - | I6: - | J6: - | K6: 1 | L6: - | M6: - | N6: - | O6: - | P6: - | Q6: - | R6: =ROUND(SUM(B6:Q6),2) -> 1
A7: Assistente Administrativo I | B7: - | C7: 1 | D7: - | E7: - | F7: - | G7: 6 | H7: - | I7: - | J7: 2 | K7: 2 | L7: - | M7: 1 | N7: 1 | O7: 2 | P7: 1 | Q7: - | R7: =ROUND(SUM(B7:Q7),2) -> 16
A8: Assistente Administrativo II | B8: 3 | C8: - | D8: 2 | E8: - | F8: 1 | G8: 1 | H8: 1 | I8: - | J8: 1 | K8: - | L8: - | M8: 1 | N8: 1 | O8: - | P8: - | Q8: - | R8: =ROUND(SUM(B8:Q8),2) -> 11
A9: Assistente Contábil II | B9: - | C9: - | D9: - | E9: 1 | F9: - | G9: - | H9: - | I9: - | J9: - | K9: - | L9: - | M9: - | N9: - | O9: - | P9: - | Q9: - | R9: =ROUND(SUM(B9:Q9),2) -> 1
A10: Assistente de Comunicação | B10: - | C10: - | D10: - | E10: - | F10: - | G10: - | H10: - | I10: - | J10: - | K10: - | L10: 1 | M10: - | N10: - | O10: - | P10: - | Q10: - | R10: =ROUND(SUM(B10:Q10),2) -> 1
A11: Assistente Financeiro I | B11: - | C11: - | D11: - | E11: - | F11: - | G11: - | H11: 1 | I11: - | J11: - | K11: - | L11: - | M11: - | N11: - | O11: - | P11: - | Q11: - | R11: =ROUND(SUM(B11:Q11),2) -> 1
A12: Copeiro II | B12: - | C12: - | D12: 1 | E12: - | F12: - | G12: - | H12: - | I12: - | J12: - | K12: - | L12: - | M12: - | N12: - | O12: - | P12: - | Q12: - | R12: =ROUND(SUM(B12:Q12),2) -> 1
A13: Designer Gráfico | B13: - | C13: - | D13: - | E13: - | F13: - | G13: - | H13: - | I13: - | J13: - | K13: - | L13: 1 | M13: - | N13: - | O13: - | P13: - | Q13: - | R13: =ROUND(SUM(B13:Q13),2) -> 1
A14: Motorista | B14: - | C14: - | D14: - | E14: - | F14: - | G14: - | H14: - | I14: - | J14: 2 | K14: - | L14: - | M14: - | N14: - | O14: - | P14: - | Q14: - | R14: =ROUND(SUM(B14:Q14),2) -> 2
A15: Oficial de Manutenção | B15: - | C15: - | D15: 1 | E15: - | F15: - | G15: - | H15: - | I15: - | J15: - | K15: - | L15: - | M15: - | N15: - | O15: - | P15: - | Q15: - | R15: =ROUND(SUM(B15:Q15),2) -> 1
A16: Técnico de Suporte I | B16: - | C16: - | D16: - | E16: - | F16: - | G16: - | H16: - | I16: - | J16: - | K16: - | L16: - | M16: - | N16: - | O16: - | P16: - | Q16: 1 | R16: =ROUND(SUM(B16:Q16),2) -> 1
A17: Técnico de Suporte II | B17: - | C17: - | D17: - | E17: - | F17: - | G17: - | H17: - | I17: - | J17: - | K17: - | L17: - | M17: - | N17: - | O17: - | P17: - | Q17: 1 | R17: =ROUND(SUM(B17:Q17),2) -> 1
A18: Total por Setor/Departamento | B18: =ROUND(SUM(B4:B15),2) -> 3 | C18: =ROUND(SUM(C4:C15),2) -> 1 | D18: =ROUND(SUM(D4:D15),2) -> 5 | E18: =ROUND(SUM(E4:E15),2) -> 1 | F18: =ROUND(SUM(F4:F15),2) -> 1 | G18: =ROUND(SUM(G4:G15),2) -> 7 | H18: =ROUND(SUM(H4:H15),2) -> 2 | I18: =ROUND(SUM(I4:I15),2) -> 2 | ... Q18: =ROUND(SUM(Q4:Q15),2) -> 0 | R18: =ROUND(SUM(R4:R17),2) -> 41
A21: QUANTIDADE DE CARGOS POR ESCOLARIDADE
A22: CARGO | B22: QUANTIDADE DE EMPREGADOS | E22: Total por Cargo
B23: Nível Fundamental | C23: Nível Médio | D23: Nível Superior
A24: Analista de Departamento Pessoal | B24: - | C24: - | D24: 1 | E24: =ROUND(SUM(B24:D24),2) -> 1
A25: Analista Jurídico | B25: - | C25: - | D25: 2 | E25: =ROUND(SUM(B25:D25),2) -> 2
A26: Arquivista | B26: - | C26: - | D26: 1 | E26: =ROUND(SUM(B26:D26),2) -> 1
A27: Assistente Administrativo I | B27: - | C27: 16 | D27: - | E27: =ROUND(SUM(B27:D27),2) -> 16
A28: Assistente Administrativo II | C28: - | D28: 11 | E28: =ROUND(SUM(B28:D28),2) -> 11
A29: Assistente Contábil II | B29: - | C29: - | D29: 1 | E29: =ROUND(SUM(B29:D29),2) -> 1
A30: Assistente de Comunicação | B30: - | C30: - | D30: 1 | E30: =ROUND(SUM(B30:D30),2) -> 1
A31: Assistente Financeiro I | B31: - | C31: 1 | D31: - | E31: =ROUND(SUM(B31:D31),2) -> 1
A32: Copeiro II | B32: 1 | C32: - | E32: =ROUND(SUM(B32:D32),2) -> 1
A33: Designer Gráfico | B33: - | C33: - | D33: 1 | E33: =ROUND(SUM(B33:D33),2) -> 1
A34: Motorista | B34: - | C34: 2 | D34: - | E34: =ROUND(SUM(B34:D34),2) -> 2
A35: Oficial de Manutenção | B35: 1 | C35: - | D35: - | E35: =ROUND(SUM(B35:D35),2) -> 1
A36: Técnico de Suporte I | B36: - | C36: 1 | D36: - | E36: =ROUND(SUM(B36:D36),2) -> 1
A37: Técnico de Suporte II | B37: - | C37: - | D37: 1 | E37: =ROUND(SUM(B37:D37),2) -> 1
A38: Total por Escolaridade | B38: =ROUND(SUM(B24:B35),2) -> 2 | C38: =ROUND(SUM(C24:C35),2) -> 19 | D38: =ROUND(SUM(D24:D35),2) -> 18 | E38: =ROUND(SUM(E24:E37),2) -> 41

Sheet Modelo de Proposta
A1: Licitação: | C1: Pregão Eletrônico - COREN/AM nº XXX/20XX
A2: Nome de Fantasia:
A3: Razão Social:
A4: CNPJ: | F4: Optante pelo Simples:
A5: Endereço:
A6: Bairro: | F6: Cidade:
A7: CEP: | F7: E-mail:
A8: Telefone: | F8: Fax:
A9: Banco: | E9: Nome do Favorecido:
A10: Nº da agência bancária: | E10: Conta Bancária: | H10: Tipo de Conta:
A12: 1. OBJETO
A13: 1.1. Contratação de pessoa jurídica especializada para prestação, de forma contínua, de serviços terceirizados acessórios e complementares de suporte e apoio nas áreas administrativas, jurídicas, comunicação, tecnologia da informação e complementar, com dedicação exclusiva de mão de obra, na sede do Conselho Regional de Enfermagem do Amazonas, localizados na cidade de Manaus, estado do Amazonas, conforme condições, quantidades e exigências estabelecidas no Pregão Eletrônico nº __/20__.
A15: 2. PLANILHA DE PREÇOS
A16: 2.1. Apresentar planilha descritiva com marca, valores unitários, total, junto com total geral do grupo, conforme descrito no Termo de Referência - Anexo I do Edital.
A18: Item Único
A19: Item | B19: Descrição | F19: Valor Mensal (R$) | H19: Valor Anual (R$)
A20: 1 | B20: Mão de obra | F20: ='Quadro de Resumo dos Custos'!F27:H27 -> 231223.67 | H20: ='Quadro de Resumo dos Custos'!F28:F28 -> 2774684
A21: Vlr. Global (R$) | H21: =ROUND(SUM(H20:I20),2) -> 2774684
A23: • Validade da Proposta: ___ (_______) dias, observado o prazo mínimo de 60 (sessenta) dias.
A24: • Nos preços apresentados deverão incluir todos os custos com salários, horas extras, encargos sociais, transportes, uniformes, lucros, encargos fiscais e para-fiscais, despesas diretas e indiretas, bem como aquelas indispensáveis para execução do objeto.
A25: • Declaramos que os serviços aqui ofertados estão de acordo com as especificações do Termo de Referência da presente licitação.
A26: • Declaramos conhecer e nos submetemos integralmente a todas as cláusulas e condições do presente Edital e seus anexos.
A28: VALOR GLOBAL DA PROPOSTA: | D28: =H21 -> 2774684 | F28: (___________________________________________)
E31: (Local)/(UF) | G31: =TODAY() -> 44823
A33: ASSINATURA:
C34: (Nome de Responsavel Legal)
C35: Responsavel Legal

Sheet Salario Base
A1: SALARIO MÉDIO
A2: LEGISLAÇÃO | B2: DA INSTRUÇÃO NORMATIVA Nº 5, DE 26 DE MAIO DE 2017 Art. 5º É vedado à Administração ou aos seus servidores praticar atos de ingerência na administração da contratada, a exemplo de: (...) VI - definir o valor da remuneração dos trabalhadores da empresa contratada para prestar os serviços, salvo nos casos específicos em que se necessitam de profissionais com habilitação/experiência superior a daqueles que, no mercado, são remunerados pelo piso salarial da categoria, desde que justificadamente; ANEXO I - DEFINIÇÕES XXII - SALÁRIO: valor a ser efetivamente pago ao profissional envolvido diretamente na execução contratual, não podendo ser inferior ao estabelecido em Acordo ou Convenção Coletiva, Sentença Normativa ou lei. Quando da inexistência destes, o valor poderá ser aquele praticado no mercado ou apurado em publicações ou pesquisas setoriais para a categoria profissional correspondente.
A3: JURISPRUDENCIA DO TRIBUNAL DE CONTAS DA UNIÃO (TCU) | B3: Acórdão 5279/2020 Primeira Câmara (Representação, Relator Ministro Walton Alencar Rodrigues) É possível exigir piso salarial mínimo acima daquele estabelecido em convenção coletiva de trabalho, desde que o gestor comprove que os patamares fixados no edital da licitação são compatíveis com os preços pagos pelo mercado para serviços com tarefas de complexidade similar.
B4: Acórdão 2101/2020 Plenário (Pedido de Reexame, Relator Ministro Augusto Nardes) Admite-se, na contratação por postos de serviço, a fixação de salários em valores superiores aos pisos estabelecidos em convenções coletivas de trabalho, desde que observados os seguintes requisitos: i) justificativa técnica de que os serviços demandam, por suas características e particularidades, a execução por profissional com nível de qualificação acima da média; e ii) realização de pesquisa de preços demonstrando a compatibilidade com os valores de mercado para contratações similares, ou seja, comprovação de que no mercado existe tal distinção salarial em função da qualificação do trabalhador.
B5: Acórdão 1097/2019 Plenário (Representação, Relator Ministro Bruno Dantas) Admite-se, na contratação por postos de serviço, a fixação de salários em valores superiores aos pisos estabelecidos em convenções coletivas de trabalho, desde que observados os seguintes requisitos: i) justificativa técnica de que os serviços demandam, por suas características e particularidades, a execução por profissional com nível de qualificação acima da média; e ii) realização de pesquisa de preços demonstrando a compatibilidade com os valores de mercado para contratações similares, ou seja, comprovação de que no mercado existe tal distinção salarial em função da qualificação do trabalhador.
A6: Categoria Profissional | B6: CBO | C6: SALARIO.COM.BR | D6: CCT AM000546/2021 | E6: CCT - AM000038/2022 | F6: CCT - AM000248/2022
A7: ='Quantidade de Cargo'!A4 -> Analista de Departamento Pessoal | B7: 4131-05 | C7: - | D7: 3053.88 | E7: - | F7: -
A8: ='Quantidade de Cargo'!A5 -> Analista Jurídico | B8: 2410-05 | C8: 3268.45 | D8: - | E8: - | F8: -
A9: ='Quantidade de Cargo'!A6 -> Arquivista | B9: 2613-05 | C9: 2418.58 | D9: - | E9: - | F9: -
A10: ='Quantidade de Cargo'!A7 -> Assistente Administrativo I | B10: 4110-10 | C10: - | D10: 1560.18 | E10: - | F10: -
A11: ='Quantidade de Cargo'!A8 -> Assistente Administrativo II | B11: 4110-10 | C11: - | D11: 2700.5 | E11: - | F11: -
A12: ='Quantidade de Cargo'!A9 -> Assistente Contábil II | B12: 4131-10 | C12: - | D12: 2700.5 | E12: - | F12: -
A13: ='Quantidade de Cargo'!A10 -> Assistente de Comunicação | B13: 1423-35 | C13: 2489.83 | D13: - | E13: - | F13: -
A14: ='Quantidade de Cargo'!A11 -> Assistente Financeiro I | B14: 4110-10 | C14: - | D14: 1560.18 | E14: - | F14: -
A15: ='Quantidade de Cargo'!A12 -> Copeiro II | B15: 5134-25 | C15: 1415.83 | D15: - | E15: - | F15: -
A16: ='Quantidade de Cargo'!A13 -> Designer Gráfico | B16: 2624-10 | C16: 2274.1 | D16: - | E16: - | F16: -
A17: ='Quantidade de Cargo'!A14 -> Motorista | B17: 7823-05 | C17: - | D17: - | E17: - | F17: 1669.04
A18: ='Quantidade de Cargo'!A15 -> Oficial de Manutenção | B18: 5143-25 | C18: - | D18: - | E18: 2498.52 | F18: -
A19: ='Quantidade de Cargo'!A16 -> Técnico de Suporte I | B19: 3172-10 | C19: - | D19: 2832.23 | E19: - | F19: -
A20: ='Quantidade de Cargo'!A17 -> Técnico de Suporte II | B20: 3172-10 | C20: - | D20: 3525.62 | E20: - | F20: -

Sheet Quantidade de Hora-Extra
A1: HORA-EXTRA ESTIMADA POR ANO
A2: LEGISLAÇÃO | B2: DECRETO-LEI Nº 5.452, DE 1º DE MAIO DE 1943 Art. 59. A duração diária do trabalho poderá ser acrescida de horas extras, em número não excedente de duas, por acordo individual, convenção coletiva ou acordo coletivo de trabalho.
A3: Cargo | B3: Quantidade de Posto | C3: Quantidade de Hora Extra Anual de 50% Por Posto | D3: Quantidade de Hora Extra Anual de 100% Por Posto | E3: Quantidade Total de Hora Extra Anual Por Posto | F3: Quantidade Total de Hora Extra Anual Por Cargo
A4: ='Salario Base'!A15 -> Copeiro II | B4: 1 | C4: 84 | D4: 36 | E4: =ROUND(SUM(C4:D4),2) -> 120 | F4: =ROUND(B4*E4,2) -> 120
A5: ='Salario Base'!A17 -> Motorista | B5: 2 | C5: 21 | D5: 9 | E5: =ROUND(SUM(C5:D5),2) -> 30 | F5: =ROUND(B5*E5,2) -> 60
A6: ='Salario Base'!A18 -> Oficial de Manutenção | B6: 1 | C6: 21 | D6: 9 | E6: =ROUND(SUM(C6:D6),2) -> 30 | F6: =ROUND(B6*E6,2) -> 30
A7: ='Salario Base'!A19 -> Técnico de Suporte I | B7: 1 | C7: 40 | D7: 4 | E7: =ROUND(SUM(C7:D7),2) -> 44 | F7: =ROUND(B7*E7,2) -> 44
A8: ='Salario Base'!A20 -> Técnico de Suporte II | B8: 2 | C8: 40 | D8: 4 | E8: =ROUND(SUM(C8:D8),2) -> 44 | F8: =ROUND(B8*E8,2) -> 88
A9: Total | B9: =ROUND(SUM(B3:B8),2) -> 7 | C9: =ROUND(SUM(C3:C8),2) -> 206 | D9: =ROUND(SUM(D3:D8),2) -> 62 | E9: =ROUND(SUM(E3:E8),2) -> 268 | F9: =ROUND(SUM(F3:F8),2) -> 342

Sheet Dados de Passagens e Diarias
A1: PASSAGENS ESTIMADAS | D1: DIARIAS ESTIMADAS
A2: Departamento/Setor | B2: QUANTIDADE ANUAL | D2: Departamento/Setor | E2: QUANTIDADE ANUAL
A3: SECOM | B3: 6 | D3: SECEX | E3: 50
A4: Total | B4: =ROUND(SUM(B3:B3),2) -> 6 | D4: SECOM | E4: 15
D5: Total | E5: =ROUND(SUM(E3:E4),2) -> 65

Sheet Quadro de Resumo dos Custos
A1: QUADRO DE RESUMO DOS CUSTOS
A2: 1.0 | B2: Mão de Obra
A3: Subitem | B3: Cargo | D3: Nº de Posto (a) | E3: Vlr. Unitário por Empregado R$ (b) | F3: Vlr. Mensal R$ (c = a x b) | G3: Vlr. Anual R$ (d = c x 12 meses) | H3: Vlr. Bienal R$ (e = d x 2 anos)
A4: 1.1. | B4: ='Quantidade de Cargo'!A4 -> Analista de Departamento Pessoal | D4: ='Quantidade de Cargo'!E24 -> 1 | E4: ='A. Departamento Pessoal'!D92 -> 7557.04 | F4: =ROUND(D4*E4,2) -> 7557.04 | G4: =ROUND(F4*12,2) -> 90684.48 | H4: =ROUND(G4*2,2) -> 181368.96
A5: 1.2. | B5: ='Quantidade de Cargo'!A5 -> Analista Jurídico | D5: ='Quantidade de Cargo'!E25 -> 2 | E5: ='A. Jurídico'!D92 -> 8056.33 | F5: =ROUND(D5*E5,2) -> 16112.66 | G5: =ROUND(F5*12,2) -> 193351.92 | H5: =ROUND(G5*2,2) -> 386703.84
A6: 1.3. | B6: ='Quantidade de Cargo'!A6 -> Arquivista | D6: ='Quantidade de Cargo'!E26 -> 1 | E6: =Arquivista!D92 -> 5980.74 | F6: =ROUND(D6*E6,2) -> 5980.74 | G6: =ROUND(F6*12,2) -> 71768.88 | H6: =ROUND(G6*2,2) -> 143537.76
A7: 1.4. | B7: ='Quantidade de Cargo'!A7 -> Assistente Administrativo I | D7: ='Quantidade de Cargo'!E27 -> 16 | E7: ='Assist. Administrativo I'!D92 -> 4162.58 | F7: =ROUND(D7*E7,2) -> 66601.28 | G7: =ROUND(F7*12,2) -> 799215.36 | H7: =ROUND(G7*2,2) -> 1598430.7
A8: 1.5. | B8: ='Quantidade de Cargo'!A8 -> Assistente Administrativo II | D8: ='Quantidade de Cargo'!E28 -> 11 | E8: ='Assist. Administrativo II'!D92 -> 6577.87 | F8: =ROUND(D8*E8,2) -> 72356.57 | G8: =ROUND(F8*12,2) -> 868278.84 | H8: =ROUND(G8*2,2) -> 1736557.7
A9: 1.6. | B9: ='Quantidade de Cargo'!A9 -> Assistente Contábil II | D9: ='Quantidade de Cargo'!E29 -> 1 | E9: ='Assist. Contábil II'!D92 -> 6577.87 | F9: =ROUND(D9*E9,2) -> 6577.87 | G9: =ROUND(F9*12,2) -> 78934.44 | H9: =ROUND(G9*2,2) -> 157868.88
A10: 1.7. | B10: ='Quantidade de Cargo'!A10 -> Assistente de Comunicação | D10: ='Quantidade de Cargo'!E30 -> 1 | E10: ='Assist. Comunicação'!D92 -> 6131.65 | F10: =ROUND(D10*E10,2) -> 6131.65 | G10: =ROUND(F10*12,2) -> 73579.8 | H10: =ROUND(G10*2,2) -> 147159.6
A11: 1.8. | B11: ='Quantidade de Cargo'!A11 -> Assistente Financeiro I | D11: ='Quantidade de Cargo'!E31 -> 1 | E11: ='Assist. Financeiro I'!D92 -> 4162.58 | F11: =ROUND(D11*E11,2) -> 4162.58 | G11: =ROUND(F11*12,2) -> 49950.96 | H11: =ROUND(G11*2,2) -> 99901.92
A12: 1.9. | B12: ='Quantidade de Cargo'!A12 -> Copeiro II | D12: ='Quantidade de Cargo'!E32 -> 1 | E12: ='Copeiro II'!D92 -> 3901.07 | F12: =ROUND(D12*E12,2) -> 3901.07 | G12: =ROUND(F12*12,2) -> 46812.84 | H12: =ROUND(G12*2,2) -> 93625.68
A13: 1.10. | B13: ='Quantidade de Cargo'!A13 -> Designer Gráfico | D13: ='Quantidade de Cargo'!E33 -> 1 | E13: ='Designer Gráfico'!D92 -> 5674.68 | F13: =ROUND(D13*E13,2) -> 5674.68 | G13: =ROUND(F13*12,2) -> 68096.16 | H13: =ROUND(G13*2,2) -> 136192.32
A14: 1.11. | B14: ='Quantidade de Cargo'!A14 -> Motorista | D14: ='Quantidade de Cargo'!E34 -> 2 | E14: =Motorista!D92 -> 5201.93 | F14: =ROUND(D14*E14,2) -> 10403.86 | G14: =ROUND(F14*12,2) -> 124846.32 | H14: =ROUND(G14*2,2) -> 249692.64
A15: 1.12. | B15: ='Quantidade de Cargo'!A15 -> Oficial de Manutenção | D15: ='Quantidade de Cargo'!E35 -> 1 | E15: ='Oficial de Manutenção'!D92 -> 6828.12 | F15: =ROUND(D15*E15,2) -> 6828.12 | G15: =ROUND(F15*12,2) -> 81937.44 | H15: =ROUND(G15*2,2) -> 163874.88
A16: 1.13. | B16: ='Quantidade de Cargo'!A16 -> Técnico de Suporte I | D16: ='Quantidade de Cargo'!E36 -> 1 | E16: ='Técnico de Suporte I'!D92 -> 7070.79 | F16: =ROUND(D16*E16,2) -> 7070.79 | G16: =ROUND(F16*12,2) -> 84849.48 | H16: =ROUND(G16*2,2) -> 169698.96
A17: 1.14. | B17: ='Quantidade de Cargo'!A17 -> Técnico de Suporte II | D17: ='Quantidade de Cargo'!E37 -> 1 | E17: ='Técnico de Suporte II'!D92 -> 8591.81 | F17: =ROUND(D17*E17,2) -> 8591.81 | G17: =ROUND(F17*12,2) -> 103101.72 | H17: =ROUND(G17*2,2) -> 206203.44
A18: Subtotal Item 1.0 (∑ dos subitens do item 1) R$ → | D18: =ROUND(SUM(D4:D17),2) -> 41 | E18: =ROUND(SUM(E4:E17),2) -> 86475.06 | F18: =ROUND(SUM(F4:F17),2) -> 227950.72 | G18: =ROUND(SUM(G4:G17),2) -> 2735408.6 | H18: =ROUND(SUM(H4:H17),2) -> 5470817.3
A20: 2.0 | B20: Custo por Demanda | F20: Vlr. Mensal R$ (f) | G20: Vlr. Anual R$ (g = f x 12 meses) | H20: Vlr. Bienal R$ (h = g x 2 anos)
A21: 2.1. | B21: Horas Extras | F21: ='Previsão de Hora-Extra'!F21 -> 747.98 | G21: =ROUND(F21*12,2) -> 8975.76 | H21: =ROUND(G21*2,2) -> 17951.52
A22: 2.2. | B22: Passagens | F22: =Passagens!F29 -> 730.16 | G22: =ROUND(F22*12,2) -> 8761.92 | H22: =ROUND(G22*2,2) -> 17523.84
A23: 2.3. | B23: Diárias | F23: =Diarias!F29 -> 1794.81 | G23: =ROUND(F23*12,2) -> 21537.72 | H23: =ROUND(G23*2,2) -> 43075.44
A24: Subtotal Item 2.0 R$ → | F24: =ROUND(SUM(F21:F23),2) -> 3272.95 | G24: =ROUND(SUM(G21:G23),2) -> 39275.4 | H24: =ROUND(SUM(H21:H23),2) -> 78550.8
A26: TOTAIS DO CONTRATO - MÃO DE OBRA + CUSTO POR DEMANDA
A27: TOTAL MENSAL (Item 1 + Item 2) R$ → | F27: =ROUND(F18+F24,2) -> 231223.67
A28: TOTAL ANUAL (Total Mensal X 12 Meses) R$ → | F28: =ROUND(F27*12,2) -> 2774684
A29: TOTAL BIANUAL (Total Mensal X 24 Meses) R$ → | F29: =ROUND(F27*24,2) -> 5549368.1
F32: =TODAY() -> 44823
A35: Elaborado por:
D36: RESPONSAVEL LEGAL

Sheet A. Departamento Pessoal
A1: PLANILHA ORÇAMENTÁRIA DE REFERÊNCIA DE FORMAÇÃO DE CUSTO DE MÃO DE OBRA
A2: Tipo de serviço: | B2: ='Quantidade de Cargo'!A4 -> Analista de Departamento Pessoal
A3: CBO: | B3: ='Salario Base'!B7 -> 4131-05
A4: Unidade de medida: | B4: Posto
A5: Quantidade total a contratar (em função da unidade de medida): | B5: 1
A6: Convenção Coletiva de Trabalho/Acordo/ Dissídio Coletivo de Trabalho: | B6: Convenção Coletiva de Trabalho (CCT) - Nº Registro no MTE: AM000546/2021 - Nº Processo: 13621.120880/2021-15 - Nº Solicitação: MR069260/2020
A8: MÃO DE OBRA VINCULADA À EXECUÇÃO CONTRATUAL
A9: SEÇÃO I - COMPOSIÇÃO DA REMUNERAÇÃO (R$)
A10: Composição da Remuneração | C10: % | D10: Valor (R$)
A11: Salário Base | C11: - | D11: ='Salario Base'!D7 -> 3053.88
A12: Outros | D12: =C12*D11/100 -> 0
A13: TOTAL DA REMUNERAÇÃO (R$) | D13: =ROUND(SUM(D11:D12),2) -> 3053.88
A15: SEÇÃO II - ENCARGOS SOCIAIS INCIDENTES SOBRE A REMUNERAÇÃO (R$)
A16: GRUPO A - ENCARGOS | C16: % | D16: Valor (R$)
A17: A.01 SEGURIDADE SOCIAL | C17: 0.2 | D17: =ROUND($D$13*C17,2) -> 610.78
A18: A.02 FGTS | C18: 0.08 | D18: =ROUND($D$13*C18,2) -> 244.31
A19: A.03 SESI/SESC | C19: 0.015 | D19: =ROUND($D$13*C19,2) -> 45.81
A20: A.04 SENAI/SENAC | C20: 0.01 | D20: =ROUND($D$13*C20,2) -> 30.54
A21: A.05 INCRA | C21: 0.002 | D21: =ROUND($D$13*C21,2) -> 6.11
A22: A.06 SEBRAE | C22: 0.006 | D22: =ROUND($D$13*C22,2) -> 18.32
A23: A.07 Salário Educação | C23: 0.025 | D23: =ROUND($D$13*C23,2) -> 76.35
A24: A.08 Riscos Ambientais do Trabalho – RAT x FAP | C24: 0.04 | D24: =ROUND($D$13*C24,2) -> 122.16
A25: TOTAL - GRUPO A - ENCARGOS | C25: =ROUND(SUM(C17:C24),5) -> 0.378 | D25: =ROUND(SUM(D17:D24),2) -> 1154.38
A27: GRUPO B | C27: % | D27: Valor (R$)
A28: B.01 13º Salário | C28: =ROUND(1/12,5) -> 0.08333 | D28: =ROUND($D$13*C28,2) -> 254.48
A29: B.02 Férias (incluindo 1/3 constitucional) | C29: =ROUND((1/3)/12,5) -> 0.02778 | D29: =ROUND($D$13*C29,2) -> 84.84
A30: B.03 Aviso Prévio Trabalhado | C30: =ROUND((((100% / 30) * 7) / 12),5) -> 0.01944 | D30: =ROUND($D$13*C30,2) -> 59.37
A31: B.04 Auxílio Doença | C31: =ROUND((5/30)/12,5) -> 0.01389 | D31: =ROUND($D$13*C31,2) -> 42.42
A32: B.05 Acidente de Trabalho | C32: =ROUND(((15/30/12)*0.08),5) -> 0.00333 | D32: =ROUND($D$13*C32,2) -> 10.17
A33: B.06 Faltas Legais | C33: =ROUND((1/30)/12,5) -> 0.00278 | D33: =ROUND($D$13*C33,2) -> 8.49
A34: B.07 Férias sobre Licença Maternidade | C34: =ROUND(0.1111*0.02*0.333,5) -> 0.00074 | D34: =ROUND($D$13*C34,2) -> 2.26
A35: B.08 Licença Paternidade | C35: =ROUND(((5/30)/12)*0.015,5) -> 0.00021 | D35: =ROUND($D$13*C35,2) -> 0.64
A36: B.09 Férias adquiridas (não usufruídas) | C36: =ROUND(1/12,5) -> 0.08333 | D36: =ROUND($D$13*C36,2) -> 254.48
A37: TOTAL - GRUPO B | C37: =ROUND(SUM(C28:C36),5) -> 0.23483 | D37: =ROUND(SUM(D28:D36),2) -> 717.15
A39: GRUPO C | C39: % | D39: Valor (R$)
A40: C.01 Aviso Prévio Indenizado | C40: =ROUND(1/12*5%,5) -> 0.00417 | D40: =ROUND($D$13*C40,2) -> 12.73
A41: C.02 Indenização Adicional | C41: =ROUND(0.02*(1/12),5) -> 0.00167 | D41: =ROUND($D$13*C41,2) -> 5.1
A42: C.03 Indenização (rescisão sem justa causa – multa de 40% do FGTS) | C42: =ROUND(40%*8%,5) -> 0.032 | D42: =ROUND($D$13*C42,2) -> 97.72
A43: TOTAL - GRUPO C | C43: =ROUND(SUM(C40:C42),5) -> 0.03784 | D43: =ROUND(SUM(D40:D42),2) -> 115.55
A45: GRUPO D | C45: % | D45: Valor (R$)
A46: D.01 Incidência dos encargos do grupo A sobre o grupo B | C46: =ROUND(C25*C37,5) -> 0.08877 | D46: =ROUND($D$13*C46,2) -> 271.09
A47: TOTAL - GRUPO D | C47: =ROUND(SUM(C46),5) -> 0.08877 | D47: =ROUND(SUM(D46),2) -> 271.09
A49: GRUPO E | C49: % | D49: Valor (R$)
A50: E.01 Incidência do FGTS sobre o aviso prévio indenizado | C50: =ROUND(8%*C40,5) -> 0.00033 | D50: =ROUND($D$13*C50,2) -> 1.01
A51: TOTAL - GRUPO E | C51: =ROUND(SUM(C50:C50),5) -> 0.00033 | D51: =ROUND(SUM(D50:D50),2) -> 1.01
A53: GRUPO F | C53: % | D53: Valor (R$)
A54: F.01 Incidência dos encargos do Grupo A sobre os valores constantes da base de cálculo referente ao salário maternidade | C54: =ROUND(C25*(13/12)*(4/12)*2/100,5) -> 0.00273 | D54: =ROUND($D$13*C54,2) -> 8.34
A55: TOTAL - GRUPO F | C55: =ROUND(SUM(C54),5) -> 0.00273 | D55: =ROUND(SUM(D54),2) -> 8.34
A56: TOTAL - ENCARGOS SOCIAIS (R$) | C56: =ROUND(C25+C37+C43+C47+C51+C55,5) -> 0.7425 | D56: =ROUND(D25+D37+D43+D47+D51+D55,2) -> 2267.52
A58: VALOR TOTAL DE REMUNERAÇÃO + ENCARGOS SOCIAIS (R$) | D58: =D13+D56 -> 5321.4
A60: SEÇÃO III - INSUMOS
A61: Insumos | C61: Referencia | D61: Valor (R$)
A62: Auxilio Alimentação | C62: 15 | D62: =ROUND(C62*22,2) -> 330
A63: Desconto do Auxilio Alimentação | C63: 0.1 | D63: =ROUND(D62*C63,2)*-1 -> -33
A64: Cesta Básica | C64: 100 | D64: =C64 -> 100
A65: Vale Transporte | C65: 3.8 | D65: =ROUND(C65*2*22,2) -> 167.2
A66: Desconto do Vale Transporte | C66: 0.06 | D66: =IF(D11*C66>D65,"-",ROUND(D11*C66,2)*-1) -> -
A67: Plano Odontológico | C67: 15 | D67: =C67 -> 15
A68: Assistência Social e Familiar | C68: 10 | D68: =C68 -> 10
A69: Programa de Qualificação Profissional | C69: 10 | D69: =C69 -> 10
A70: Uniforme | C70: - | D70: ='Uniforme Tipo I'!F13 -> 82.32
A71: Manutenção de Equipamento | C71: - | D71: ='Manutenção Equip.'!F7 -> 22.3
A72: TOTAL - INSUMOS (R$) | D72: =ROUND(SUM(D62:D70),2) -> 681.52
A74: TOTAL DE REMUNERAÇÃO + ENCARGOS SOCIAIS + INSUMOS (R$) | D74: =ROUND(D58+D72,2) -> 6002.92
A76: SEÇÃO IV - LDI E TRIBUTAÇÃO
A77: LUCRO E DESPESAS INDIRETAS (LDI) | C77: % | D77: Valor (R$)
A78: Despesas Administrativas/Operacionais | C78: 0.05 | D78: =ROUND(D74*C78,2) -> 300.15
A79: Lucro | C79: 0.1 | D79: =ROUND(D74*C79,2) -> 600.29
A80: TOTAL - LUCRO E DESPESAS INDIRETAS | C80: =ROUND(SUM(C78:C79),5) -> 0.15 | D80: =SUM(D78:D79) -> 900.44
A82: TOTAL DE REMUNERAÇÃO + ENCARGOS SOCIAIS + INSUMOS + INTRAJORNADA + LDI (R$) | D82: =ROUND(D74+D80,2) -> 6903.36
A84: BASE DE CÁLCULO PARA TRIBUTO | C84: =ROUND(1-(SUM(C87:C89)/1),5) -> 0.9135 | D84: =ROUND(D82/C84,2) -> 7557.04
A86: TRIBUTAÇÃO SOBRE FATURAMENTO | C86: % | D86: Valor (R$)
A87: ISS | C87: 0.05 | D87: =ROUND($D$84*C87,2) -> 377.85
A88: COFINS | C88: 0.03 | D88: =ROUND($D$84*C88,2) -> 226.71
A89: PIS | C89: 0.0065 | D89: =ROUND($D$84*C89,2) -> 49.12
A90: TOTAL - TRIBUTAÇÃO SOBRE FATURAMENTO | C90: =ROUND(SUM(C87:C89),5) -> 0.0865 | D90: =ROUND(SUM(D87:D89),2) -> 653.68
A92: PREÇO MENSAL PARA 1 (UM) EMPREGADO (R$) | D92: =ROUND(D82+D90,2) -> 7557.04
A93: PREÇO ANUAL PARA 1 (UM) POSTO (R$) - PREÇO MENSAL X 12 MESES | D93: =ROUND(D92*12,2) -> 90684.48
A95: Item | D95: %
A96: TOTAL - GRUPO A - ENCARGOS | D96: =C25 -> 0.378
A97: TOTAL - GRUPO B | D97: =C37 -> 0.23483
A98: TOTAL - GRUPO C | D98: =C43 -> 0.03784
A99: TOTAL - GRUPO D | D99: =C47 -> 0.08877
A100: TOTAL - GRUPO E | D100: =C51 -> 0.00033
A101: TOTAL - GRUPO F | D101: =C55 -> 0.00273
A102: TOTAL ENCARGOS SOCIAIS | D102: =ROUND(SUM(D96:D101),5) -> 0.7425
A104: Componentes | C104: R$ | D104: %
A105: I - COMPOSIÇÃO DE REMUNERAÇÃO | C105: =D13 -> 3053.88 | D105: =ROUND(C105/$C$109,5) -> 0.40411
A106: II - ENCARGOS SOCIAIS INCIDENTES SOBRE A REMUNERAÇÃO | C106: =D56 -> 2267.52 | D106: =ROUND(C106/$C$109,5) -> 0.30005
A107: III - INSUMOS | C107: =D72 -> 681.52 | D107: =ROUND(C107/$C$109,5) -> 0.09018
A108: IV - LDI E TRIBUTAÇÃO | C108: =ROUND(D80+D90,2) -> 1554.12 | D108: =ROUND(C108/$C$109,5) -> 0.20565
A109: TOTAL | C109: =ROUND(SUM(C105:C108),2) -> 7557.04 | D109: =ROUND(SUM(D105:D108),5) -> 0.99999

Sheet A. Jurídico
A1: PLANILHA ORÇAMENTÁRIA DE REFERÊNCIA DE FORMAÇÃO DE CUSTO DE MÃO DE OBRA
A2: Tipo de serviço: | B2: ='Quantidade de Cargo'!A5 -> Analista Jurídico
A3: CBO: | B3: ='Salario Base'!B8 -> 2410-05
A4: Unidade de medida: | B4: Posto
A5: Quantidade total a contratar (em função da unidade de medida): | B5: 1
A6: Convenção Coletiva de Trabalho/Acordo/ Dissídio Coletivo de Trabalho: | B6: Salario.com.br c/c Convenção Coletiva de Trabalho (CCT) - Nº Registro no MTE: AM000546/2021 - Nº Processo: 13621.120880/2021-15 - Nº Solicitação: MR069260/2020
A8: MÃO DE OBRA VINCULADA À EXECUÇÃO CONTRATUAL
A9: SEÇÃO I - COMPOSIÇÃO DA REMUNERAÇÃO (R$)
A10: Composição da Remuneração | C10: % | D10: Valor (R$)
A11: Salário Base | C11: - | D11: ='Salario Base'!C8 -> 3268.45
A12: Outros | D12: =C12*D11/100 -> 0
A13: TOTAL DA REMUNERAÇÃO (R$) | D13: =ROUND(SUM(D11:D12),2) -> 3268.45
A15: SEÇÃO II - ENCARGOS SOCIAIS INCIDENTES SOBRE A REMUNERAÇÃO (R$)
A16: GRUPO A - ENCARGOS | C16: % | D16: Valor (R$)
A17: A.01 SEGURIDADE SOCIAL | C17: 0.2 | D17: =ROUND($D$13*C17,2) -> 653.69
A18: A.02 FGTS | C18: 0.08 | D18: =ROUND($D$13*C18,2) -> 261.48
A19: A.03 SESI/SESC | C19: 0.015 | D19: =ROUND($D$13*C19,2) -> 49.03
A20: A.04 SENAI/SENAC | C20: 0.01 | D20: =ROUND($D$13*C20,2) -> 32.68
A21: A.05 INCRA | C21: 0.002 | D21: =ROUND($D$13*C21,2) -> 6.54
A22: A.06 SEBRAE | C22: 0.006 | D22: =ROUND($D$13*C22,2) -> 19.61
A23: A.07 Salário Educação | C23: 0.025 | D23: =ROUND($D$13*C23,2) -> 81.71
A24: A.08 Riscos Ambientais do Trabalho – RAT x FAP | C24: 0.02 | D24: =ROUND($D$13*C24,2) -> 65.37
A25: TOTAL - GRUPO A - ENCARGOS | C25: =ROUND(SUM(C17:C24),5) -> 0.358 | D25: =ROUND(SUM(D17:D24),2) -> 1170.11
A27: GRUPO B | C27: % | D27: Valor (R$)
A28: B.01 13º Salário | C28: =ROUND(1/12,5) -> 0.08333 | D28: =ROUND($D$13*C28,2) -> 272.36
A29: B.02 Férias (incluindo 1/3 constitucional) | C29: =ROUND((1/3)/12,5) -> 0.02778 | D29: =ROUND($D$13*C29,2) -> 90.8
A30: B.03 Aviso Prévio Trabalhado | C30: =ROUND((((100% / 30) * 7) / 12),5) -> 0.01944 | D30: =ROUND($D$13*C30,2) -> 63.54
A31: B.04 Auxílio Doença | C31: =ROUND((5/30)/12,5) -> 0.01389 | D31: =ROUND($D$13*C31,2) -> 45.4
A32: B.05 Acidente de Trabalho | C32: =ROUND(((15/30/12)*0.08),5) -> 0.00333 | D32: =ROUND($D$13*C32,2) -> 10.88
A33: B.06 Faltas Legais | C33: =ROUND((1/30)/12,5) -> 0.00278 | D33: =ROUND($D$13*C33,2) -> 9.09
A34: B.07 Férias sobre Licença Maternidade | C34: =ROUND(0.1111*0.02*0.333,5) -> 0.00074 | D34: =ROUND($D$13*C34,2) -> 2.42
A35: B.08 Licença Paternidade | C35: =ROUND(((5/30)/12)*0.015,5) -> 0.00021 | D35: =ROUND($D$13*C35,2) -> 0.69
A36: B.09 Férias adquiridas (não usufruídas) | C36: =ROUND(1/12,5) -> 0.08333 | D36: =ROUND($D$13*C36,2) -> 272.36
A37: TOTAL - GRUPO B | C37: =ROUND(SUM(C28:C36),5) -> 0.23483 | D37: =ROUND(SUM(D28:D36),2) -> 767.54
A39: GRUPO C | C39: % | D39: Valor (R$)
A40: C.01 Aviso Prévio Indenizado | C40: =ROUND(1/12*5%,5) -> 0.00417 | D40: =ROUND($D$13*C40,2) -> 13.63
A41: C.02 Indenização Adicional | C41: =ROUND(0.02*(1/12),5) -> 0.00167 | D41: =ROUND($D$13*C41,2) -> 5.46
A42: C.03 Indenização (rescisão sem justa causa – multa de 40% do FGTS) | C42: =ROUND(40%*8%,5) -> 0.032 | D42: =ROUND($D$13*C42,2) -> 104.59
A43: TOTAL - GRUPO C | C43: =ROUND(SUM(C40:C42),5) -> 0.03784 | D43: =ROUND(SUM(D40:D42),2) -> 123.68
A45: GRUPO D | C45: % | D45: Valor (R$)
A46: D.01 Incidência dos encargos do grupo A sobre o grupo B | C46: =ROUND(C25*C37,5) -> 0.08407 | D46: =ROUND($D$13*C46,2) -> 274.78
A47: TOTAL - GRUPO D | C47: =ROUND(SUM(C46),5) -> 0.08407 | D47: =ROUND(SUM(D46),2) -> 274.78
A49: GRUPO E | C49: % | D49: Valor (R$)
A50: E.01 Incidência do FGTS sobre o aviso prévio indenizado | C50: =ROUND(8%*C40,5) -> 0.00033 | D50: =ROUND($D$13*C50,2) -> 1.08
A51: TOTAL - GRUPO E | C51: =ROUND(SUM(C50:C50),5) -> 0.00033 | D51: =ROUND(SUM(D50:D50),2) -> 1.08
A53: GRUPO F | C53: % | D53: Valor (R$)
A54: F.01 Incidência dos encargos do Grupo A sobre os valores constantes da base de cálculo referente ao salário maternidade | C54: =ROUND(C25*(13/12)*(4/12)*2/100,5) -> 0.00259 | D54: =ROUND($D$13*C54,2) -> 8.47
A55: TOTAL - GRUPO F | C55: =ROUND(SUM(C54),5) -> 0.00259 | D55: =ROUND(SUM(D54),2) -> 8.47
A56: TOTAL - ENCARGOS SOCIAIS (R$) | C56: =ROUND(C25+C37+C43+C47+C51+C55,5) -> 0.71766 | D56: =ROUND(D25+D37+D43+D47+D51+D55,2) -> 2345.66
A58: VALOR TOTAL DE REMUNERAÇÃO + ENCARGOS SOCIAIS (R$) | D58: =D13+D56 -> 5614.11
A60: SEÇÃO III - INSUMOS
A61: Insumos | C61: Referencia | D61: Valor (R$)
A62: Auxilio Alimentação | C62: 15 | D62: =ROUND(C62*22,2) -> 330
A63: Desconto do Auxilio Alimentação | C63: 0.1 | D63: =ROUND(D62*C63,2)*-1 -> -33
A64: Cesta Básica | C64: 100 | D64: =C64 -> 100
A65: Vale Transporte | C65: 3.8 | D65: =ROUND(C65*2*22,2) -> 167.2
A66: Desconto do Vale Transporte | C66: 0.06 | D66: =IF(D11*C66>D65,"-",ROUND(D11*C66,2)*-1) -> -
A67: Plano Odontológico | C67: 15 | D67: =C67 -> 15
A68: Assistência Social e Familiar | C68: 10 | D68: =C68 -> 10
A69: Programa de Qualificação Profissional | C69: 10 | D69: =C69 -> 10
A70: Uniforme | C70: - | D70: ='Uniforme Tipo II'!F18 -> 186.21
A71: Manutenção de Equipamento | C71: - | D71: ='Manutenção Equip.'!F7 -> 22.3
A72: TOTAL - INSUMOS (R$) | D72: =ROUND(SUM(D62:D70),2) -> 785.41
A74: TOTAL DE REMUNERAÇÃO + ENCARGOS SOCIAIS + INSUMOS (R$) | D74: =ROUND(D58+D72,2) -> 6399.52
A76: SEÇÃO IV - LDI E TRIBUTAÇÃO
A77: LUCRO E DESPESAS INDIRETAS (LDI) | C77: % | D77: Valor (R$)
A78: Despesas Administrativas/Operacionais | C78: 0.05 | D78: =ROUND(D74*C78,2) -> 319.98
A79: Lucro | C79: 0.1 | D79: =ROUND(D74*C79,2) -> 639.95
A80: TOTAL - LUCRO E DESPESAS INDIRETAS | C80: =ROUND(SUM(C78:C79),5) -> 0.15 | D80: =SUM(D78:D79) -> 959.93
A82: TOTAL DE REMUNERAÇÃO + ENCARGOS SOCIAIS + INSUMOS + INTRAJORNADA + LDI (R$) | D82: =ROUND(D74+D80,2) -> 7359.45
A84: BASE DE CÁLCULO PARA TRIBUTO | C84: =ROUND(1-(SUM(C87:C89)/1),5) -> 0.9135 | D84: =ROUND(D82/C84,2) -> 8056.32
A86: TRIBUTAÇÃO SOBRE FATURAMENTO | C86: % | D86: Valor (R$)
A87: ISS | C87: 0.05 | D87: =ROUND($D$84*C87,2) -> 402.82
A88: COFINS | C88: 0.03 | D88: =ROUND($D$84*C88,2) -> 241.69
A89: PIS | C89: 0.0065 | D89: =ROUND($D$84*C89,2) -> 52.37
A90: TOTAL - TRIBUTAÇÃO SOBRE FATURAMENTO | C90: =ROUND(SUM(C87:C89),5) -> 0.0865 | D90: =ROUND(SUM(D87:D89),2) -> 696.88
A92: PREÇO MENSAL PARA 1 (UM) EMPREGADO (R$) | D92: =ROUND(D82+D90,2) -> 8056.33
A93: PREÇO ANUAL PARA 1 (UM) POSTO (R$) - PREÇO MENSAL X 12 MESES | D93: =ROUND(D92*12,2) -> 96675.96
A95: Item | D95: %
A96: TOTAL - GRUPO A - ENCARGOS | D96: =C25 -> 0.358
A97: TOTAL - GRUPO B | D97: =C37 -> 0.23483
A98: TOTAL - GRUPO C | D98: =C43 -> 0.03784
A99: TOTAL - GRUPO D | D99: =C47 -> 0.08407
A100: TOTAL - GRUPO E | D100: =C51 -> 0.00033
A101: TOTAL - GRUPO F | D101: =C55 -> 0.00259
A102: TOTAL ENCARGOS SOCIAIS | D102: =ROUND(SUM(D96:D101),5) -> 0.71766
A104: Componentes | C104: R$ | D104: %
A105: I - COMPOSIÇÃO DE REMUNERAÇÃO | C105: =D13 -> 3268.45 | D105: =ROUND(C105/$C$109,5) -> 0.4057
A106: II - ENCARGOS SOCIAIS INCIDENTES SOBRE A REMUNERAÇÃO | C106: =D56 -> 2345.66 | D106: =ROUND(C106/$C$109,5) -> 0.29116
A107: III - INSUMOS | C107: =D72 -> 785.41 | D107: =ROUND(C107/$C$109,5) -> 0.09749
A108: IV - LDI E TRIBUTAÇÃO | C108: =ROUND(D80+D90,2) -> 1656.81 | D108: =ROUND(C108/$C$109,5) -> 0.20565
A109: TOTAL | C109: =ROUND(SUM(C105:C108),2) -> 8056.33 | D109: =ROUND(SUM(D105:D108),5) -> 1

Sheet Arquivista
A1: PLANILHA ORÇAMENTÁRIA DE REFERÊNCIA DE FORMAÇÃO DE CUSTO DE MÃO DE OBRA
A2: Tipo de serviço: | B2: ='Quantidade de Cargo'!A6 -> Arquivista
A3: CBO: | B3: ='Salario Base'!B9 -> 2613-05
A4: Unidade de medida: | B4: Posto
A5: Quantidade total a contratar (em função da unidade de medida): | B5: 1
A6: Convenção Coletiva de Trabalho/Acordo/ Dissídio Coletivo de Trabalho: | B6: Salario.com.br c/c Convenção Coletiva de Trabalho (CCT) - Nº Registro no MTE: AM000546/2021 - Nº Processo: 13621.120880/2021-15 - Nº Solicitação: MR069260/2020
A8: MÃO DE OBRA VINCULADA À EXECUÇÃO CONTRATUAL
A9: SEÇÃO I - COMPOSIÇÃO DA REMUNERAÇÃO (R$)
A10: Composição da Remuneração | C10: % | D10: Valor (R$)
A11: Salário Base | C11: - | D11: ='Salario Base'!C9 -> 2418.58
A12: Outros | D12: =C12*D11/100 -> 0
A13: TOTAL DA REMUNERAÇÃO (R$) | D13: =ROUND(SUM(D11:D12),2) -> 2418.58
A15: SEÇÃO II - ENCARGOS SOCIAIS INCIDENTES SOBRE A REMUNERAÇÃO (R$)
A16: GRUPO A - ENCARGOS | C16: % | D16: Valor (R$)
A17: A.01 SEGURIDADE SOCIAL | C17: 0.2 | D17: =ROUND($D$13*C17,2) -> 483.72
A18: A.02 FGTS | C18: 0.08 | D18: =ROUND($D$13*C18,2) -> 193.49
A19: A.03 SESI/SESC | C19: 0.015 | D19: =ROUND($D$13*C19,2) -> 36.28
A20: A.04 SENAI/SENAC | C20: 0.01 | D20: =ROUND($D$13*C20,2) -> 24.19
A21: A.05 INCRA | C21: 0.002 | D21: =ROUND($D$13*C21,2) -> 4.84
A22: A.06 SEBRAE | C22: 0.006 | D22: =ROUND($D$13*C22,2) -> 14.51
A23: A.07 Salário Educação | C23: 0.025 | D23: =ROUND($D$13*C23,2) -> 60.46
A24: A.08 Riscos Ambientais do Trabalho – RAT x FAP | C24: 0.04 | D24: =ROUND($D$13*C24,2) -> 96.74
A25: TOTAL - GRUPO A - ENCARGOS | C25: =ROUND(SUM(C17:C24),5) -> 0.378 | D25: =ROUND(SUM(D17:D24),2) -> 914.23
A27: GRUPO B | C27: % | D27: Valor (R$)
A28: B.01 13º Salário | C28: =ROUND(1/12,5) -> 0.08333 | D28: =ROUND($D$13*C28,2) -> 201.54
A29: B.02 Férias (incluindo 1/3 constitucional) | C29: =ROUND((1/3)/12,5) -> 0.02778 | D29: =ROUND($D$13*C29,2) -> 67.19
A30: B.03 Aviso Prévio Trabalhado | C30: =ROUND((((100% / 30) * 7) / 12),5) -> 0.01944 | D30: =ROUND($D$13*C30,2) -> 47.02
A31: B.04 Auxílio Doença | C31: =ROUND((5/30)/12,5) -> 0.01389 | D31: =ROUND($D$13*C31,2) -> 33.59
A32: B.05 Acidente de Trabalho | C32: =ROUND(((15/30/12)*0.08),5) -> 0.00333 | D32: =ROUND($D$13*C32,2) -> 8.05
A33: B.06 Faltas Legais | C33: =ROUND((1/30)/12,5) -> 0.00278 | D33: =ROUND($D$13*C33,2) -> 6.72
A34: B.07 Férias sobre Licença Maternidade | C34: =ROUND(0.1111*0.02*0.333,5) -> 0.00074 | D34: =ROUND($D$13*C34,2) -> 1.79
A35: B.08 Licença Paternidade | C35: =ROUND(((5/30)/12)*0.015,5) -> 0.00021 | D35: =ROUND($D$13*C35,2) -> 0.51
A36: B.09 Férias adquiridas (não usufruídas) | C36: =ROUND(1/12,5) -> 0.08333 | D36: =ROUND($D$13*C36,2) -> 201.54
A37: TOTAL - GRUPO B | C37: =ROUND(SUM(C28:C36),5) -> 0.23483 | D37: =ROUND(SUM(D28:D36),2) -> 567.95
A39: GRUPO C | C39: % | D39: Valor (R$)
A40: C.01 Aviso Prévio Indenizado | C40: =ROUND(1/12*5%,5) -> 0.00417 | D40: =ROUND($D$13*C40,2) -> 10.09
A41: C.02 Indenização Adicional | C41: =ROUND(0.02*(1/12),5) -> 0.00167 | D41: =ROUND($D$13*C41,2) -> 4.04
A42: C.03 Indenização (rescisão sem justa causa – multa de 40% do FGTS) | C42: =ROUND(40%*8%,5) -> 0.032 | D42: =ROUND($D$13*C42,2) -> 77.39
A43: TOTAL - GRUPO C | C43: =ROUND(SUM(C40:C42),5) -> 0.03784 | D43: =ROUND(SUM(D40:D42),2) -> 91.52
A45: GRUPO D | C45: % | D45: Valor (R$)
A46: D.01 Incidência dos encargos do grupo A sobre o grupo B | C46: =ROUND(C25*C37,5) -> 0.08877 | D46: =ROUND($D$13*C46,2) -> 214.7
A47: TOTAL - GRUPO D | C47: =ROUND(SUM(C46),5) -> 0.08877 | D47: =ROUND(SUM(D46),2) -> 214.7
A49: GRUPO E | C49: % | D49: Valor (R$)
A50: E.01 Incidência do FGTS sobre o aviso prévio indenizado | C50: =ROUND(8%*C40,5) -> 0.00033 | D50: =ROUND($D$13*C50,2) -> 0.8
A51: TOTAL - GRUPO E | C51: =ROUND(SUM(C50:C50),5) -> 0.00033 | D51: =ROUND(SUM(D50:D50),2) -> 0.8
A53: GRUPO F | C53: % | D53: Valor (R$)
A54: F.01 Incidência dos encargos do Grupo A sobre os valores constantes da base de cálculo referente ao salário maternidade | C54: =ROUND(C25*(13/12)*(4/12)*2/100,5) -> 0.00273 | D54: =ROUND($D$13*C54,2) -> 6.6
A55: TOTAL - GRUPO F | C55: =ROUND(SUM(C54),5) -> 0.00273 | D55: =ROUND(SUM(D54),2) -> 6.6
A56: TOTAL - ENCARGOS SOCIAIS (R$) | C56: =ROUND(C25+C37+C43+C47+C51+C55,5) -> 0.7425 | D56: =ROUND(D25+D37+D43+D47+D51+D55,2) -> 1795.8
A58: VALOR TOTAL DE REMUNERAÇÃO + ENCARGOS SOCIAIS (R$) | D58: =D13+D56 -> 4214.38
A60: SEÇÃO III - INSUMOS
A61: Insumos | C61: Referencia | D61: Valor (R$)
A62: Auxilio Alimentação | C62: 15 | D62: =ROUND(C62*22,2) -> 330
A63: Desconto do Auxilio Alimentação | C63: 0.1 | D63: =ROUND(D62*C63,2)*-1 -> -33
A64: Cesta Básica | C64: 100 | D64: =C64 -> 100
A65: Vale Transporte | C65: 3.8 | D65: =ROUND(C65*2*22,2) -> 167.2
A66: Desconto do Vale Transporte | C66: 0.06 | D66: =IF(D11*C66>D65,"-",ROUND(D11*C66,2)*-1) -> -145.11
A67: Plano Odontológico | C67: 15 | D67: =C67 -> 15
A68: Assistência Social e Familiar | C68: 10 | D68: =C68 -> 10
A69: Programa de Qualificação Profissional | C69: 10 | D69: =C69 -> 10
A70: Uniforme | C70: - | D70: ='Uniforme Tipo I'!F13 -> 82.32
A71: Manutenção de Equipamento | C71: - | D71: ='Manutenção Equip.'!F7 -> 22.3
A72: TOTAL - INSUMOS (R$) | D72: =ROUND(SUM(D62:D70),2) -> 536.41
A74: TOTAL DE REMUNERAÇÃO + ENCARGOS SOCIAIS + INSUMOS (R$) | D74: =ROUND(D58+D72,2) -> 4750.79
A76: SEÇÃO IV - LDI E TRIBUTAÇÃO
A77: LUCRO E DESPESAS INDIRETAS (LDI) | C77: % | D77: Valor (R$)
A78: Despesas Administrativas/Operacionais | C78: 0.05 | D78: =ROUND(D74*C78,2) -> 237.54
A79: Lucro | C79: 0.1 | D79: =ROUND(D74*C79,2) -> 475.08
A80: TOTAL - LUCRO E DESPESAS INDIRETAS | C80: =ROUND(SUM(C78:C79),5) -> 0.15 | D80: =SUM(D78:D79) -> 712.62
A82: TOTAL DE REMUNERAÇÃO + ENCARGOS SOCIAIS + INSUMOS + INTRAJORNADA + LDI (R$) | D82: =ROUND(D74+D80,2) -> 5463.41
A84: BASE DE CÁLCULO PARA TRIBUTO | C84: =ROUND(1-(SUM(C87:C89)/1),5) -> 0.9135 | D84: =ROUND(D82/C84,2) -> 5980.74
A86: TRIBUTAÇÃO SOBRE FATURAMENTO | C86: % | D86: Valor (R$)
A87: ISS | C87: 0.05 | D87: =ROUND($D$84*C87,2) -> 299.04
A88: COFINS | C88: 0.03 | D88: =ROUND($D$84*C88,2) -> 179.42
A89: PIS | C89: 0.0065 | D89: =ROUND($D$84*C89,2) -> 38.87
A90: TOTAL - TRIBUTAÇÃO SOBRE FATURAMENTO | C90: =ROUND(SUM(C87:C89),5) -> 0.0865 | D90: =ROUND(SUM(D87:D89),2) -> 517.33
A92: PREÇO MENSAL PARA 1 (UM) EMPREGADO (R$) | D92: =ROUND(D82+D90,2) -> 5980.74
A93: PREÇO ANUAL PARA 1 (UM) POSTO (R$) - PREÇO MENSAL X 12 MESES | D93: =ROUND(D92*12,2) -> 71768.88
A95: Item | D95: %
A96: TOTAL - GRUPO A - ENCARGOS | D96: =C25 -> 0.378
A97: TOTAL - GRUPO B | D97: =C37 -> 0.23483
A98: TOTAL - GRUPO C | D98: =C43 -> 0.03784
A99: TOTAL - GRUPO D | D99: =C47 -> 0.08877
A100: TOTAL - GRUPO E | D100: =C51 -> 0.00033
A101: TOTAL - GRUPO F | D101: =C55 -> 0.00273
A102: TOTAL ENCARGOS SOCIAIS | D102: =ROUND(SUM(D96:D101),5) -> 0.7425
A104: Componentes | C104: R$ | D104: %
A105: I - COMPOSIÇÃO DE REMUNERAÇÃO | C105: =D13 -> 2418.58 | D105: =ROUND(C105/$C$109,5) -> 0.40439
A106: II - ENCARGOS SOCIAIS INCIDENTES SOBRE A REMUNERAÇÃO | C106: =D56 -> 1795.8 | D106: =ROUND(C106/$C$109,5) -> 0.30026
A107: III - INSUMOS | C107: =D72 -> 536.41 | D107: =ROUND(C107/$C$109,5) -> 0.08969
A108: IV - LDI E TRIBUTAÇÃO | C108: =ROUND(D80+D90,2) -> 1229.95 | D108: =ROUND(C108/$C$109,5) -> 0.20565
A109: TOTAL | C109: =ROUND(SUM(C105:C108),2) -> 5980.74 | D109: =ROUND(SUM(D105:D108),5) -> 0.99999

Sheet Assist. Administrativo I
A1: PLANILHA ORÇAMENTÁRIA DE REFERÊNCIA DE FORMAÇÃO DE CUSTO DE MÃO DE OBRA
A2: Tipo de serviço: | B2: ='Quantidade de Cargo'!A7 -> Assistente Administrativo I
A3: CBO: | B3: ='Salario Base'!B10 -> 4110-10
A4: Unidade de medida: | B4: Posto
A5: Quantidade total a contratar (em função da unidade de medida): | B5: 1
A6: Convenção Coletiva de Trabalho/Acordo/ Dissídio Coletivo de Trabalho: | B6: Convenção Coletiva de Trabalho (CCT) - Nº Registro no MTE: AM000546/2021 - Nº Processo: 13621.120880/2021-15 - Nº Solicitação: MR069260/2020
A8: MÃO DE OBRA VINCULADA À EXECUÇÃO CONTRATUAL
A9: SEÇÃO I - COMPOSIÇÃO DA REMUNERAÇÃO (R$)
A10: Composição da Remuneração | C10: % | D10: Valor (R$)
A11: Salário Base | C11: - | D11: ='Salario Base'!D10 -> 1560.18
A12: Outros | D12: =C12*D11/100 -> 0
A13: TOTAL DA REMUNERAÇÃO (R$) | D13: =ROUND(SUM(D11:D12),2) -> 1560.18
A15: SEÇÃO II - ENCARGOS SOCIAIS INCIDENTES SOBRE A REMUNERAÇÃO (R$)
A16: GRUPO A - ENCARGOS | C16: % | D16: Valor (R$)
A17: A.01 SEGURIDADE SOCIAL | C17: 0.2 | D17: =ROUND($D$13*C17,2) -> 312.04
A18: A.02 FGTS | C18: 0.08 | D18: =ROUND($D$13*C18,2) -> 124.81
A19: A.03 SESI/SESC | C19: 0.015 | D19: =ROUND($D$13*C19,2) -> 23.4
A20: A.04 SENAI/SENAC | C20: 0.01 | D20: =ROUND($D$13*C20,2) -> 15.6
A21: A.05 INCRA | C21: 0.002 | D21: =ROUND($D$13*C21,2) -> 3.12
A22: A.06 SEBRAE | C22: 0.006 | D22: =ROUND($D$13*C22,2) -> 9.36
A23: A.07 Salário Educação | C23: 0.025 | D23: =ROUND($D$13*C23,2) -> 39
A24: A.08 Riscos Ambientais do Trabalho – RAT x FAP | C24: 0.04 | D24: =ROUND($D$13*C24,2) -> 62.41
A25: TOTAL - GRUPO A - ENCARGOS | C25: =ROUND(SUM(C17:C24),5) -> 0.378 | D25: =ROUND(SUM(D17:D24),2) -> 589.74
A27: GRUPO B | C27: % | D27: Valor (R$)
A28: B.01 13º Salário | C28: =ROUND(1/12,5) -> 0.08333 | D28: =ROUND($D$13*C28,2) -> 130.01
A29: B.02 Férias (incluindo 1/3 constitucional) | C29: =ROUND((1/3)/12,5) -> 0.02778 | D29: =ROUND($D$13*C29,2) -> 43.34
A30: B.03 Aviso Prévio Trabalhado | C30: =ROUND((((100% / 30) * 7) / 12),5) -> 0.01944 | D30: =ROUND($D$13*C30,2) -> 30.33
A31: B.04 Auxílio Doença | C31: =ROUND((5/30)/12,5) -> 0.01389 | D31: =ROUND($D$13*C31,2) -> 21.67
A32: B.05 Acidente de Trabalho | C32: =ROUND(((15/30/12)*0.08),5) -> 0.00333 | D32: =ROUND($D$13*C32,2) -> 5.2
A33: B.06 Faltas Legais | C33: =ROUND((1/30)/12,5) -> 0.00278 | D33: =ROUND($D$13*C33,2) -> 4.34
A34: B.07 Férias sobre Licença Maternidade | C34: =ROUND(0.1111*0.02*0.333,5) -> 0.00074 | D34: =ROUND($D$13*C34,2) -> 1.15
A35: B.08 Licença Paternidade | C35: =ROUND(((5/30)/12)*0.015,5) -> 0.00021 | D35: =ROUND($D$13*C35,2) -> 0.33
A36: B.09 Férias adquiridas (não usufruídas) | C36: =ROUND(1/12,5) -> 0.08333 | D36: =ROUND($D$13*C36,2) -> 130.01
A37: TOTAL - GRUPO B | C37: =ROUND(SUM(C28:C36),5) -> 0.23483 | D37: =ROUND(SUM(D28:D36),2) -> 366.38
A39: GRUPO C | C39: % | D39: Valor (R$)
A40: C.01 Aviso Prévio Indenizado | C40: =ROUND(1/12*5%,5) -> 0.00417 | D40: =ROUND($D$13*C40,2) -> 6.51
A41: C.02 Indenização Adicional | C41: =ROUND(0.02*(1/12),5) -> 0.00167 | D41: =ROUND($D$13*C41,2) -> 2.61
A42: C.03 Indenização (rescisão sem justa causa – multa de 40% do FGTS) | C42: =ROUND(40%*8%,5) -> 0.032 | D42: =ROUND($D$13*C42,2) -> 49.93
A43: TOTAL - GRUPO C | C43: =ROUND(SUM(C40:C42),5) -> 0.03784 | D43: =ROUND(SUM(D40:D42),2) -> 59.05
A45: GRUPO D | C45: % | D45: Valor (R$)
A46: D.01 Incidência dos encargos do grupo A sobre o grupo B | C46: =ROUND(C25*C37,5) -> 0.08877 | D46: =ROUND($D$13*C46,2) -> 138.5
A47: TOTAL - GRUPO D | C47: =ROUND(SUM(C46),5) -> 0.08877 | D47: =ROUND(SUM(D46),2) -> 138.5
A49: GRUPO E | C49: % | D49: Valor (R$)
A50: E.01 Incidência do FGTS sobre o aviso prévio indenizado | C50: =ROUND(8%*C40,5) -> 0.00033 | D50: =ROUND($D$13*C50,2) -> 0.51
A51: TOTAL - GRUPO E | C51: =ROUND(SUM(C50:C50),5) -> 0.00033 | D51: =ROUND(SUM(D50:D50),2) -> 0.51
A53: GRUPO F | C53: % | D53: Valor (R$)
A54: F.01 Incidência dos encargos do Grupo A sobre os valores constantes da base de cálculo referente ao salário maternidade | C54: =ROUND(C25*(13/12)*(4/12)*2/100,5) -> 0.00273 | D54: =ROUND($D$13*C54,2) -> 4.26
A55: TOTAL - GRUPO F | C55: =ROUND(SUM(C54),5) -> 0.00273 | D55: =ROUND(SUM(D54),2) -> 4.26
A56: TOTAL - ENCARGOS SOCIAIS (R$) | C56: =ROUND(C25+C37+C43+C47+C51+C55,5) -> 0.7425 | D56: =ROUND(D25+D37+D43+D47+D51+D55,2) -> 1158.44
A58: VALOR TOTAL DE REMUNERAÇÃO + ENCARGOS SOCIAIS (R$) | D58: =D13+D56 -> 2718.62
A60: SEÇÃO III - INSUMOS
A61: Insumos | C61: Referencia | D61: Valor (R$)
A62: Auxilio Alimentação | C62: 15 | D62: =ROUND(C62*22,2) -> 330
A63: Desconto do Auxilio Alimentação | C63: 0.1 | D63: =ROUND(D62*C63,2)*-1 -> -33
A64: Cesta Básica | C64: 100 | D64: =C64 -> 100
A65: Vale Transporte | C65: 3.8 | D65: =ROUND(C65*2*22,2) -> 167.2
A66: Desconto do Vale Transporte | C66: 0.06 | D66: =IF(D11*C66>D65,"-",ROUND(D11*C66,2)*-1) -> -93.61
A67: Plano Odontológico | C67: 15 | D67: =C67 -> 15
A68: Assistência Social e Familiar | C68: 10 | D68: =C68 -> 10
A69: Programa de Qualificação Profissional | C69: 10 | D69: =C69 -> 10
A70: Uniforme | C70: - | D70: ='Uniforme Tipo I'!F13 -> 82.32
A71: Manutenção de Equipamento | C71: - | D71: ='Manutenção Equip.'!F7 -> 22.3
A72: TOTAL - INSUMOS (R$) | D72: =ROUND(SUM(D62:D70),2) -> 587.91
A74: TOTAL DE REMUNERAÇÃO + ENCARGOS SOCIAIS + INSUMOS (R$) | D74: =ROUND(D58+D72,2) -> 3306.53
A76: SEÇÃO IV - LDI E TRIBUTAÇÃO
A77: LUCRO E DESPESAS INDIRETAS (LDI) | C77: % | D77: Valor (R$)
A78: Despesas Administrativas/Operacionais | C78: 0.05 | D78: =ROUND(D74*C78,2) -> 165.33
A79: Lucro | C79: 0.1 | D79: =ROUND(D74*C79,2) -> 330.65
A80: TOTAL - LUCRO E DESPESAS INDIRETAS | C80: =ROUND(SUM(C78:C79),5) -> 0.15 | D80: =SUM(D78:D79) -> 495.98
A82: TOTAL DE REMUNERAÇÃO + ENCARGOS SOCIAIS + INSUMOS + INTRAJORNADA + LDI (R$) | D82: =ROUND(D74+D80,2) -> 3802.51
A84: BASE DE CÁLCULO PARA TRIBUTO | C84: =ROUND(1-(SUM(C87:C89)/1),5) -> 0.9135 | D84: =ROUND(D82/C84,2) -> 4162.57
A86: TRIBUTAÇÃO SOBRE FATURAMENTO | C86: % | D86: Valor (R$)
A87: ISS | C87: 0.05 | D87: =ROUND($D$84*C87,2) -> 208.13
A88: COFINS | C88: 0.03 | D88: =ROUND($D$84*C88,2) -> 124.88
A89: PIS | C89: 0.0065 | D89: =ROUND($D$84*C89,2) -> 27.06
A90: TOTAL - TRIBUTAÇÃO SOBRE FATURAMENTO | C90: =ROUND(SUM(C87:C89),5) -> 0.0865 | D90: =ROUND(SUM(D87:D89),2) -> 360.07
A92: PREÇO MENSAL PARA 1 (UM) EMPREGADO (R$) | D92: =ROUND(D82+D90,2) -> 4162.58
A93: PREÇO ANUAL PARA 1 (UM) POSTO (R$) - PREÇO MENSAL X 12 MESES | D93: =ROUND(D92*12,2) -> 49950.96
A95: Item | D95: %
A96: TOTAL - GRUPO A - ENCARGOS | D96: =C25 -> 0.378
A97: TOTAL - GRUPO B | D97: =C37 -> 0.23483
A98: TOTAL - GRUPO C | D98: =C43 -> 0.03784
A99: TOTAL - GRUPO D | D99: =C47 -> 0.08877
A100: TOTAL - GRUPO E | D100: =C51 -> 0.00033
A101: TOTAL - GRUPO F | D101: =C55 -> 0.00273
A102: TOTAL ENCARGOS SOCIAIS | D102: =ROUND(SUM(D96:D101),5) -> 0.7425
A104: Componentes | C104: R$ | D104: %
A105: I - COMPOSIÇÃO DE REMUNERAÇÃO | C105: =D13 -> 1560.18 | D105: =ROUND(C105/$C$109,5) -> 0.37481
A106: II - ENCARGOS SOCIAIS INCIDENTES SOBRE A REMUNERAÇÃO | C106: =D56 -> 1158.44 | D106: =ROUND(C106/$C$109,5) -> 0.2783
A107: III - INSUMOS | C107: =D72 -> 587.91 | D107: =ROUND(C107/$C$109,5) -> 0.14124
A108: IV - LDI E TRIBUTAÇÃO | C108: =ROUND(D80+D90,2) -> 856.05 | D108: =ROUND(C108/$C$109,5) -> 0.20565
A109: TOTAL | C109: =ROUND(SUM(C105:C108),2) -> 4162.58 | D109: =ROUND(SUM(D105:D108),5) -> 1

Sheet Assist. Administrativo II
A1: PLANILHA ORÇAMENTÁRIA DE REFERÊNCIA DE FORMAÇÃO DE CUSTO DE MÃO DE OBRA
A2: Tipo de serviço: | B2: ='Quantidade de Cargo'!A8 -> Assistente Administrativo II
A3: CBO: | B3: ='Salario Base'!B11 -> 4110-10
A4: Unidade de medida: | B4: Posto
A5: Quantidade total a contratar (em função da unidade de medida): | B5: 1
A6: Convenção Coletiva de Trabalho/Acordo/ Dissídio Coletivo de Trabalho: | B6: Convenção Coletiva de Trabalho (CCT) - Nº Registro no MTE: AM000546/2021 - Nº Processo: 13621.120880/2021-15 - Nº Solicitação: MR069260/2020
A8: MÃO DE OBRA VINCULADA À EXECUÇÃO CONTRATUAL
A9: SEÇÃO I - COMPOSIÇÃO DA REMUNERAÇÃO (R$)
A10: Composição da Remuneração | C10: % | D10: Valor (R$)
A11: Salário Base | C11: - | D11: ='Salario Base'!D11 -> 2700.5
A12: Outros | D12: =C12*D11/100 -> 0
A13: TOTAL DA REMUNERAÇÃO (R$) | D13: =ROUND(SUM(D11:D12),2) -> 2700.5
A15: SEÇÃO II - ENCARGOS SOCIAIS INCIDENTES SOBRE A REMUNERAÇÃO (R$)
A16: GRUPO A - ENCARGOS | C16: % | D16: Valor (R$)
A17: A.01 SEGURIDADE SOCIAL | C17: 0.2 | D17: =ROUND($D$13*C17,2) -> 540.1
A18: A.02 FGTS | C18: 0.08 | D18: =ROUND($D$13*C18,2) -> 216.04
A19: A.03 SESI/SESC | C19: 0.015 | D19: =ROUND($D$13*C19,2) -> 40.51
A20: A.04 SENAI/SENAC | C20: 0.01 | D20: =ROUND($D$13*C20,2) -> 27.01
A21: A.05 INCRA | C21: 0.002 | D21: =ROUND($D$13*C21,2) -> 5.4
A22: A.06 SEBRAE | C22: 0.006 | D22: =ROUND($D$13*C22,2) -> 16.2
A23: A.07 Salário Educação | C23: 0.025 | D23: =ROUND($D$13*C23,2) -> 67.51
A24: A.08 Riscos Ambientais do Trabalho – RAT x FAP | C24: 0.04 | D24: =ROUND($D$13*C24,2) -> 108.02
A25: TOTAL - GRUPO A - ENCARGOS | C25: =ROUND(SUM(C17:C24),5) -> 0.378 | D25: =ROUND(SUM(D17:D24),2) -> 1020.79
A27: GRUPO B | C27: % | D27: Valor (R$)
A28: B.01 13º Salário | C28: =ROUND(1/12,5) -> 0.08333 | D28: =ROUND($D$13*C28,2) -> 225.03
A29: B.02 Férias (incluindo 1/3 constitucional) | C29: =ROUND((1/3)/12,5) -> 0.02778 | D29: =ROUND($D$13*C29,2) -> 75.02
A30: B.03 Aviso Prévio Trabalhado | C30: =ROUND((((100% / 30) * 7) / 12),5) -> 0.01944 | D30: =ROUND($D$13*C30,2) -> 52.5
A31: B.04 Auxílio Doença | C31: =ROUND((5/30)/12,5) -> 0.01389 | D31: =ROUND($D$13*C31,2) -> 37.51
A32: B.05 Acidente de Trabalho | C32: =ROUND(((15/30/12)*0.08),5) -> 0.00333 | D32: =ROUND($D$13*C32,2) -> 8.99
A33: B.06 Faltas Legais | C33: =ROUND((1/30)/12,5) -> 0.00278 | D33: =ROUND($D$13*C33,2) -> 7.51
A34: B.07 Férias sobre Licença Maternidade | C34: =ROUND(0.1111*0.02*0.333,5) -> 0.00074 | D34: =ROUND($D$13*C34,2) -> 2
A35: B.08 Licença Paternidade | C35: =ROUND(((5/30)/12)*0.015,5) -> 0.00021 | D35: =ROUND($D$13*C35,2) -> 0.57
A36: B.09 Férias adquiridas (não usufruídas) | C36: =ROUND(1/12,5) -> 0.08333 | D36: =ROUND($D$13*C36,2) -> 225.03
A37: TOTAL - GRUPO B | C37: =ROUND(SUM(C28:C36),5) -> 0.23483 | D37: =ROUND(SUM(D28:D36),2) -> 634.16
A39: GRUPO C | C39: % | D39: Valor (R$)
A40: C.01 Aviso Prévio Indenizado | C40: =ROUND(1/12*5%,5) -> 0.00417 | D40: =ROUND($D$13*C40,2) -> 11.26
A41: C.02 Indenização Adicional | C41: =ROUND(0.02*(1/12),5) -> 0.00167 | D41: =ROUND($D$13*C41,2) -> 4.51
A42: C.03 Indenização (rescisão sem justa causa – multa de 40% do FGTS) | C42: =ROUND(40%*8%,5) -> 0.032 | D42: =ROUND($D$13*C42,2) -> 86.42
A43: TOTAL - GRUPO C | C43: =ROUND(SUM(C40:C42),5) -> 0.03784 | D43: =ROUND(SUM(D40:D42),2) -> 102.19
A45: GRUPO D | C45: % | D45: Valor (R$)
A46: D.01 Incidência dos encargos do grupo A sobre o grupo B | C46: =ROUND(C25*C37,5) -> 0.08877 | D46: =ROUND($D$13*C46,2) -> 239.72
A47: TOTAL - GRUPO D | C47: =ROUND(SUM(C46),5) -> 0.08877 | D47: =ROUND(SUM(D46),2) -> 239.72
A49: GRUPO E | C49: % | D49: Valor (R$)
A50: E.01 Incidência do FGTS sobre o aviso prévio indenizado | C50: =ROUND(8%*C40,5) -> 0.00033 | D50: =ROUND($D$13*C50,2) -> 0.89
A51: TOTAL - GRUPO E | C51: =ROUND(SUM(C50:C50),5) -> 0.00033 | D51: =ROUND(SUM(D50:D50),2) -> 0.89
A53: GRUPO F | C53: % | D53: Valor (R$)
A54: F.01 Incidência dos encargos do Grupo A sobre os valores constantes da base de cálculo referente ao salário maternidade | C54: =ROUND(C25*(13/12)*(4/12)*2/100,5) -> 0.00273 | D54: =ROUND($D$13*C54,2) -> 7.37
A55: TOTAL - GRUPO F | C55: =ROUND(SUM(C54),5) -> 0.00273 | D55: =ROUND(SUM(D54),2) -> 7.37
A56: TOTAL - ENCARGOS SOCIAIS (R$) | C56: =ROUND(C25+C37+C43+C47+C51+C55,5) -> 0.7425 | D56: =ROUND(D25+D37+D43+D47+D51+D55,2) -> 2005.12
A58: VALOR TOTAL DE REMUNERAÇÃO + ENCARGOS SOCIAIS (R$) | D58: =D13+D56 -> 4705.62
A60: SEÇÃO III - INSUMOS
A61: Insumos | C61: Referencia | D61: Valor (R$)
A62: Auxilio Alimentação | C62: 15 | D62: =ROUND(C62*22,2) -> 330
A63: Desconto do Auxilio Alimentação | C63: 0.1 | D63: =ROUND(D62*C63,2)*-1 -> -33
A64: Cesta Básica | C64: 100 | D64: =C64 -> 100
A65: Vale Transporte | C65: 3.8 | D65: =ROUND(C65*2*22,2) -> 167.2
A66: Desconto do Vale Transporte | C66: 0.06 | D66: =IF(D11*C66>D65,"-",ROUND(D11*C66,2)*-1) -> -162.03
A67: Plano Odontológico | C67: 15 | D67: =C67 -> 15
A68: Assistência Social e Familiar | C68: 10 | D68: =C68 -> 10
A69: Programa de Qualificação Profissional | C69: 10 | D69: =C69 -> 10
A70: Uniforme | C70: - | D70: ='Uniforme Tipo I'!F13 -> 82.32
A71: Manutenção de Equipamento | C71: - | D71: ='Manutenção Equip.'!F7 -> 22.3
A72: TOTAL - INSUMOS (R$) | D72: =ROUND(SUM(D62:D70),2) -> 519.49
A74: TOTAL DE REMUNERAÇÃO + ENCARGOS SOCIAIS + INSUMOS (R$) | D74: =ROUND(D58+D72,2) -> 5225.11
A76: SEÇÃO IV - LDI E TRIBUTAÇÃO
A77: LUCRO E DESPESAS INDIRETAS (LDI) | C77: % | D77: Valor (R$)
A78: Despesas Administrativas/Operacionais | C78: 0.05 | D78: =ROUND(D74*C78,2) -> 261.26
A79: Lucro | C79: 0.1 | D79: =ROUND(D74*C79,2) -> 522.51
A80: TOTAL - LUCRO E DESPESAS INDIRETAS | C80: =ROUND(SUM(C78:C79),5) -> 0.15 | D80: =SUM(D78:D79) -> 783.77
A82: TOTAL DE REMUNERAÇÃO + ENCARGOS SOCIAIS + INSUMOS + INTRAJORNADA + LDI (R$) | D82: =ROUND(D74+D80,2) -> 6008.88
A84: BASE DE CÁLCULO PARA TRIBUTO | C84: =ROUND(1-(SUM(C87:C89)/1),5) -> 0.9135 | D84: =ROUND(D82/C84,2) -> 6577.87
A86: TRIBUTAÇÃO SOBRE FATURAMENTO | C86: % | D86: Valor (R$)
A87: ISS | C87: 0.05 | D87: =ROUND($D$84*C87,2) -> 328.89
A88: COFINS | C88: 0.03 | D88: =ROUND($D$84*C88,2) -> 197.34
A89: PIS | C89: 0.0065 | D89: =ROUND($D$84*C89,2) -> 42.76
A90: TOTAL - TRIBUTAÇÃO SOBRE FATURAMENTO | C90: =ROUND(SUM(C87:C89),5) -> 0.0865 | D90: =ROUND(SUM(D87:D89),2) -> 568.99
A92: PREÇO MENSAL PARA 1 (UM) EMPREGADO (R$) | D92: =ROUND(D82+D90,2) -> 6577.87
A93: PREÇO ANUAL PARA 1 (UM) POSTO (R$) - PREÇO MENSAL X 12 MESES | D93: =ROUND(D92*12,2) -> 78934.44
A95: Item | D95: %
A96: TOTAL - GRUPO A - ENCARGOS | D96: =C25 -> 0.378
A97: TOTAL - GRUPO B | D97: =C37 -> 0.23483
A98: TOTAL - GRUPO C | D98: =C43 -> 0.03784
A99: TOTAL - GRUPO D | D99: =C47 -> 0.08877
A100: TOTAL - GRUPO E | D100: =C51 -> 0.00033
A101: TOTAL - GRUPO F | D101: =C55 -> 0.00273
A102: TOTAL ENCARGOS SOCIAIS | D102: =ROUND(SUM(D96:D101),5) -> 0.7425
A104: Componentes | C104: R$ | D104: %
A105: I - COMPOSIÇÃO DE REMUNERAÇÃO | C105: =D13 -> 2700.5 | D105: =ROUND(C105/$C$109,5) -> 0.41054
A106: II - ENCARGOS SOCIAIS INCIDENTES SOBRE A REMUNERAÇÃO | C106: =D56 -> 2005.12 | D106: =ROUND(C106/$C$109,5) -> 0.30483
A107: III - INSUMOS | C107: =D72 -> 519.49 | D107: =ROUND(C107/$C$109,5) -> 0.07898
A108: IV - LDI E TRIBUTAÇÃO | C108: =ROUND(D80+D90,2) -> 1352.76 | D108: =ROUND(C108/$C$109,5) -> 0.20565
A109: TOTAL | C109: =ROUND(SUM(C105:C108),2) -> 6577.87 | D109: =ROUND(SUM(D105:D108),5) -> 1

Sheet Assist. Contábil II
A1: PLANILHA ORÇAMENTÁRIA DE REFERÊNCIA DE FORMAÇÃO DE CUSTO DE MÃO DE OBRA
A2: Tipo de serviço: | B2: ='Quantidade de Cargo'!A9 -> Assistente Contábil II
A3: CBO: | B3: ='Salario Base'!B12 -> 4131-10
A4: Unidade de medida: | B4: Posto
A5: Quantidade total a contratar (em função da unidade de medida): | B5: 1
A6: Convenção Coletiva de Trabalho/Acordo/ Dissídio Coletivo de Trabalho: | B6: Convenção Coletiva de Trabalho (CCT) - Nº Registro no MTE: AM000546/2021 - Nº Processo: 13621.120880/2021-15 - Nº Solicitação: MR069260/2020
A8: MÃO DE OBRA VINCULADA À EXECUÇÃO CONTRATUAL
A9: SEÇÃO I - COMPOSIÇÃO DA REMUNERAÇÃO (R$)
A10: Composição da Remuneração | C10: % | D10: Valor (R$)
A11: Salário Base | C11: - | D11: ='Salario Base'!D12 -> 2700.5
A12: Outros | D12: =C12*D11/100 -> 0
A13: TOTAL DA REMUNERAÇÃO (R$) | D13: =ROUND(SUM(D11:D12),2) -> 2700.5
A15: SEÇÃO II - ENCARGOS SOCIAIS INCIDENTES SOBRE A REMUNERAÇÃO (R$)
A16: GRUPO A - ENCARGOS | C16: % | D16: Valor (R$)
A17: A.01 SEGURIDADE SOCIAL | C17: 0.2 | D17: =ROUND($D$13*C17,2) -> 540.1
A18: A.02 FGTS | C18: 0.08 | D18: =ROUND($D$13*C18,2) -> 216.04
A19: A.03 SESI/SESC | C19: 0.015 | D19: =ROUND($D$13*C19,2) -> 40.51
A20: A.04 SENAI/SENAC | C20: 0.01 | D20: =ROUND($D$13*C20,2) -> 27.01
A21: A.05 INCRA | C21: 0.002 | D21: =ROUND($D$13*C21,2) -> 5.4
A22: A.06 SEBRAE | C22: 0.006 | D22: =ROUND($D$13*C22,2) -> 16.2
A23: A.07 Salário Educação | C23: 0.025 | D23: =ROUND($D$13*C23,2) -> 67.51
A24: A.08 Riscos Ambientais do Trabalho – RAT x FAP | C24: 0.04 | D24: =ROUND($D$13*C24,2) -> 108.02
A25: TOTAL - GRUPO A - ENCARGOS | C25: =ROUND(SUM(C17:C24),5) -> 0.378 | D25: =ROUND(SUM(D17:D24),2) -> 1020.79
A27: GRUPO B | C27: % | D27: Valor (R$)
A28: B.01 13º Salário | C28: =ROUND(1/12,5) -> 0.08333 | D28: =ROUND($D$13*C28,2) -> 225.03
A29: B.02 Férias (incluindo 1/3 constitucional) | C29: =ROUND((1/3)/12,5) -> 0.02778 | D29: =ROUND($D$13*C29,2) -> 75.02
A30: B.03 Aviso Prévio Trabalhado | C30: =ROUND((((100% / 30) * 7) / 12),5) -> 0.01944 | D30: =ROUND($D$13*C30,2) -> 52.5
A31: B.04 Auxílio Doença | C31: =ROUND((5/30)/12,5) -> 0.01389 | D31: =ROUND($D$13*C31,2) -> 37.51
A32: B.05 Acidente de Trabalho | C32: =ROUND(((15/30/12)*0.08),5) -> 0.00333 | D32: =ROUND($D$13*C32,2) -> 8.99
A33: B.06 Faltas Legais | C33: =ROUND((1/30)/12,5) -> 0.00278 | D33: =ROUND($D$13*C33,2) -> 7.51
A34: B.07 Férias sobre Licença Maternidade | C34: =ROUND(0.1111*0.02*0.333,5) -> 0.00074 | D34: =ROUND($D$13*C34,2) -> 2
A35: B.08 Licença Paternidade | C35: =ROUND(((5/30)/12)*0.015,5) -> 0.00021 | D35: =ROUND($D$13*C35,2) -> 0.57
A36: B.09 Férias adquiridas (não usufruídas) | C36: =ROUND(1/12,5) -> 0.08333 | D36: =ROUND($D$13*C36,2) -> 225.03
A37: TOTAL - GRUPO B | C37: =ROUND(SUM(C28:C36),5) -> 0.23483 | D37: =ROUND(SUM(D28:D36),2) -> 634.16
A39: GRUPO C | C39: % | D39: Valor (R$)
A40: C.01 Aviso Prévio Indenizado | C40: =ROUND(1/12*5%,5) -> 0.00417 | D40: =ROUND($D$13*C40,2) -> 11.26
A41: C.02 Indenização Adicional | C41: =ROUND(0.02*(1/12),5) -> 0.00167 | D41: =ROUND($D$13*C41,2) -> 4.51
A42: C.03 Indenização (rescisão sem justa causa – multa de 40% do FGTS) | C42: =ROUND(40%*8%,5) -> 0.032 | D42: =ROUND($D$13*C42,2) -> 86.42
A43: TOTAL - GRUPO C | C43: =ROUND(SUM(C40:C42),5) -> 0.03784 | D43: =ROUND(SUM(D40:D42),2) -> 102.19
A45: GRUPO D | C45: % | D45: Valor (R$)
A46: D.01 Incidência dos encargos do grupo A sobre o grupo B | C46: =ROUND(C25*C37,5) -> 0.08877 | D46: =ROUND($D$13*C46,2) -> 239.72
A47: TOTAL - GRUPO D | C47: =ROUND(SUM(C46),5) -> 0.08877 | D47: =ROUND(SUM(D46),2) -> 239.72
A49: GRUPO E | C49: % | D49: Valor (R$)
A50: E.01 Incidência do FGTS sobre o aviso prévio indenizado | C50: =ROUND(8%*C40,5) -> 0.00033 | D50: =ROUND($D$13*C50,2) -> 0.89
A51: TOTAL - GRUPO E | C51: =ROUND(SUM(C50:C50),5) -> 0.00033 | D51: =ROUND(SUM(D50:D50),2) -> 0.89
A53: GRUPO F | C53: % | D53: Valor (R$)
A54: F.01 Incidência dos encargos do Grupo A sobre os valores constantes da base de cálculo referente ao salário maternidade | C54: =ROUND(C25*(13/12)*(4/12)*2/100,5) -> 0.00273 | D54: =ROUND($D$13*C54,2) -> 7.37
A55: TOTAL - GRUPO F | C55: =ROUND(SUM(C54),5) -> 0.00273 | D55: =ROUND(SUM(D54),2) -> 7.37
A56: TOTAL - ENCARGOS SOCIAIS (R$) | C56: =ROUND(C25+C37+C43+C47+C51+C55,5) -> 0.7425 | D56: =ROUND(D25+D37+D43+D47+D51+D55,2) -> 2005.12
A58: VALOR TOTAL DE REMUNERAÇÃO + ENCARGOS SOCIAIS (R$) | D58: =D13+D56 -> 4705.62
A60: SEÇÃO III - INSUMOS
A61: Insumos | C61: Referencia | D61: Valor (R$)
A62: Auxilio Alimentação | C62: 15 | D62: =ROUND(C62*22,2) -> 330
A63: Desconto do Auxilio Alimentação | C63: 0.1 | D63: =ROUND(D62*C63,2)*-1 -> -33
A64: Cesta Básica | C64: 100 | D64: =C64 -> 100
A65: Vale Transporte | C65: 3.8 | D65: =ROUND(C65*2*22,2) -> 167.2
A66: Desconto do Vale Transporte | C66: 0.06 | D66: =IF(D11*C66>D65,"-",ROUND(D11*C66,2)*-1) -> -162.03
A67: Plano Odontológico | C67: 15 | D67: =C67 -> 15
A68: Assistência Social e Familiar | C68: 10 | D68: =C68 -> 10
A69: Programa de Qualificação Profissional | C69: 10 | D69: =C69 -> 10
A70: Uniforme | C70: - | D70: ='Uniforme Tipo I'!F13 -> 82.32
A71: Manutenção de Equipamento | C71: - | D71: ='Manutenção Equip.'!F7 -> 22.3
A72: TOTAL - INSUMOS (R$) | D72: =ROUND(SUM(D62:D70),2) -> 519.49
A74: TOTAL DE REMUNERAÇÃO + ENCARGOS SOCIAIS + INSUMOS (R$) | D74: =ROUND(D58+D72,2) -> 5225.11
A76: SEÇÃO IV - LDI E TRIBUTAÇÃO
A77: LUCRO E DESPESAS INDIRETAS (LDI) | C77: % | D77: Valor (R$)
A78: Despesas Administrativas/Operacionais | C78: 0.05 | D78: =ROUND(D74*C78,2) -> 261.26
A79: Lucro | C79: 0.1 | D79: =ROUND(D74*C79,2) -> 522.51
A80: TOTAL - LUCRO E DESPESAS INDIRETAS | C80: =ROUND(SUM(C78:C79),5) -> 0.15 | D80: =SUM(D78:D79) -> 783.77
A82: TOTAL DE REMUNERAÇÃO + ENCARGOS SOCIAIS + INSUMOS + INTRAJORNADA + LDI (R$) | D82: =ROUND(D74+D80,2) -> 6008.88
A84: BASE DE CÁLCULO PARA TRIBUTO | C84: =ROUND(1-(SUM(C87:C89)/1),5) -> 0.9135 | D84: =ROUND(D82/C84,2) -> 6577.87
A86: TRIBUTAÇÃO SOBRE FATURAMENTO | C86: % | D86: Valor (R$)
A87: ISS | C87: 0.05 | D87: =ROUND($D$84*C87,2) -> 328.89
A88: COFINS | C88: 0.03 | D88: =ROUND($D$84*C88,2) -> 197.34
A89: PIS | C89: 0.0065 | D89: =ROUND($D$84*C89,2) -> 42.76
A90: TOTAL - TRIBUTAÇÃO SOBRE FATURAMENTO | C90: =ROUND(SUM(C87:C89),5) -> 0.0865 | D90: =ROUND(SUM(D87:D89),2) -> 568.99
A92: PREÇO MENSAL PARA 1 (UM) EMPREGADO (R$) | D92: =ROUND(D82+D90,2) -> 6577.87
A93: PREÇO ANUAL PARA 1 (UM) POSTO (R$) - PREÇO MENSAL X 12 MESES | D93: =ROUND(D92*12,2) -> 78934.44
A95: Item | D95: %
A96: TOTAL - GRUPO A - ENCARGOS | D96: =C25 -> 0.378
A97: TOTAL - GRUPO B | D97: =C37 -> 0.23483
A98: TOTAL - GRUPO C | D98: =C43 -> 0.03784
A99: TOTAL - GRUPO D | D99: =C47 -> 0.08877
A100: TOTAL - GRUPO E | D100: =C51 -> 0.00033
A101: TOTAL - GRUPO F | D101: =C55 -> 0.00273
A102: TOTAL ENCARGOS SOCIAIS | D102: =ROUND(SUM(D96:D101),5) -> 0.7425
A104: Componentes | C104: R$ | D104: %
A105: I - COMPOSIÇÃO DE REMUNERAÇÃO | C105: =D13 -> 2700.5 | D105: =ROUND(C105/$C$109,5) -> 0.41054
A106: II - ENCARGOS SOCIAIS INCIDENTES SOBRE A REMUNERAÇÃO | C106: =D56 -> 2005.12 | D106: =ROUND(C106/$C$109,5) -> 0.30483
A107: III - INSUMOS | C107: =D72 -> 519.49 | D107: =ROUND(C107/$C$109,5) -> 0.07898
A108: IV - LDI E TRIBUTAÇÃO | C108: =ROUND(D80+D90,2) -> 1352.76 | D108: =ROUND(C108/$C$109,5) -> 0.20565
A109: TOTAL | C109: =ROUND(SUM(C105:C108),2) -> 6577.87 | D109: =ROUND(SUM(D105:D108),5) -> 1

Sheet Assist. Comunicação
A1: PLANILHA ORÇAMENTÁRIA DE REFERÊNCIA DE FORMAÇÃO DE CUSTO DE MÃO DE OBRA
A2: Tipo de serviço: | B2: ='Quantidade de Cargo'!A10 -> Assistente de Comunicação
A3: CBO: | B3: ='Salario Base'!B13 -> 1423-35
A4: Unidade de medida: | B4: Posto
A5: Quantidade total a contratar (em função da unidade de medida): | B5: 1
A6: Convenção Coletiva de Trabalho/Acordo/ Dissídio Coletivo de Trabalho: | B6: Salario.com.br c/c Convenção Coletiva de Trabalho (CCT) - Nº Registro no MTE: AM000546/2021 - Nº Processo: 13621.120880/2021-15 - Nº Solicitação: MR069260/2020
A8: MÃO DE OBRA VINCULADA À EXECUÇÃO CONTRATUAL
A9: SEÇÃO I - COMPOSIÇÃO DA REMUNERAÇÃO (R$)
A10: Composição da Remuneração | C10: % | D10: Valor (R$)
A11: Salário Base | C11: - | D11: ='Salario Base'!C13 -> 2489.83
A12: Outros | D12: =C12*D11/100 -> 0
A13: TOTAL DA REMUNERAÇÃO (R$) | D13: =ROUND(SUM(D11:D12),2) -> 2489.83
A15: SEÇÃO II - ENCARGOS SOCIAIS INCIDENTES SOBRE A REMUNERAÇÃO (R$)
A16: GRUPO A - ENCARGOS | C16: % | D16: Valor (R$)
A17: A.01 SEGURIDADE SOCIAL | C17: 0.2 | D17: =ROUND($D$13*C17,2) -> 497.97
A18: A.02 FGTS | C18: 0.08 | D18: =ROUND($D$13*C18,2) -> 199.19
A19: A.03 SESI/SESC | C19: 0.015 | D19: =ROUND($D$13*C19,2) -> 37.35
A20: A.04 SENAI/SENAC | C20: 0.01 | D20: =ROUND($D$13*C20,2) -> 24.9
A21: A.05 INCRA | C21: 0.002 | D21: =ROUND($D$13*C21,2) -> 4.98
A22: A.06 SEBRAE | C22: 0.006 | D22: =ROUND($D$13*C22,2) -> 14.94
A23: A.07 Salário Educação | C23: 0.025 | D23: =ROUND($D$13*C23,2) -> 62.25
A24: A.08 Riscos Ambientais do Trabalho – RAT x FAP | C24: 0.04 | D24: =ROUND($D$13*C24,2) -> 99.59
A25: TOTAL - GRUPO A - ENCARGOS | C25: =ROUND(SUM(C17:C24),5) -> 0.378 | D25: =ROUND(SUM(D17:D24),2) -> 941.17
A27: GRUPO B | C27: % | D27: Valor (R$)
A28: B.01 13º Salário | C28: =ROUND(1/12,5) -> 0.08333 | D28: =ROUND($D$13*C28,2) -> 207.48
A29: B.02 Férias (incluindo 1/3 constitucional) | C29: =ROUND((1/3)/12,5) -> 0.02778 | D29: =ROUND($D$13*C29,2) -> 69.17
A30: B.03 Aviso Prévio Trabalhado | C30: =ROUND((((100% / 30) * 7) / 12),5) -> 0.01944 | D30: =ROUND($D$13*C30,2) -> 48.4
A31: B.04 Auxílio Doença | C31: =ROUND((5/30)/12,5) -> 0.01389 | D31: =ROUND($D$13*C31,2) -> 34.58
A32: B.05 Acidente de Trabalho | C32: =ROUND(((15/30/12)*0.08),5) -> 0.00333 | D32: =ROUND($D$13*C32,2) -> 8.29
A33: B.06 Faltas Legais | C33: =ROUND((1/30)/12,5) -> 0.00278 | D33: =ROUND($D$13*C33,2) -> 6.92
A34: B.07 Férias sobre Licença Maternidade | C34: =ROUND(0.1111*0.02*0.333,5) -> 0.00074 | D34: =ROUND($D$13*C34,2) -> 1.84
A35: B.08 Licença Paternidade | C35: =ROUND(((5/30)/12)*0.015,5) -> 0.00021 | D35: =ROUND($D$13*C35,2) -> 0.52
A36: B.09 Férias adquiridas (não usufruídas) | C36: =ROUND(1/12,5) -> 0.08333 | D36: =ROUND($D$13*C36,2) -> 207.48
A37: TOTAL - GRUPO B | C37: =ROUND(SUM(C28:C36),5) -> 0.23483 | D37: =ROUND(SUM(D28:D36),2) -> 584.68
A39: GRUPO C | C39: % | D39: Valor (R$)
A40: C.01 Aviso Prévio Indenizado | C40: =ROUND(1/12*5%,5) -> 0.00417 | D40: =ROUND($D$13*C40,2) -> 10.38
A41: C.02 Indenização Adicional | C41: =ROUND(0.02*(1/12),5) -> 0.00167 | D41: =ROUND($D$13*C41,2) -> 4.16
A42: C.03 Indenização (rescisão sem justa causa – multa de 40% do FGTS) | C42: =ROUND(40%*8%,5) -> 0.032 | D42: =ROUND($D$13*C42,2) -> 79.67
A43: TOTAL - GRUPO C | C43: =ROUND(SUM(C40:C42),5) -> 0.03784 | D43: =ROUND(SUM(D40:D42),2) -> 94.21
A45: GRUPO D | C45: % | D45: Valor (R$)
A46: D.01 Incidência dos encargos do grupo A sobre o grupo B | C46: =ROUND(C25*C37,5) -> 0.08877 | D46: =ROUND($D$13*C46,2) -> 221.02
A47: TOTAL - GRUPO D | C47: =ROUND(SUM(C46),5) -> 0.08877 | D47: =ROUND(SUM(D46),2) -> 221.02
A49: GRUPO E | C49: % | D49: Valor (R$)
A50: E.01 Incidência do FGTS sobre o aviso prévio indenizado | C50: =ROUND(8%*C40,5) -> 0.00033 | D50: =ROUND($D$13*C50,2) -> 0.82
A51: TOTAL - GRUPO E | C51: =ROUND(SUM(C50:C50),5) -> 0.00033 | D51: =ROUND(SUM(D50:D50),2) -> 0.82
A53: GRUPO F | C53: % | D53: Valor (R$)
A54: F.01 Incidência dos encargos do Grupo A sobre os valores constantes da base de cálculo referente ao salário maternidade | C54: =ROUND(C25*(13/12)*(4/12)*2/100,5) -> 0.00273 | D54: =ROUND($D$13*C54,2) -> 6.8
A55: TOTAL - GRUPO F | C55: =ROUND(SUM(C54),5) -> 0.00273 | D55: =ROUND(SUM(D54),2) -> 6.8
A56: TOTAL - ENCARGOS SOCIAIS (R$) | C56: =ROUND(C25+C37+C43+C47+C51+C55,5) -> 0.7425 | D56: =ROUND(D25+D37+D43+D47+D51+D55,2) -> 1848.7
A58: VALOR TOTAL DE REMUNERAÇÃO + ENCARGOS SOCIAIS (R$) | D58: =D13+D56 -> 4338.53
A60: SEÇÃO III - INSUMOS
A61: Insumos | C61: Referencia | D61: Valor (R$)
A62: Auxilio Alimentação | C62: 15 | D62: =ROUND(C62*22,2) -> 330
A63: Desconto do Auxilio Alimentação | C63: 0.1 | D63: =ROUND(D62*C63,2)*-1 -> -33
A64: Cesta Básica | C64: 100 | D64: =C64 -> 100
A65: Vale Transporte | C65: 3.8 | D65: =ROUND(C65*2*22,2) -> 167.2
A66: Desconto do Vale Transporte | C66: 0.06 | D66: =IF(D11*C66>D65,"-",ROUND(D11*C66,2)*-1) -> -149.39
A67: Plano Odontológico | C67: 15 | D67: =C67 -> 15
A68: Assistência Social e Familiar | C68: 10 | D68: =C68 -> 10
A69: Programa de Qualificação Profissional | C69: 10 | D69: =C69 -> 10
A70: Uniforme | C70: - | D70: ='Uniforme Tipo I'!F13 -> 82.32
A71: Manutenção de Equipamento | C71: - | D71: ='Manutenção Equip.'!F7 -> 22.3
A72: TOTAL - INSUMOS (R$) | D72: =ROUND(SUM(D62:D70),2) -> 532.13
A74: TOTAL DE REMUNERAÇÃO + ENCARGOS SOCIAIS + INSUMOS (R$) | D74: =ROUND(D58+D72,2) -> 4870.66
A76: SEÇÃO IV - LDI E TRIBUTAÇÃO
A77: LUCRO E DESPESAS INDIRETAS (LDI) | C77: % | D77: Valor (R$)
A78: Despesas Administrativas/Operacionais | C78: 0.05 | D78: =ROUND(D74*C78,2) -> 243.53
A79: Lucro | C79: 0.1 | D79: =ROUND(D74*C79,2) -> 487.07
A80: TOTAL - LUCRO E DESPESAS INDIRETAS | C80: =ROUND(SUM(C78:C79),5) -> 0.15 | D80: =SUM(D78:D79) -> 730.6
A82: TOTAL DE REMUNERAÇÃO + ENCARGOS SOCIAIS + INSUMOS + INTRAJORNADA + LDI (R$) | D82: =ROUND(D74+D80,2) -> 5601.26
A84: BASE DE CÁLCULO PARA TRIBUTO | C84: =ROUND(1-(SUM(C87:C89)/1),5) -> 0.9135 | D84: =ROUND(D82/C84,2) -> 6131.65
A86: TRIBUTAÇÃO SOBRE FATURAMENTO | C86: % | D86: Valor (R$)
A87: ISS | C87: 0.05 | D87: =ROUND($D$84*C87,2) -> 306.58
A88: COFINS | C88: 0.03 | D88: =ROUND($D$84*C88,2) -> 183.95
A89: PIS | C89: 0.0065 | D89: =ROUND($D$84*C89,2) -> 39.86
A90: TOTAL - TRIBUTAÇÃO SOBRE FATURAMENTO | C90: =ROUND(SUM(C87:C89),5) -> 0.0865 | D90: =ROUND(SUM(D87:D89),2) -> 530.39
A92: PREÇO MENSAL PARA 1 (UM) EMPREGADO (R$) | D92: =ROUND(D82+D90,2) -> 6131.65
A93: PREÇO ANUAL PARA 1 (UM) POSTO (R$) - PREÇO MENSAL X 12 MESES | D93: =ROUND(D92*12,2) -> 73579.8
A95: Item | D95: %
A96: TOTAL - GRUPO A - ENCARGOS | D96: =C25 -> 0.378
A97: TOTAL - GRUPO B | D97: =C37 -> 0.23483
A98: TOTAL - GRUPO C | D98: =C43 -> 0.03784
A99: TOTAL - GRUPO D | D99: =C47 -> 0.08877
A100: TOTAL - GRUPO E | D100: =C51 -> 0.00033
A101: TOTAL - GRUPO F | D101: =C55 -> 0.00273
A102: TOTAL ENCARGOS SOCIAIS | D102: =ROUND(SUM(D96:D101),5) -> 0.7425
A104: Componentes | C104: R$ | D104: %
A105: I - COMPOSIÇÃO DE REMUNERAÇÃO | C105: =D13 -> 2489.83 | D105: =ROUND(C105/$C$109,5) -> 0.40606
A106: II - ENCARGOS SOCIAIS INCIDENTES SOBRE A REMUNERAÇÃO | C106: =D56 -> 1848.7 | D106: =ROUND(C106/$C$109,5) -> 0.3015
A107: III - INSUMOS | C107: =D72 -> 532.13 | D107: =ROUND(C107/$C$109,5) -> 0.08678
A108: IV - LDI E TRIBUTAÇÃO | C108: =ROUND(D80+D90,2) -> 1260.99 | D108: =ROUND(C108/$C$109,5) -> 0.20565
A109: TOTAL | C109: =ROUND(SUM(C105:C108),2) -> 6131.65 | D109: =ROUND(SUM(D105:D108),5) -> 0.99999

Sheet Assist. Financeiro I
A1: PLANILHA ORÇAMENTÁRIA DE REFERÊNCIA DE FORMAÇÃO DE CUSTO DE MÃO DE OBRA
A2: Tipo de serviço: | B2: ='Quantidade de Cargo'!A11 -> Assistente Financeiro I
A3: CBO: | B3: ='Salario Base'!B14 -> 4110-10
A4: Unidade de medida: | B4: Posto
A5: Quantidade total a contratar (em função da unidade de medida): | B5: 1
A6: Convenção Coletiva de Trabalho/Acordo/ Dissídio Coletivo de Trabalho: | B6: Convenção Coletiva de Trabalho (CCT) - Nº Registro no MTE: AM000546/2021 - Nº Processo: 13621.120880/2021-15 - Nº Solicitação: MR069260/2020
A8: MÃO DE OBRA VINCULADA À EXECUÇÃO CONTRATUAL
A9: SEÇÃO I - COMPOSIÇÃO DA REMUNERAÇÃO (R$)
A10: Composição da Remuneração | C10: % | D10: Valor (R$)
A11: Salário Base | C11: - | D11: ='Salario Base'!D14 -> 1560.18
A12: Outros | D12: =C12*D11/100 -> 0
A13: TOTAL DA REMUNERAÇÃO (R$) | D13: =ROUND(SUM(D11:D12),2) -> 1560.18
A15: SEÇÃO II - ENCARGOS SOCIAIS INCIDENTES SOBRE A REMUNERAÇÃO (R$)
A16: GRUPO A - ENCARGOS | C16: % | D16: Valor (R$)
A17: A.01 SEGURIDADE SOCIAL | C17: 0.2 | D17: =ROUND($D$13*C17,2) -> 312.04
A18: A.02 FGTS | C18: 0.08 | D18: =ROUND($D$13*C18,2) -> 124.81
A19: A.03 SESI/SESC | C19: 0.015 | D19: =ROUND($D$13*C19,2) -> 23.4
A20: A.04 SENAI/SENAC | C20: 0.01 | D20: =ROUND($D$13*C20,2) -> 15.6
A21: A.05 INCRA | C21: 0.002 | D21: =ROUND($D$13*C21,2) -> 3.12
A22: A.06 SEBRAE | C22: 0.006 | D22: =ROUND($D$13*C22,2) -> 9.36
A23: A.07 Salário Educação | C23: 0.025 | D23: =ROUND($D$13*C23,2) -> 39
A24: A.08 Riscos Ambientais do Trabalho – RAT x FAP | C24: 0.04 | D24: =ROUND($D$13*C24,2) -> 62.41
A25: TOTAL - GRUPO A - ENCARGOS | C25: =ROUND(SUM(C17:C24),5) -> 0.378 | D25: =ROUND(SUM(D17:D24),2) -> 589.74
A27: GRUPO B | C27: % | D27: Valor (R$)
A28: B.01 13º Salário | C28: =ROUND(1/12,5) -> 0.08333 | D28: =ROUND($D$13*C28,2) -> 130.01
A29: B.02 Férias (incluindo 1/3 constitucional) | C29: =ROUND((1/3)/12,5) -> 0.02778 | D29: =ROUND($D$13*C29,2) -> 43.34
A30: B.03 Aviso Prévio Trabalhado | C30: =ROUND((((100% / 30) * 7) / 12),5) -> 0.01944 | D30: =ROUND($D$13*C30,2) -> 30.33
A31: B.04 Auxílio Doença | C31: =ROUND((5/30)/12,5) -> 0.01389 | D31: =ROUND($D$13*C31,2) -> 21.67
A32: B.05 Acidente de Trabalho | C32: =ROUND(((15/30/12)*0.08),5) -> 0.00333 | D32: =ROUND($D$13*C32,2) -> 5.2
A33: B.06 Faltas Legais | C33: =ROUND((1/30)/12,5) -> 0.00278 | D33: =ROUND($D$13*C33,2) -> 4.34
A34: B.07 Férias sobre Licença Maternidade | C34: =ROUND(0.1111*0.02*0.333,5) -> 0.00074 | D34: =ROUND($D$13*C34,2) -> 1.15
A35: B.08 Licença Paternidade | C35: =ROUND(((5/30)/12)*0.015,5) -> 0.00021 | D35: =ROUND($D$13*C35,2) -> 0.33
A36: B.09 Férias adquiridas (não usufruídas) | C36: =ROUND(1/12,5) -> 0.08333 | D36: =ROUND($D$13*C36,2) -> 130.01
A37: TOTAL - GRUPO B | C37: =ROUND(SUM(C28:C36),5) -> 0.23483 | D37: =ROUND(SUM(D28:D36),2) -> 366.38
A39: GRUPO C | C39: % | D39: Valor (R$)
A40: C.01 Aviso Prévio Indenizado | C40: =ROUND(1/12*5%,5) -> 0.00417 | D40: =ROUND($D$13*C40,2) -> 6.51
A41: C.02 Indenização Adicional | C41: =ROUND(0.02*(1/12),5) -> 0.00167 | D41: =ROUND($D$13*C41,2) -> 2.61
A42: C.03 Indenização (rescisão sem justa causa – multa de 40% do FGTS) | C42: =ROUND(40%*8%,5) -> 0.032 | D42: =ROUND($D$13*C42,2) -> 49.93
A43: TOTAL - GRUPO C | C43: =ROUND(SUM(C40:C42),5) -> 0.03784 | D43: =ROUND(SUM(D40:D42),2) -> 59.05
A45: GRUPO D | C45: % | D45: Valor (R$)
A46: D.01 Incidência dos encargos do grupo A sobre o grupo B | C46: =ROUND(C25*C37,5) -> 0.08877 | D46: =ROUND($D$13*C46,2) -> 138.5
A47: TOTAL - GRUPO D | C47: =ROUND(SUM(C46),5) -> 0.08877 | D47: =ROUND(SUM(D46),2) -> 138.5
A49: GRUPO E | C49: % | D49: Valor (R$)
A50: E.01 Incidência do FGTS sobre o aviso prévio indenizado | C50: =ROUND(8%*C40,5) -> 0.00033 | D50: =ROUND($D$13*C50,2) -> 0.51
A51: TOTAL - GRUPO E | C51: =ROUND(SUM(C50:C50),5) -> 0.00033 | D51: =ROUND(SUM(D50:D50),2) -> 0.51
A53: GRUPO F | C53: % | D53: Valor (R$)
A54: F.01 Incidência dos encargos do Grupo A sobre os valores constantes da base de cálculo referente ao salário maternidade | C54: =ROUND(C25*(13/12)*(4/12)*2/100,5) -> 0.00273 | D54: =ROUND($D$13*C54,2) -> 4.26
A55: TOTAL - GRUPO F | C55: =ROUND(SUM(C54),5) -> 0.00273 | D55: =ROUND(SUM(D54),2) -> 4.26
A56: TOTAL - ENCARGOS SOCIAIS (R$) | C56: =ROUND(C25+C37+C43+C47+C51+C55,5) -> 0.7425 | D56: =ROUND(D25+D37+D43+D47+D51+D55,2) -> 1158.44
A58: VALOR TOTAL DE REMUNERAÇÃO + ENCARGOS SOCIAIS (R$) | D58: =D13+D56 -> 2718.62
A60: SEÇÃO III - INSUMOS
A61: Insumos | C61: Referencia | D61: Valor (R$)
A62: Auxilio Alimentação | C62: 15 | D62: =ROUND(C62*22,2) -> 330
A63: Desconto do Auxilio Alimentação | C63: 0.1 | D63: =ROUND(D62*C63,2)*-1 -> -33
A64: Cesta Básica | C64: 100 | D64: =C64 -> 100
A65: Vale Transporte | C65: 3.8 | D65: =ROUND(C65*2*22,2) -> 167.2
A66: Desconto do Vale Transporte | C66: 0.06 | D66: =IF(D11*C66>D65,"-",ROUND(D11*C66,2)*-1) -> -93.61
A67: Plano Odontológico | C67: 15 | D67: =C67 -> 15
A68: Assistência Social e Familiar | C68: 10 | D68: =C68 -> 10
A69: Programa de Qualificação Profissional | C69: 10 | D69: =C69 -> 10
A70: Uniforme | C70: - | D70: ='Uniforme Tipo I'!F13 -> 82.32
A71: Manutenção de Equipamento | C71: - | D71: ='Manutenção Equip.'!F7 -> 22.3
A72: TOTAL - INSUMOS (R$) | D72: =ROUND(SUM(D62:D70),2) -> 587.91
A74: TOTAL DE REMUNERAÇÃO + ENCARGOS SOCIAIS + INSUMOS (R$) | D74: =ROUND(D58+D72,2) -> 3306.53
A76: SEÇÃO IV - LDI E TRIBUTAÇÃO
A77: LUCRO E DESPESAS INDIRETAS (LDI) | C77: % | D77: Valor (R$)
A78: Despesas Administrativas/Operacionais | C78: 0.05 | D78: =ROUND(D74*C78,2) -> 165.33
A79: Lucro | C79: 0.1 | D79: =ROUND(D74*C79,2) -> 330.65
A80: TOTAL - LUCRO E DESPESAS INDIRETAS | C80: =ROUND(SUM(C78:C79),5) -> 0.15 | D80: =SUM(D78:D79) -> 495.98
A82: TOTAL DE REMUNERAÇÃO + ENCARGOS SOCIAIS + INSUMOS + INTRAJORNADA + LDI (R$) | D82: =ROUND(D74+D80,2) -> 3802.51
A84: BASE DE CÁLCULO PARA TRIBUTO | C84: =ROUND(1-(SUM(C87:C89)/1),5) -> 0.9135 | D84: =ROUND(D82/C84,2) -> 4162.57
A86: TRIBUTAÇÃO SOBRE FATURAMENTO | C86: % | D86: Valor (R$)
A87: ISS | C87: 0.05 | D87: =ROUND($D$84*C87,2) -> 208.13
A88: COFINS | C88: 0.03 | D88: =ROUND($D$84*C88,2) -> 124.88
A89: PIS | C89: 0.0065 | D89: =ROUND($D$84*C89,2) -> 27.06
A90: TOTAL - TRIBUTAÇÃO SOBRE FATURAMENTO | C90: =ROUND(SUM(C87:C89),5) -> 0.0865 | D90: =ROUND(SUM(D87:D89),2) -> 360.07
A92: PREÇO MENSAL PARA 1 (UM) EMPREGADO (R$) | D92: =ROUND(D82+D90,2) -> 4162.58
A93: PREÇO ANUAL PARA 1 (UM) POSTO (R$) - PREÇO MENSAL X 12 MESES | D93: =ROUND(D92*12,2) -> 49950.96
A95: Item | D95: %
A96: TOTAL - GRUPO A - ENCARGOS | D96: =C25 -> 0.378
A97: TOTAL - GRUPO B | D97: =C37 -> 0.23483
A98: TOTAL - GRUPO C | D98: =C43 -> 0.03784
A99: TOTAL - GRUPO D | D99: =C47 -> 0.08877
A100: TOTAL - GRUPO E | D100: =C51 -> 0.00033
A101: TOTAL - GRUPO F | D101: =C55 -> 0.00273
A102: TOTAL ENCARGOS SOCIAIS | D102: =ROUND(SUM(D96:D101),5) -> 0.7425
A104: Componentes | C104: R$ | D104: %
A105: I - COMPOSIÇÃO DE REMUNERAÇÃO | C105: =D13 -> 1560.18 | D105: =ROUND(C105/$C$109,5) -> 0.37481
A106: II - ENCARGOS SOCIAIS INCIDENTES SOBRE A REMUNERAÇÃO | C106: =D56 -> 1158.44 | D106: =ROUND(C106/$C$109,5) -> 0.2783
A107: III - INSUMOS | C107: =D72 -> 587.91 | D107: =ROUND(C107/$C$109,5) -> 0.14124
A108: IV - LDI E TRIBUTAÇÃO | C108: =ROUND(D80+D90,2) -> 856.05 | D108: =ROUND(C108/$C$109,5) -> 0.20565
A109: TOTAL | C109: =ROUND(SUM(C105:C108),2) -> 4162.58 | D109: =ROUND(SUM(D105:D108),5) -> 1

Sheet Copeiro II
A1: PLANILHA ORÇAMENTÁRIA DE REFERÊNCIA DE FORMAÇÃO DE CUSTO DE MÃO DE OBRA
A2: Tipo de serviço: | B2: ='Quantidade de Cargo'!A12 -> Copeiro II
A3: CBO: | B3: ='Salario Base'!B15 -> 5134-25
A4: Unidade de medida: | B4: Posto
A5: Quantidade total a contratar (em função da unidade de medida): | B5: 1
A6: Convenção Coletiva de Trabalho/Acordo/ Dissídio Coletivo de Trabalho: | B6: Salario.com.br c/c Convenção Coletiva de Trabalho (CCT) - Nº Registro no MTE: AM000546/2021 - Nº Processo: 13621.120880/2021-15 - Nº Solicitação: MR069260/2020
A8: MÃO DE OBRA VINCULADA À EXECUÇÃO CONTRATUAL
A9: SEÇÃO I - COMPOSIÇÃO DA REMUNERAÇÃO (R$)
A10: Composição da Remuneração | C10: % | D10: Valor (R$)
A11: Salário Base | C11: - | D11: ='Salario Base'!C15 -> 1415.83
A12: Outros | D12: =C12*D11/100 -> 0
A13: TOTAL DA REMUNERAÇÃO (R$) | D13: =ROUND(SUM(D11:D12),2) -> 1415.83
A15: SEÇÃO II - ENCARGOS SOCIAIS INCIDENTES SOBRE A REMUNERAÇÃO (R$)
A16: GRUPO A - ENCARGOS | C16: % | D16: Valor (R$)
A17: A.01 SEGURIDADE SOCIAL | C17: 0.2 | D17: =ROUND($D$13*C17,2) -> 283.17
A18: A.02 FGTS | C18: 0.08 | D18: =ROUND($D$13*C18,2) -> 113.27
A19: A.03 SESI/SESC | C19: 0.015 | D19: =ROUND($D$13*C19,2) -> 21.24
A20: A.04 SENAI/SENAC | C20: 0.01 | D20: =ROUND($D$13*C20,2) -> 14.16
A21: A.05 INCRA | C21: 0.002 | D21: =ROUND($D$13*C21,2) -> 2.83
A22: A.06 SEBRAE | C22: 0.006 | D22: =ROUND($D$13*C22,2) -> 8.49
A23: A.07 Salário Educação | C23: 0.025 | D23: =ROUND($D$13*C23,2) -> 35.4
A24: A.08 Riscos Ambientais do Trabalho – RAT x FAP | C24: 0.06 | D24: =ROUND($D$13*C24,2) -> 84.95
A25: TOTAL - GRUPO A - ENCARGOS | C25: =ROUND(SUM(C17:C24),5) -> 0.398 | D25: =ROUND(SUM(D17:D24),2) -> 563.51
A27: GRUPO B | C27: % | D27: Valor (R$)
A28: B.01 13º Salário | C28: =ROUND(1/12,5) -> 0.08333 | D28: =ROUND($D$13*C28,2) -> 117.98
A29: B.02 Férias (incluindo 1/3 constitucional) | C29: =ROUND((1/3)/12,5) -> 0.02778 | D29: =ROUND($D$13*C29,2) -> 39.33
A30: B.03 Aviso Prévio Trabalhado | C30: =ROUND((((100% / 30) * 7) / 12),5) -> 0.01944 | D30: =ROUND($D$13*C30,2) -> 27.52
A31: B.04 Auxílio Doença | C31: =ROUND((5/30)/12,5) -> 0.01389 | D31: =ROUND($D$13*C31,2) -> 19.67
A32: B.05 Acidente de Trabalho | C32: =ROUND(((15/30/12)*0.08),5) -> 0.00333 | D32: =ROUND($D$13*C32,2) -> 4.71
A33: B.06 Faltas Legais | C33: =ROUND((1/30)/12,5) -> 0.00278 | D33: =ROUND($D$13*C33,2) -> 3.94
A34: B.07 Férias sobre Licença Maternidade | C34: =ROUND(0.1111*0.02*0.333,5) -> 0.00074 | D34: =ROUND($D$13*C34,2) -> 1.05
A35: B.08 Licença Paternidade | C35: =ROUND(((5/30)/12)*0.015,5) -> 0.00021 | D35: =ROUND($D$13*C35,2) -> 0.3
A36: B.09 Férias adquiridas (não usufruídas) | C36: =ROUND(1/12,5) -> 0.08333 | D36: =ROUND($D$13*C36,2) -> 117.98
A37: TOTAL - GRUPO B | C37: =ROUND(SUM(C28:C36),5) -> 0.23483 | D37: =ROUND(SUM(D28:D36),2) -> 332.48
A39: GRUPO C | C39: % | D39: Valor (R$)
A40: C.01 Aviso Prévio Indenizado | C40: =ROUND(1/12*5%,5) -> 0.00417 | D40: =ROUND($D$13*C40,2) -> 5.9
A41: C.02 Indenização Adicional | C41: =ROUND(0.02*(1/12),5) -> 0.00167 | D41: =ROUND($D$13*C41,2) -> 2.36
A42: C.03 Indenização (rescisão sem justa causa – multa de 40% do FGTS) | C42: =ROUND(40%*8%,5) -> 0.032 | D42: =ROUND($D$13*C42,2) -> 45.31
A43: TOTAL - GRUPO C | C43: =ROUND(SUM(C40:C42),5) -> 0.03784 | D43: =ROUND(SUM(D40:D42),2) -> 53.57
A45: GRUPO D | C45: % | D45: Valor (R$)
A46: D.01 Incidência dos encargos do grupo A sobre o grupo B | C46: =ROUND(C25*C37,5) -> 0.09346 | D46: =ROUND($D$13*C46,2) -> 132.32
A47: TOTAL - GRUPO D | C47: =ROUND(SUM(C46),5) -> 0.09346 | D47: =ROUND(SUM(D46),2) -> 132.32
A49: GRUPO E | C49: % | D49: Valor (R$)
A50: E.01 Incidência do FGTS sobre o aviso prévio indenizado | C50: =ROUND(8%*C40,5) -> 0.00033 | D50: =ROUND($D$13*C50,2) -> 0.47
A51: TOTAL - GRUPO E | C51: =ROUND(SUM(C50:C50),5) -> 0.00033 | D51: =ROUND(SUM(D50:D50),2) -> 0.47
A53: GRUPO F | C53: % | D53: Valor (R$)
A54: F.01 Incidência dos encargos do Grupo A sobre os valores constantes da base de cálculo referente ao salário maternidade | C54: =ROUND(C25*(13/12)*(4/12)*2/100,5) -> 0.00287 | D54: =ROUND($D$13*C54,2) -> 4.06
A55: TOTAL - GRUPO F | C55: =ROUND(SUM(C54),5) -> 0.00287 | D55: =ROUND(SUM(D54),2) -> 4.06
A56: TOTAL - ENCARGOS SOCIAIS (R$) | C56: =ROUND(C25+C37+C43+C47+C51+C55,5) -> 0.76733 | D56: =ROUND(D25+D37+D43+D47+D51+D55,2) -> 1086.41
A58: VALOR TOTAL DE REMUNERAÇÃO + ENCARGOS SOCIAIS (R$) | D58: =D13+D56 -> 2502.24
A60: SEÇÃO III - INSUMOS
A61: Insumos | C61: Referencia | D61: Valor (R$)
A62: Auxilio Alimentação | C62: 15 | D62: =ROUND(C62*22,2) -> 330
A63: Desconto do Auxilio Alimentação | C63: 0.1 | D63: =ROUND(D62*C63,2)*-1 -> -33
A64: Cesta Básica | C64: 100 | D64: =C64 -> 100
A65: Vale Transporte | C65: 3.8 | D65: =ROUND(C65*2*22,2) -> 167.2
A66: Desconto do Vale Transporte | C66: 0.06 | D66: =IF(D11*C66>D65,"-",ROUND(D11*C66,2)*-1) -> -84.95
A67: Plano Odontológico | C67: 15 | D67: =C67 -> 15
A68: Assistência Social e Familiar | C68: 10 | D68: =C68 -> 10
A69: Programa de Qualificação Profissional | C69: 10 | D69: =C69 -> 10
A70: Uniforme | C70: - | D70: ='Uniforme Tipo I'!F13 -> 82.32
A71: Manutenção de Equipamento | C71: - | D71: ='Manutenção Equip.'!F7 -> 22.3
A72: TOTAL - INSUMOS (R$) | D72: =ROUND(SUM(D62:D70),2) -> 596.57
A74: TOTAL DE REMUNERAÇÃO + ENCARGOS SOCIAIS + INSUMOS (R$) | D74: =ROUND(D58+D72,2) -> 3098.81
A76: SEÇÃO IV - LDI E TRIBUTAÇÃO
A77: LUCRO E DESPESAS INDIRETAS (LDI) | C77: % | D77: Valor (R$)
A78: Despesas Administrativas/Operacionais | C78: 0.05 | D78: =ROUND(D74*C78,2) -> 154.94
A79: Lucro | C79: 0.1 | D79: =ROUND(D74*C79,2) -> 309.88
A80: TOTAL - LUCRO E DESPESAS INDIRETAS | C80: =ROUND(SUM(C78:C79),5) -> 0.15 | D80: =SUM(D78:D79) -> 464.82
A82: TOTAL DE REMUNERAÇÃO + ENCARGOS SOCIAIS + INSUMOS + INTRAJORNADA + LDI (R$) | D82: =ROUND(D74+D80,2) -> 3563.63
A84: BASE DE CÁLCULO PARA TRIBUTO | C84: =ROUND(1-(SUM(C87:C89)/1),5) -> 0.9135 | D84: =ROUND(D82/C84,2) -> 3901.07
A86: TRIBUTAÇÃO SOBRE FATURAMENTO | C86: % | D86: Valor (R$)
A87: ISS | C87: 0.05 | D87: =ROUND($D$84*C87,2) -> 195.05
A88: COFINS | C88: 0.03 | D88: =ROUND($D$84*C88,2) -> 117.03
A89: PIS | C89: 0.0065 | D89: =ROUND($D$84*C89,2) -> 25.36
A90: TOTAL - TRIBUTAÇÃO SOBRE FATURAMENTO | C90: =ROUND(SUM(C87:C89),5) -> 0.0865 | D90: =ROUND(SUM(D87:D89),2) -> 337.44
A92: PREÇO MENSAL PARA 1 (UM) EMPREGADO (R$) | D92: =ROUND(D82+D90,2) -> 3901.07
A93: PREÇO ANUAL PARA 1 (UM) POSTO (R$) - PREÇO MENSAL X 12 MESES | D93: =ROUND(D92*12,2) -> 46812.84
A95: Item | D95: %
A96: TOTAL - GRUPO A - ENCARGOS | D96: =C25 -> 0.398
A97: TOTAL - GRUPO B | D97: =C37 -> 0.23483
A98: TOTAL - GRUPO C | D98: =C43 -> 0.03784
A99: TOTAL - GRUPO D | D99: =C47 -> 0.09346
A100: TOTAL - GRUPO E | D100: =C51 -> 0.00033
A101: TOTAL - GRUPO F | D101: =C55 -> 0.00287
A102: TOTAL ENCARGOS SOCIAIS | D102: =ROUND(SUM(D96:D101),5) -> 0.76733
A104: Componentes | C104: R$ | D104: %
A105: I - COMPOSIÇÃO DE REMUNERAÇÃO | C105: =D13 -> 1415.83 | D105: =ROUND(C105/$C$109,5) -> 0.36293
A106: II - ENCARGOS SOCIAIS INCIDENTES SOBRE A REMUNERAÇÃO | C106: =D56 -> 1086.41 | D106: =ROUND(C106/$C$109,5) -> 0.27849
A107: III - INSUMOS | C107: =D72 -> 596.57 | D107: =ROUND(C107/$C$109,5) -> 0.15292
A108: IV - LDI E TRIBUTAÇÃO | C108: =ROUND(D80+D90,2) -> 802.26 | D108: =ROUND(C108/$C$109,5) -> 0.20565
A109: TOTAL | C109: =ROUND(SUM(C105:C108),2) -> 3901.07 | D109: =ROUND(SUM(D105:D108),5) -> 0.99999

Sheet Designer Gráfico
A1: PLANILHA ORÇAMENTÁRIA DE REFERÊNCIA DE FORMAÇÃO DE CUSTO DE MÃO DE OBRA
A2: Tipo de serviço: | B2: ='Quantidade de Cargo'!A13 -> Designer Gráfico
A3: CBO: | B3: ='Salario Base'!B16 -> 2624-10
A4: Unidade de medida: | B4: Posto
A5: Quantidade total a contratar (em função da unidade de medida): | B5: 1
A6: Convenção Coletiva de Trabalho/Acordo/ Dissídio Coletivo de Trabalho: | B6: Salario.com.br c/c Convenção Coletiva de Trabalho (CCT) - Nº Registro no MTE: AM000546/2021 - Nº Processo: 13621.120880/2021-15 - Nº Solicitação: MR069260/2020
A8: MÃO DE OBRA VINCULADA À EXECUÇÃO CONTRATUAL
A9: SEÇÃO I - COMPOSIÇÃO DA REMUNERAÇÃO (R$)
A10: Composição da Remuneração | C10: % | D10: Valor (R$)
A11: Salário Base | C11: - | D11: ='Salario Base'!C16 -> 2274.1
A12: Outros | D12: =C12*D11/100 -> 0
A13: TOTAL DA REMUNERAÇÃO (R$) | D13: =ROUND(SUM(D11:D12),2) -> 2274.1
A15: SEÇÃO II - ENCARGOS SOCIAIS INCIDENTES SOBRE A REMUNERAÇÃO (R$)
A16: GRUPO A - ENCARGOS | C16: % | D16: Valor (R$)
A17: A.01 SEGURIDADE SOCIAL | C17: 0.2 | D17: =ROUND($D$13*C17,2) -> 454.82
A18: A.02 FGTS | C18: 0.08 | D18: =ROUND($D$13*C18,2) -> 181.93
A19: A.03 SESI/SESC | C19: 0.015 | D19: =ROUND($D$13*C19,2) -> 34.11
A20: A.04 SENAI/SENAC | C20: 0.01 | D20: =ROUND($D$13*C20,2) -> 22.74
A21: A.05 INCRA | C21: 0.002 | D21: =ROUND($D$13*C21,2) -> 4.55
A22: A.06 SEBRAE | C22: 0.006 | D22: =ROUND($D$13*C22,2) -> 13.64
A23: A.07 Salário Educação | C23: 0.025 | D23: =ROUND($D$13*C23,2) -> 56.85
A24: A.08 Riscos Ambientais do Trabalho – RAT x FAP | C24: 0.04 | D24: =ROUND($D$13*C24,2) -> 90.96
A25: TOTAL - GRUPO A - ENCARGOS | C25: =ROUND(SUM(C17:C24),5) -> 0.378 | D25: =ROUND(SUM(D17:D24),2) -> 859.6
A27: GRUPO B | C27: % | D27: Valor (R$)
A28: B.01 13º Salário | C28: =ROUND(1/12,5) -> 0.08333 | D28: =ROUND($D$13*C28,2) -> 189.5
A29: B.02 Férias (incluindo 1/3 constitucional) | C29: =ROUND((1/3)/12,5) -> 0.02778 | D29: =ROUND($D$13*C29,2) -> 63.17
A30: B.03 Aviso Prévio Trabalhado | C30: =ROUND((((100% / 30) * 7) / 12),5) -> 0.01944 | D30: =ROUND($D$13*C30,2) -> 44.21
A31: B.04 Auxílio Doença | C31: =ROUND((5/30)/12,5) -> 0.01389 | D31: =ROUND($D$13*C31,2) -> 31.59
A32: B.05 Acidente de Trabalho | C32: =ROUND(((15/30/12)*0.08),5) -> 0.00333 | D32: =ROUND($D$13*C32,2) -> 7.57
A33: B.06 Faltas Legais | C33: =ROUND((1/30)/12,5) -> 0.00278 | D33: =ROUND($D$13*C33,2) -> 6.32
A34: B.07 Férias sobre Licença Maternidade | C34: =ROUND(0.1111*0.02*0.333,5) -> 0.00074 | D34: =ROUND($D$13*C34,2) -> 1.68
A35: B.08 Licença Paternidade | C35: =ROUND(((5/30)/12)*0.015,5) -> 0.00021 | D35: =ROUND($D$13*C35,2) -> 0.48
A36: B.09 Férias adquiridas (não usufruídas) | C36: =ROUND(1/12,5) -> 0.08333 | D36: =ROUND($D$13*C36,2) -> 189.5
A37: TOTAL - GRUPO B | C37: =ROUND(SUM(C28:C36),5) -> 0.23483 | D37: =ROUND(SUM(D28:D36),2) -> 534.02
A39: GRUPO C | C39: % | D39: Valor (R$)
A40: C.01 Aviso Prévio Indenizado | C40: =ROUND(1/12*5%,5) -> 0.00417 | D40: =ROUND($D$13*C40,2) -> 9.48
A41: C.02 Indenização Adicional | C41: =ROUND(0.02*(1/12),5) -> 0.00167 | D41: =ROUND($D$13*C41,2) -> 3.8
A42: C.03 Indenização (rescisão sem justa causa – multa de 40% do FGTS) | C42: =ROUND(40%*8%,5) -> 0.032 | D42: =ROUND($D$13*C42,2) -> 72.77
A43: TOTAL - GRUPO C | C43: =ROUND(SUM(C40:C42),5) -> 0.03784 | D43: =ROUND(SUM(D40:D42),2) -> 86.05
A45: GRUPO D | C45: % | D45: Valor (R$)
A46: D.01 Incidência dos encargos do grupo A sobre o grupo B | C46: =ROUND(C25*C37,5) -> 0.08877 | D46: =ROUND($D$13*C46,2) -> 201.87
A47: TOTAL - GRUPO D | C47: =ROUND(SUM(C46),5) -> 0.08877 | D47: =ROUND(SUM(D46),2) -> 201.87
A49: GRUPO E | C49: % | D49: Valor (R$)
A50: E.01 Incidência do FGTS sobre o aviso prévio indenizado | C50: =ROUND(8%*C40,5) -> 0.00033 | D50: =ROUND($D$13*C50,2) -> 0.75
A51: TOTAL - GRUPO E | C51: =ROUND(SUM(C50:C50),5) -> 0.00033 | D51: =ROUND(SUM(D50:D50),2) -> 0.75
A53: GRUPO F | C53: % | D53: Valor (R$)
A54: F.01 Incidência dos encargos do Grupo A sobre os valores constantes da base de cálculo referente ao salário maternidade | C54: =ROUND(C25*(13/12)*(4/12)*2/100,5) -> 0.00273 | D54: =ROUND($D$13*C54,2) -> 6.21
A55: TOTAL - GRUPO F | C55: =ROUND(SUM(C54),5) -> 0.00273 | D55: =ROUND(SUM(D54),2) -> 6.21
A56: TOTAL - ENCARGOS SOCIAIS (R$) | C56: =ROUND(C25+C37+C43+C47+C51+C55,5) -> 0.7425 | D56: =ROUND(D25+D37+D43+D47+D51+D55,2) -> 1688.5
A58: VALOR TOTAL DE REMUNERAÇÃO + ENCARGOS SOCIAIS (R$) | D58: =D13+D56 -> 3962.6
A60: SEÇÃO III - INSUMOS
A61: Insumos | C61: Referencia | D61: Valor (R$)
A62: Auxilio Alimentação | C62: 15 | D62: =ROUND(C62*22,2) -> 330
A63: Desconto do Auxilio Alimentação | C63: 0.1 | D63: =ROUND(D62*C63,2)*-1 -> -33
A64: Cesta Básica | C64: 100 | D64: =C64 -> 100
A65: Vale Transporte | C65: 3.8 | D65: =ROUND(C65*2*22,2) -> 167.2
A66: Desconto do Vale Transporte | C66: 0.06 | D66: =IF(D11*C66>D65,"-",ROUND(D11*C66,2)*-1) -> -136.45
A67: Plano Odontológico | C67: 15 | D67: =C67 -> 15
A68: Assistência Social e Familiar | C68: 10 | D68: =C68 -> 10
A69: Programa de Qualificação Profissional | C69: 10 | D69: =C69 -> 10
A70: Uniforme | C70: - | D70: ='Uniforme Tipo I'!F13 -> 82.32
A71: Manutenção de Equipamento | C71: - | D71: ='Manutenção Equip.'!F7 -> 22.3
A72: TOTAL - INSUMOS (R$) | D72: =ROUND(SUM(D62:D70),2) -> 545.07
A74: TOTAL DE REMUNERAÇÃO + ENCARGOS SOCIAIS + INSUMOS (R$) | D74: =ROUND(D58+D72,2) -> 4507.67
A76: SEÇÃO IV - LDI E TRIBUTAÇÃO
A77: LUCRO E DESPESAS INDIRETAS (LDI) | C77: % | D77: Valor (R$)
A78: Despesas Administrativas/Operacionais | C78: 0.05 | D78: =ROUND(D74*C78,2) -> 225.38
A79: Lucro | C79: 0.1 | D79: =ROUND(D74*C79,2) -> 450.77
A80: TOTAL - LUCRO E DESPESAS INDIRETAS | C80: =ROUND(SUM(C78:C79),5) -> 0.15 | D80: =SUM(D78:D79) -> 676.15
A82: TOTAL DE REMUNERAÇÃO + ENCARGOS SOCIAIS + INSUMOS + INTRAJORNADA + LDI (R$) | D82: =ROUND(D74+D80,2) -> 5183.82
A84: BASE DE CÁLCULO PARA TRIBUTO | C84: =ROUND(1-(SUM(C87:C89)/1),5) -> 0.9135 | D84: =ROUND(D82/C84,2) -> 5674.68
A86: TRIBUTAÇÃO SOBRE FATURAMENTO | C86: % | D86: Valor (R$)
A87: ISS | C87: 0.05 | D87: =ROUND($D$84*C87,2) -> 283.73
A88: COFINS | C88: 0.03 | D88: =ROUND($D$84*C88,2) -> 170.24
A89: PIS | C89: 0.0065 | D89: =ROUND($D$84*C89,2) -> 36.89
A90: TOTAL - TRIBUTAÇÃO SOBRE FATURAMENTO | C90: =ROUND(SUM(C87:C89),5) -> 0.0865 | D90: =ROUND(SUM(D87:D89),2) -> 490.86
A92: PREÇO MENSAL PARA 1 (UM) EMPREGADO (R$) | D92: =ROUND(D82+D90,2) -> 5674.68
A93: PREÇO ANUAL PARA 1 (UM) POSTO (R$) - PREÇO MENSAL X 12 MESES | D93: =ROUND(D92*12,2) -> 68096.16
A95: Item | D95: %
A96: TOTAL - GRUPO A - ENCARGOS | D96: =C25 -> 0.378
A97: TOTAL - GRUPO B | D97: =C37 -> 0.23483
A98: TOTAL - GRUPO C | D98: =C43 -> 0.03784
A99: TOTAL - GRUPO D | D99: =C47 -> 0.08877
A100: TOTAL - GRUPO E | D100: =C51 -> 0.00033
A101: TOTAL - GRUPO F | D101: =C55 -> 0.00273
A102: TOTAL ENCARGOS SOCIAIS | D102: =ROUND(SUM(D96:D101),5) -> 0.7425
A104: Componentes | C104: R$ | D104: %
A105: I - COMPOSIÇÃO DE REMUNERAÇÃO | C105: =D13 -> 2274.1 | D105: =ROUND(C105/$C$109,5) -> 0.40075
A106: II - ENCARGOS SOCIAIS INCIDENTES SOBRE A REMUNERAÇÃO | C106: =D56 -> 1688.5 | D106: =ROUND(C106/$C$109,5) -> 0.29755
A107: III - INSUMOS | C107: =D72 -> 545.07 | D107: =ROUND(C107/$C$109,5) -> 0.09605
A108: IV - LDI E TRIBUTAÇÃO | C108: =ROUND(D80+D90,2) -> 1167.01 | D108: =ROUND(C108/$C$109,5) -> 0.20565
A109: TOTAL | C109: =ROUND(SUM(C105:C108),2) -> 5674.68 | D109: =ROUND(SUM(D105:D108),5) -> 1

Sheet Motorista
A1: PLANILHA ORÇAMENTÁRIA DE REFERÊNCIA DE FORMAÇÃO DE CUSTO DE MÃO DE OBRA
A2: Tipo de serviço: | B2: ='Quantidade de Cargo'!A14 -> Motorista
A3: CBO: | B3: ='Salario Base'!B17 -> 7823-05
A4: Unidade de medida: | B4: Posto
A5: Quantidade total a contratar (em função da unidade de medida): | B5: 1
A6: Convenção Coletiva de Trabalho/Acordo/ Dissídio Coletivo de Trabalho: | B6: Convenção Coletiva de Trabalho (CCT) - Nº Registro no MTE: AM000284/2022 - Nº Processo: 13621.111690/2022-80 - Nº Solicitação: MR030850/2022
A8: MÃO DE OBRA VINCULADA À EXECUÇÃO CONTRATUAL
A9: SEÇÃO I - COMPOSIÇÃO DA REMUNERAÇÃO (R$)
A10: Composição da Remuneração | C10: % | D10: Valor (R$)
A11: Salário Base | C11: - | D11: ='Salario Base'!F17 -> 1669.04
A12: Outros | D12: =C12*D11/100 -> 0
A13: TOTAL DA REMUNERAÇÃO (R$) | D13: =ROUND(SUM(D11:D12),2) -> 1669.04
A15: SEÇÃO II - ENCARGOS SOCIAIS INCIDENTES SOBRE A REMUNERAÇÃO (R$)
A16: GRUPO A - ENCARGOS | C16: % | D16: Valor (R$)
A17: A.01 SEGURIDADE SOCIAL | C17: 0.2 | D17: =ROUND($D$13*C17,2) -> 333.81
A18: A.02 FGTS | C18: 0.08 | D18: =ROUND($D$13*C18,2) -> 133.52
A19: A.03 SESI/SESC | C19: 0.015 | D19: =ROUND($D$13*C19,2) -> 25.04
A20: A.04 SENAI/SENAC | C20: 0.01 | D20: =ROUND($D$13*C20,2) -> 16.69
A21: A.05 INCRA | C21: 0.002 | D21: =ROUND($D$13*C21,2) -> 3.34
A22: A.06 SEBRAE | C22: 0.006 | D22: =ROUND($D$13*C22,2) -> 10.01
A23: A.07 Salário Educação | C23: 0.025 | D23: =ROUND($D$13*C23,2) -> 41.73
A24: A.08 Riscos Ambientais do Trabalho – RAT x FAP | C24: 0.06 | D24: =ROUND($D$13*C24,2) -> 100.14
A25: TOTAL - GRUPO A - ENCARGOS | C25: =ROUND(SUM(C17:C24),5) -> 0.398 | D25: =ROUND(SUM(D17:D24),2) -> 664.28
A27: GRUPO B | C27: % | D27: Valor (R$)
A28: B.01 13º Salário | C28: =ROUND(1/12,5) -> 0.08333 | D28: =ROUND($D$13*C28,2) -> 139.08
A29: B.02 Férias (incluindo 1/3 constitucional) | C29: =ROUND((1/3)/12,5) -> 0.02778 | D29: =ROUND($D$13*C29,2) -> 46.37
A30: B.03 Aviso Prévio Trabalhado | C30: =ROUND((((100% / 30) * 7) / 12),5) -> 0.01944 | D30: =ROUND($D$13*C30,2) -> 32.45
A31: B.04 Auxílio Doença | C31: =ROUND((5/30)/12,5) -> 0.01389 | D31: =ROUND($D$13*C31,2) -> 23.18
A32: B.05 Acidente de Trabalho | C32: =ROUND(((15/30/12)*0.08),5) -> 0.00333 | D32: =ROUND($D$13*C32,2) -> 5.56
A33: B.06 Faltas Legais | C33: =ROUND((1/30)/12,5) -> 0.00278 | D33: =ROUND($D$13*C33,2) -> 4.64
A34: B.07 Férias sobre Licença Maternidade | C34: =ROUND(0.1111*0.02*0.333,5) -> 0.00074 | D34: =ROUND($D$13*C34,2) -> 1.24
A35: B.08 Licença Paternidade | C35: =ROUND(((5/30)/12)*0.015,5) -> 0.00021 | D35: =ROUND($D$13*C35,2) -> 0.35
A36: B.09 Férias adquiridas (não usufruídas) | C36: =ROUND(1/12,5) -> 0.08333 | D36: =ROUND($D$13*C36,2) -> 139.08
A37: TOTAL - GRUPO B | C37: =ROUND(SUM(C28:C36),5) -> 0.23483 | D37: =ROUND(SUM(D28:D36),2) -> 391.95
A39: GRUPO C | C39: % | D39: Valor (R$)
A40: C.01 Aviso Prévio Indenizado | C40: =ROUND(1/12*5%,5) -> 0.00417 | D40: =ROUND($D$13*C40,2) -> 6.96
A41: C.02 Indenização Adicional | C41: =ROUND(0.02*(1/12),5) -> 0.00167 | D41: =ROUND($D$13*C41,2) -> 2.79
A42: C.03 Indenização (rescisão sem justa causa – multa de 40% do FGTS) | C42: =ROUND(40%*8%,5) -> 0.032 | D42: =ROUND($D$13*C42,2) -> 53.41
A43: TOTAL - GRUPO C | C43: =ROUND(SUM(C40:C42),5) -> 0.03784 | D43: =ROUND(SUM(D40:D42),2) -> 63.16
A45: GRUPO D | C45: % | D45: Valor (R$)
A46: D.01 Incidência dos encargos do grupo A sobre o grupo B | C46: =ROUND(C25*C37,5) -> 0.09346 | D46: =ROUND($D$13*C46,2) -> 155.99
A47: TOTAL - GRUPO D | C47: =ROUND(SUM(C46),5) -> 0.09346 | D47: =ROUND(SUM(D46),2) -> 155.99
A49: GRUPO E | C49: % | D49: Valor (R$)
A50: E.01 Incidência do FGTS sobre o aviso prévio indenizado | C50: =ROUND(8%*C40,5) -> 0.00033 | D50: =ROUND($D$13*C50,2) -> 0.55
A51: TOTAL - GRUPO E | C51: =ROUND(SUM(C50:C50),5) -> 0.00033 | D51: =ROUND(SUM(D50:D50),2) -> 0.55
A53: GRUPO F | C53: % | D53: Valor (R$)
A54: F.01 Incidência dos encargos do Grupo A sobre os valores constantes da base de cálculo referente ao salário maternidade | C54: =ROUND(C25*(13/12)*(4/12)*2/100,5) -> 0.00287 | D54: =ROUND($D$13*C54,2) -> 4.79
A55: TOTAL - GRUPO F | C55: =ROUND(SUM(C54),5) -> 0.00287 | D55: =ROUND(SUM(D54),2) -> 4.79
A56: TOTAL - ENCARGOS SOCIAIS (R$) | C56: =ROUND(C25+C37+C43+C47+C51+C55,5) -> 0.76733 | D56: =ROUND(D25+D37+D43+D47+D51+D55,2) -> 1280.72
A58: VALOR TOTAL DE REMUNERAÇÃO + ENCARGOS SOCIAIS (R$) | D58: =D13+D56 -> 2949.76
A60: SEÇÃO III - INSUMOS
A61: Insumos | C61: Referencia | D61: Valor (R$)
A62: Auxilio Alimentação | C62: 17 | D62: =ROUND(C62*22,2) -> 374
A63: Desconto do Auxilio Alimentação | D63: =ROUND(D62*C63,2)*-1 -> 0
A64: Cesta Básica | C64: 150 | D64: =C64 -> 150
A65: Desconto da Cesta Básica | C65: 1 | D65: =C65*-1 -> -1
A66: Vale Transporte | C66: 3.8 | D66: =ROUND(C66*2*22,2) -> 167.2
A67: Desconto do Vale Transporte | C67: 0.06 | D67: =IF(D11*C67>D66,"-",ROUND(D11*C67,2)*-1) -> -100.14
A68: Assistência Medical (Cobertura ambulatorial e odontológica) | C68: 500 | D68: =C68 -> 500
A69: Assistência Social e Familiar | C69: 10 | D69: =C69 -> 10
A70: Uniforme | C70: - | D70: ='Uniforme Tipo I'!F13 -> 82.32
A71: Manutenção de Equipamento | C71: - | D71: ='Manutenção Equip.'!F7 -> 22.3
A72: TOTAL - INSUMOS (R$) | D72: =ROUND(SUM(D62:D70),2) -> 1182.38
A74: TOTAL DE REMUNERAÇÃO + ENCARGOS SOCIAIS + INSUMOS (R$) | D74: =ROUND(D58+D72,2) -> 4132.14
A76: SEÇÃO IV - LDI E TRIBUTAÇÃO
A77: LUCRO E DESPESAS INDIRETAS (LDI) | C77: % | D77: Valor (R$)
A78: Despesas Administrativas/Operacionais | C78: 0.05 | D78: =ROUND(D74*C78,2) -> 206.61
A79: Lucro | C79: 0.1 | D79: =ROUND(D74*C79,2) -> 413.21
A80: TOTAL - LUCRO E DESPESAS INDIRETAS | C80: =ROUND(SUM(C78:C79),5) -> 0.15 | D80: =SUM(D78:D79) -> 619.82
A82: TOTAL DE REMUNERAÇÃO + ENCARGOS SOCIAIS + INSUMOS + INTRAJORNADA + LDI (R$) | D82: =ROUND(D74+D80,2) -> 4751.96
A84: BASE DE CÁLCULO PARA TRIBUTO | C84: =ROUND(1-(SUM(C87:C89)/1),5) -> 0.9135 | D84: =ROUND(D82/C84,2) -> 5201.93
A86: TRIBUTAÇÃO SOBRE FATURAMENTO | C86: % | D86: Valor (R$)
A87: ISS | C87: 0.05 | D87: =ROUND($D$84*C87,2) -> 260.1
A88: COFINS | C88: 0.03 | D88: =ROUND($D$84*C88,2) -> 156.06
A89: PIS | C89: 0.0065 | D89: =ROUND($D$84*C89,2) -> 33.81
A90: TOTAL - TRIBUTAÇÃO SOBRE FATURAMENTO | C90: =ROUND(SUM(C87:C89),5) -> 0.0865 | D90: =ROUND(SUM(D87:D89),2) -> 449.97
A92: PREÇO MENSAL PARA 1 (UM) EMPREGADO (R$) | D92: =ROUND(D82+D90,2) -> 5201.93
A93: PREÇO ANUAL PARA 1 (UM) POSTO (R$) - PREÇO MENSAL X 12 MESES | D93: =ROUND(D92*12,2) -> 62423.16
A95: Item | D95: %
A96: TOTAL - GRUPO A - ENCARGOS | D96: =C25 -> 0.398
A97: TOTAL - GRUPO B | D97: =C37 -> 0.23483
A98: TOTAL - GRUPO C | D98: =C43 -> 0.03784
A99: TOTAL - GRUPO D | D99: =C47 -> 0.09346
A100: TOTAL - GRUPO E | D100: =C51 -> 0.00033
A101: TOTAL - GRUPO F | D101: =C55 -> 0.00287
A102: TOTAL ENCARGOS SOCIAIS | D102: =ROUND(SUM(D96:D101),5) -> 0.76733
A104: Componentes | C104: R$ | D104: %
A105: I - COMPOSIÇÃO DE REMUNERAÇÃO | C105: =D13 -> 1669.04 | D105: =ROUND(C105/$C$109,5) -> 0.32085
A106: II - ENCARGOS SOCIAIS INCIDENTES SOBRE A REMUNERAÇÃO | C106: =D56 -> 1280.72 | D106: =ROUND(C106/$C$109,5) -> 0.2462
A107: III - INSUMOS | C107: =D72 -> 1182.38 | D107: =ROUND(C107/$C$109,5) -> 0.2273
A108: IV - LDI E TRIBUTAÇÃO | C108: =ROUND(D80+D90,2) -> 1069.79 | D108: =ROUND(C108/$C$109,5) -> 0.20565
A109: TOTAL | C109: =ROUND(SUM(C105:C108),2) -> 5201.93 | D109: =ROUND(SUM(D105:D108),5) -> 1

Sheet Oficial de Manutenção
A1: PLANILHA ORÇAMENTÁRIA DE REFERÊNCIA DE FORMAÇÃO DE CUSTO DE MÃO DE OBRA
A2: Tipo de serviço: | B2: ='Quantidade de Cargo'!A15 -> Oficial de Manutenção
A3: CBO: | B3: ='Salario Base'!B15 -> 5134-25
A4: Unidade de medida: | B4: Posto
A5: Quantidade total a contratar (em função da unidade de medida): | B5: 1
A6: Convenção Coletiva de Trabalho/Acordo/ Dissídio Coletivo de Trabalho: | B6: Convenção Coletiva de Trabalho (CCT) - Nº Registro no MTE: AM000038/2022 - Nº Processo: 13621.101002/2022-73 - Nº Solicitação: MR000215/2022
A8: MÃO DE OBRA VINCULADA À EXECUÇÃO CONTRATUAL
A9: SEÇÃO I - COMPOSIÇÃO DA REMUNERAÇÃO (R$)
A10: Composição da Remuneração | C10: % | D10: Valor (R$)
A11: Salário Base | C11: - | D11: ='Salario Base'!E18 -> 2498.52
A12: Outros | D12: =C12*D11/100 -> 0
A13: TOTAL DA REMUNERAÇÃO (R$) | D13: =ROUND(SUM(D11:D12),2) -> 2498.52
A15: SEÇÃO II - ENCARGOS SOCIAIS INCIDENTES SOBRE A REMUNERAÇÃO (R$)
A16: GRUPO A - ENCARGOS | C16: % | D16: Valor (R$)
A17: A.01 SEGURIDADE SOCIAL | C17: 0.2 | D17: =ROUND($D$13*C17,2) -> 499.7
A18: A.02 FGTS | C18: 0.08 | D18: =ROUND($D$13*C18,2) -> 199.88
A19: A.03 SESI/SESC | C19: 0.015 | D19: =ROUND($D$13*C19,2) -> 37.48
A20: A.04 SENAI/SENAC | C20: 0.01 | D20: =ROUND($D$13*C20,2) -> 24.99
A21: A.05 INCRA | C21: 0.002 | D21: =ROUND($D$13*C21,2) -> 5
A22: A.06 SEBRAE | C22: 0.006 | D22: =ROUND($D$13*C22,2) -> 14.99
A23: A.07 Salário Educação | C23: 0.025 | D23: =ROUND($D$13*C23,2) -> 62.46
A24: A.08 Riscos Ambientais do Trabalho – RAT x FAP | C24: 0.06 | D24: =ROUND($D$13*C24,2) -> 149.91
A25: TOTAL - GRUPO A - ENCARGOS | C25: =ROUND(SUM(C17:C24),5) -> 0.398 | D25: =ROUND(SUM(D17:D24),2) -> 994.41
A27: GRUPO B | C27: % | D27: Valor (R$)
A28: B.01 13º Salário | C28: =ROUND(1/12,5) -> 0.08333 | D28: =ROUND($D$13*C28,2) -> 208.2
A29: B.02 Férias (incluindo 1/3 constitucional) | C29: =ROUND((1/3)/12,5) -> 0.02778 | D29: =ROUND($D$13*C29,2) -> 69.41
A30: B.03 Aviso Prévio Trabalhado | C30: =ROUND((((100% / 30) * 7) / 12),5) -> 0.01944 | D30: =ROUND($D$13*C30,2) -> 48.57
A31: B.04 Auxílio Doença | C31: =ROUND((5/30)/12,5) -> 0.01389 | D31: =ROUND($D$13*C31,2) -> 34.7
A32: B.05 Acidente de Trabalho | C32: =ROUND(((15/30/12)*0.08),5) -> 0.00333 | D32: =ROUND($D$13*C32,2) -> 8.32
A33: B.06 Faltas Legais | C33: =ROUND((1/30)/12,5) -> 0.00278 | D33: =ROUND($D$13*C33,2) -> 6.95
A34: B.07 Férias sobre Licença Maternidade | C34: =ROUND(0.1111*0.02*0.333,5) -> 0.00074 | D34: =ROUND($D$13*C34,2) -> 1.85
A35: B.08 Licença Paternidade | C35: =ROUND(((5/30)/12)*0.015,5) -> 0.00021 | D35: =ROUND($D$13*C35,2) -> 0.52
A36: B.09 Férias adquiridas (não usufruídas) | C36: =ROUND(1/12,5) -> 0.08333 | D36: =ROUND($D$13*C36,2) -> 208.2
A37: TOTAL - GRUPO B | C37: =ROUND(SUM(C28:C36),5) -> 0.23483 | D37: =ROUND(SUM(D28:D36),2) -> 586.72
A39: GRUPO C | C39: % | D39: Valor (R$)
A40: C.01 Aviso Prévio Indenizado | C40: =ROUND(1/12*5%,5) -> 0.00417 | D40: =ROUND($D$13*C40,2) -> 10.42
A41: C.02 Indenização Adicional | C41: =ROUND(0.02*(1/12),5) -> 0.00167 | D41: =ROUND($D$13*C41,2) -> 4.17
A42: C.03 Indenização (rescisão sem justa causa – multa de 40% do FGTS) | C42: =ROUND(40%*8%,5) -> 0.032 | D42: =ROUND($D$13*C42,2) -> 79.95
A43: TOTAL - GRUPO C | C43: =ROUND(SUM(C40:C42),5) -> 0.03784 | D43: =ROUND(SUM(D40:D42),2) -> 94.54
A45: GRUPO D | C45: % | D45: Valor (R$)
A46: D.01 Incidência dos encargos do grupo A sobre o grupo B | C46: =ROUND(C25*C37,5) -> 0.09346 | D46: =ROUND($D$13*C46,2) -> 233.51
A47: TOTAL - GRUPO D | C47: =ROUND(SUM(C46),5) -> 0.09346 | D47: =ROUND(SUM(D46),2) -> 233.51
A49: GRUPO E | C49: % | D49: Valor (R$)
A50: E.01 Incidência do FGTS sobre o aviso prévio indenizado | C50: =ROUND(8%*C40,5) -> 0.00033 | D50: =ROUND($D$13*C50,2) -> 0.82
A51: TOTAL - GRUPO E | C51: =ROUND(SUM(C50:C50),5) -> 0.00033 | D51: =ROUND(SUM(D50:D50),2) -> 0.82
A53: GRUPO F | C53: % | D53: Valor (R$)
A54: F.01 Incidência dos encargos do Grupo A sobre os valores constantes da base de cálculo referente ao salário maternidade | C54: =ROUND(C25*(13/12)*(4/12)*2/100,5) -> 0.00287 | D54: =ROUND($D$13*C54,2) -> 7.17
A55: TOTAL - GRUPO F | C55: =ROUND(SUM(C54),5) -> 0.00287 | D55: =ROUND(SUM(D54),2) -> 7.17
A56: TOTAL - ENCARGOS SOCIAIS (R$) | C56: =ROUND(C25+C37+C43+C47+C51+C55,5) -> 0.76733 | D56: =ROUND(D25+D37+D43+D47+D51+D55,2) -> 1917.17
A58: VALOR TOTAL DE REMUNERAÇÃO + ENCARGOS SOCIAIS (R$) | D58: =D13+D56 -> 4415.69
A60: SEÇÃO III - INSUMOS
A61: Insumos | C61: Referencia | D61: Valor (R$)
A62: Auxilio Alimentação | C62: 20 | D62: =ROUND(C62*22,2) -> 440
A63: Cesta Básica | C63: 350 | D63: =C63 -> 350
A64: Desconto da Cesta Básica | C64: 0.01 | D64: =ROUND(D63*C64,2)*-1 -> -3.5
A65: Vale Transporte | C65: 3.8 | D65: =ROUND(C65*2*22,2) -> 167.2
A66: Desconto do Vale Transporte | C66: 0.06 | D66: =IF(D11*C66>D65,"-",ROUND(D11*C66,2)*-1) -> -149.91
A67: Plano Odontológico | C67: 15 | D67: =C67 -> 15
A68: Assistência Social e Familiar | C68: 10 | D68: =C68 -> 10
A69: Uniforme | C69: - | D69: ='Uniforme Tipo I'!F13 -> 82.32
A70: Manutenção de Equipamento | C70: - | D70: ='Manutenção Equip.'!F7 -> 22.3
A71: EPIs | C71: - | D71: ='EPI''s'!F19:F19 -> 74.7965
A72: TOTAL - INSUMOS (R$) | D72: =ROUND(SUM(D62:D71),2) -> 1008.21
A74: TOTAL DE REMUNERAÇÃO + ENCARGOS SOCIAIS + INSUMOS (R$) | D74: =ROUND(D58+D72,2) -> 5423.9
A76: SEÇÃO IV - LDI E TRIBUTAÇÃO
A77: LUCRO E DESPESAS INDIRETAS (LDI) | C77: % | D77: Valor (R$)
A78: Despesas Administrativas/Operacionais | C78: 0.05 | D78: =ROUND(D74*C78,2) -> 271.2
A79: Lucro | C79: 0.1 | D79: =ROUND(D74*C79,2) -> 542.39
A80: TOTAL - LUCRO E DESPESAS INDIRETAS | C80: =ROUND(SUM(C78:C79),5) -> 0.15 | D80: =SUM(D78:D79) -> 813.59
A82: TOTAL DE REMUNERAÇÃO + ENCARGOS SOCIAIS + INSUMOS + INTRAJORNADA + LDI (R$) | D82: =ROUND(D74+D80,2) -> 6237.49
A84: BASE DE CÁLCULO PARA TRIBUTO | C84: =ROUND(1-(SUM(C87:C89)/1),5) -> 0.9135 | D84: =ROUND(D82/C84,2) -> 6828.12
A86: TRIBUTAÇÃO SOBRE FATURAMENTO | C86: % | D86: Valor (R$)
A87: ISS | C87: 0.05 | D87: =ROUND($D$84*C87,2) -> 341.41
A88: COFINS | C88: 0.03 | D88: =ROUND($D$84*C88,2) -> 204.84
A89: PIS | C89: 0.0065 | D89: =ROUND($D$84*C89,2) -> 44.38
A90: TOTAL - TRIBUTAÇÃO SOBRE FATURAMENTO | C90: =ROUND(SUM(C87:C89),5) -> 0.0865 | D90: =ROUND(SUM(D87:D89),2) -> 590.63
A92: PREÇO MENSAL PARA 1 (UM) EMPREGADO (R$) | D92: =ROUND(D82+D90,2) -> 6828.12
A93: PREÇO ANUAL PARA 1 (UM) POSTO (R$) - PREÇO MENSAL X 12 MESES | D93: =ROUND(D92*12,2) -> 81937.44
A95: Item | D95: %
A96: TOTAL - GRUPO A - ENCARGOS | D96: =C25 -> 0.398
A97: TOTAL - GRUPO B | D97: =C37 -> 0.23483
A98: TOTAL - GRUPO C | D98: =C43 -> 0.03784
A99: TOTAL - GRUPO D | D99: =C47 -> 0.09346
A100: TOTAL - GRUPO E | D100: =C51 -> 0.00033
A101: TOTAL - GRUPO F | D101: =C55 -> 0.00287
A102: TOTAL ENCARGOS SOCIAIS | D102: =ROUND(SUM(D96:D101),5) -> 0.76733
A104: Componentes | C104: R$ | D104: %
A105: I - COMPOSIÇÃO DE REMUNERAÇÃO | C105: =D13 -> 2498.52 | D105: =ROUND(C105/$C$109,5) -> 0.36592
A106: II - ENCARGOS SOCIAIS INCIDENTES SOBRE A REMUNERAÇÃO | C106: =D56 -> 1917.17 | D106: =ROUND(C106/$C$109,5) -> 0.28078
A107: III - INSUMOS | C107: =D72 -> 1008.21 | D107: =ROUND(C107/$C$109,5) -> 0.14766
A108: IV - LDI E TRIBUTAÇÃO | C108: =ROUND(D80+D90,2) -> 1404.22 | D108: =ROUND(C108/$C$109,5) -> 0.20565
A109: TOTAL | C109: =ROUND(SUM(C105:C108),2) -> 6828.12 | D109: =ROUND(SUM(D105:D108),5) -> 1.00001

Sheet Técnico de Suporte I
A1: PLANILHA ORÇAMENTÁRIA DE REFERÊNCIA DE FORMAÇÃO DE CUSTO DE MÃO DE OBRA
A2: Tipo de serviço: | B2: ='Quantidade de Cargo'!A16 -> Técnico de Suporte I
A3: CBO: | B3: ='Salario Base'!B16 -> 2624-10
A4: Unidade de medida: | B4: Posto
A5: Quantidade total a contratar (em função da unidade de medida): | B5: 1
A6: Convenção Coletiva de Trabalho/Acordo/ Dissídio Coletivo de Trabalho: | B6: Convenção Coletiva de Trabalho (CCT) - Nº Registro no MTE: AM000546/2021 - Nº Processo: 13621.120880/2021-15 - Nº Solicitação: MR069260/2020
A8: MÃO DE OBRA VINCULADA À EXECUÇÃO CONTRATUAL
A9: SEÇÃO I - COMPOSIÇÃO DA REMUNERAÇÃO (R$)
A10: Composição da Remuneração | C10: % | D10: Valor (R$)
A11: Salário Base | C11: - | D11: ='Salario Base'!D19 -> 2832.23
A12: Outros | D12: =C12*D11/100 -> 0
A13: TOTAL DA REMUNERAÇÃO (R$) | D13: =ROUND(SUM(D11:D12),2) -> 2832.23
A15: SEÇÃO II - ENCARGOS SOCIAIS INCIDENTES SOBRE A REMUNERAÇÃO (R$)
A16: GRUPO A - ENCARGOS | C16: % | D16: Valor (R$)
A17: A.01 SEGURIDADE SOCIAL | C17: 0.2 | D17: =ROUND($D$13*C17,2) -> 566.45
A18: A.02 FGTS | C18: 0.08 | D18: =ROUND($D$13*C18,2) -> 226.58
A19: A.03 SESI/SESC | C19: 0.015 | D19: =ROUND($D$13*C19,2) -> 42.48
A20: A.04 SENAI/SENAC | C20: 0.01 | D20: =ROUND($D$13*C20,2) -> 28.32
A21: A.05 INCRA | C21: 0.002 | D21: =ROUND($D$13*C21,2) -> 5.66
A22: A.06 SEBRAE | C22: 0.006 | D22: =ROUND($D$13*C22,2) -> 16.99
A23: A.07 Salário Educação | C23: 0.025 | D23: =ROUND($D$13*C23,2) -> 70.81
A24: A.08 Riscos Ambientais do Trabalho – RAT x FAP | C24: 0.04 | D24: =ROUND($D$13*C24,2) -> 113.29
A25: TOTAL - GRUPO A - ENCARGOS | C25: =ROUND(SUM(C17:C24),5) -> 0.378 | D25: =ROUND(SUM(D17:D24),2) -> 1070.58
A27: GRUPO B | C27: % | D27: Valor (R$)
A28: B.01 13º Salário | C28: =ROUND(1/12,5) -> 0.08333 | D28: =ROUND($D$13*C28,2) -> 236.01
A29: B.02 Férias (incluindo 1/3 constitucional) | C29: =ROUND((1/3)/12,5) -> 0.02778 | D29: =ROUND($D$13*C29,2) -> 78.68
A30: B.03 Aviso Prévio Trabalhado | C30: =ROUND((((100% / 30) * 7) / 12),5) -> 0.01944 | D30: =ROUND($D$13*C30,2) -> 55.06
A31: B.04 Auxílio Doença | C31: =ROUND((5/30)/12,5) -> 0.01389 | D31: =ROUND($D$13*C31,2) -> 39.34
A32: B.05 Acidente de Trabalho | C32: =ROUND(((15/30/12)*0.08),5) -> 0.00333 | D32: =ROUND($D$13*C32,2) -> 9.43
A33: B.06 Faltas Legais | C33: =ROUND((1/30)/12,5) -> 0.00278 | D33: =ROUND($D$13*C33,2) -> 7.87
A34: B.07 Férias sobre Licença Maternidade | C34: =ROUND(0.1111*0.02*0.333,5) -> 0.00074 | D34: =ROUND($D$13*C34,2) -> 2.1
A35: B.08 Licença Paternidade | C35: =ROUND(((5/30)/12)*0.015,5) -> 0.00021 | D35: =ROUND($D$13*C35,2) -> 0.59
A36: B.09 Férias adquiridas (não usufruídas) | C36: =ROUND(1/12,5) -> 0.08333 | D36: =ROUND($D$13*C36,2) -> 236.01
A37: TOTAL - GRUPO B | C37: =ROUND(SUM(C28:C36),5) -> 0.23483 | D37: =ROUND(SUM(D28:D36),2) -> 665.09
A39: GRUPO C | C39: % | D39: Valor (R$)
A40: C.01 Aviso Prévio Indenizado | C40: =ROUND(1/12*5%,5) -> 0.00417 | D40: =ROUND($D$13*C40,2) -> 11.81
A41: C.02 Indenização Adicional | C41: =ROUND(0.02*(1/12),5) -> 0.00167 | D41: =ROUND($D$13*C41,2) -> 4.73
A42: C.03 Indenização (rescisão sem justa causa – multa de 40% do FGTS) | C42: =ROUND(40%*8%,5) -> 0.032 | D42: =ROUND($D$13*C42,2) -> 90.63
A43: TOTAL - GRUPO C | C43: =ROUND(SUM(C40:C42),5) -> 0.03784 | D43: =ROUND(SUM(D40:D42),2) -> 107.17
A45: GRUPO D | C45: % | D45: Valor (R$)
A46: D.01 Incidência dos encargos do grupo A sobre o grupo B | C46: =ROUND(C25*C37,5) -> 0.08877 | D46: =ROUND($D$13*C46,2) -> 251.42
A47: TOTAL - GRUPO D | C47: =ROUND(SUM(C46),5) -> 0.08877 | D47: =ROUND(SUM(D46),2) -> 251.42
A49: GRUPO E | C49: % | D49: Valor (R$)
A50: E.01 Incidência do FGTS sobre o aviso prévio indenizado | C50: =ROUND(8%*C40,5) -> 0.00033 | D50: =ROUND($D$13*C50,2) -> 0.93
A51: TOTAL - GRUPO E | C51: =ROUND(SUM(C50:C50),5) -> 0.00033 | D51: =ROUND(SUM(D50:D50),2) -> 0.93
A53: GRUPO F | C53: % | D53: Valor (R$)
A54: F.01 Incidência dos encargos do Grupo A sobre os valores constantes da base de cálculo referente ao salário maternidade | C54: =ROUND(C25*(13/12)*(4/12)*2/100,5) -> 0.00273 | D54: =ROUND($D$13*C54,2) -> 7.73
A55: TOTAL - GRUPO F | C55: =ROUND(SUM(C54),5) -> 0.00273 | D55: =ROUND(SUM(D54),2) -> 7.73
A56: TOTAL - ENCARGOS SOCIAIS (R$) | C56: =ROUND(C25+C37+C43+C47+C51+C55,5) -> 0.7425 | D56: =ROUND(D25+D37+D43+D47+D51+D55,2) -> 2102.92
A58: VALOR TOTAL DE REMUNERAÇÃO + ENCARGOS SOCIAIS (R$) | D58: =D13+D56 -> 4935.15
A60: SEÇÃO III - INSUMOS
A61: Insumos | C61: Referencia | D61: Valor (R$)
A62: Auxilio Alimentação | C62: 15 | D62: =ROUND(C62*22,2) -> 330
A63: Desconto do Auxilio Alimentação | C63: 0.1 | D63: =ROUND(D62*C63,2)*-1 -> -33
A64: Cesta Básica | C64: 100 | D64: =C64 -> 100
A65: Vale Transporte | C65: 3.8 | D65: =ROUND(C65*2*22,2) -> 167.2
A66: Desconto do Vale Transporte | C66: 0.06 | D66: =IF(D11*C66>D65,"-",ROUND(D11*C66,2)*-1) -> -
A67: Plano Odontológico | C67: 15 | D67: =C67 -> 15
A68: Assistência Social e Familiar | C68: 10 | D68: =C68 -> 10
A69: Programa de Qualificação Profissional | C69: 10 | D69: =C69 -> 10
A70: Uniforme | C70: - | D70: ='Uniforme Tipo I'!F13 -> 82.32
A71: Manutenção de Equipamento | C71: - | D71: ='Manutenção Equip.'!F7 -> 22.3
A72: TOTAL - INSUMOS (R$) | D72: =ROUND(SUM(D62:D70),2) -> 681.52
A74: TOTAL DE REMUNERAÇÃO + ENCARGOS SOCIAIS + INSUMOS (R$) | D74: =ROUND(D58+D72,2) -> 5616.67
A76: SEÇÃO IV - LDI E TRIBUTAÇÃO
A77: LUCRO E DESPESAS INDIRETAS (LDI) | C77: % | D77: Valor (R$)
A78: Despesas Administrativas/Operacionais | C78: 0.05 | D78: =ROUND(D74*C78,2) -> 280.83
A79: Lucro | C79: 0.1 | D79: =ROUND(D74*C79,2) -> 561.67
A80: TOTAL - LUCRO E DESPESAS INDIRETAS | C80: =ROUND(SUM(C78:C79),5) -> 0.15 | D80: =SUM(D78:D79) -> 842.5
A82: TOTAL DE REMUNERAÇÃO + ENCARGOS SOCIAIS + INSUMOS + INTRAJORNADA + LDI (R$) | D82: =ROUND(D74+D80,2) -> 6459.17
A84: BASE DE CÁLCULO PARA TRIBUTO | C84: =ROUND(1-(SUM(C87:C89)/1),5) -> 0.9135 | D84: =ROUND(D82/C84,2) -> 7070.79
A86: TRIBUTAÇÃO SOBRE FATURAMENTO | C86: % | D86: Valor (R$)
A87: ISS | C87: 0.05 | D87: =ROUND($D$84*C87,2) -> 353.54
A88: COFINS | C88: 0.03 | D88: =ROUND($D$84*C88,2) -> 212.12
A89: PIS | C89: 0.0065 | D89: =ROUND($D$84*C89,2) -> 45.96
A90: TOTAL - TRIBUTAÇÃO SOBRE FATURAMENTO | C90: =ROUND(SUM(C87:C89),5) -> 0.0865 | D90: =ROUND(SUM(D87:D89),2) -> 611.62
A92: PREÇO MENSAL PARA 1 (UM) EMPREGADO (R$) | D92: =ROUND(D82+D90,2) -> 7070.79
A93: PREÇO ANUAL PARA 1 (UM) POSTO (R$) - PREÇO MENSAL X 12 MESES | D93: =ROUND(D92*12,2) -> 84849.48
A95: Item | D95: %
A96: TOTAL - GRUPO A - ENCARGOS | D96: =C25 -> 0.378
A97: TOTAL - GRUPO B | D97: =C37 -> 0.23483
A98: TOTAL - GRUPO C | D98: =C43 -> 0.03784
A99: TOTAL - GRUPO D | D99: =C47 -> 0.08877
A100: TOTAL - GRUPO E | D100: =C51 -> 0.00033
A101: TOTAL - GRUPO F | D101: =C55 -> 0.00273
A102: TOTAL ENCARGOS SOCIAIS | D102: =ROUND(SUM(D96:D101),5) -> 0.7425
A104: Componentes | C104: R$ | D104: %
A105: I - COMPOSIÇÃO DE REMUNERAÇÃO | C105: =D13 -> 2832.23 | D105: =ROUND(C105/$C$109,5) -> 0.40055
A106: II - ENCARGOS SOCIAIS INCIDENTES SOBRE A REMUNERAÇÃO | C106: =D56 -> 2102.92 | D106: =ROUND(C106/$C$109,5) -> 0.29741
A107: III - INSUMOS | C107: =D72 -> 681.52 | D107: =ROUND(C107/$C$109,5) -> 0.09639
A108: IV - LDI E TRIBUTAÇÃO | C108: =ROUND(D80+D90,2) -> 1454.12 | D108: =ROUND(C108/$C$109,5) -> 0.20565
A109: TOTAL | C109: =ROUND(SUM(C105:C108),2) -> 7070.79 | D109: =ROUND(SUM(D105:D108),5) -> 1

Sheet Técnico de Suporte II
A1: PLANILHA ORÇAMENTÁRIA DE REFERÊNCIA DE FORMAÇÃO DE CUSTO DE MÃO DE OBRA
A2: Tipo de serviço: | B2: ='Quantidade de Cargo'!A17 -> Técnico de Suporte II
A3: CBO: | B3: ='Salario Base'!B17 -> 7823-05
A4: Unidade de medida: | B4: Posto
A5: Quantidade total a contratar (em função da unidade de medida): | B5: 1
A6: Convenção Coletiva de Trabalho/Acordo/ Dissídio Coletivo de Trabalho: | B6: Convenção Coletiva de Trabalho (CCT) - Nº Registro no MTE: AM000546/2021 - Nº Processo: 13621.120880/2021-15 - Nº Solicitação: MR069260/2020
A8: MÃO DE OBRA VINCULADA À EXECUÇÃO CONTRATUAL
A9: SEÇÃO I - COMPOSIÇÃO DA REMUNERAÇÃO (R$)
A10: Composição da Remuneração | C10: % | D10: Valor (R$)
A11: Salário Base | C11: - | D11: ='Salario Base'!D20 -> 3525.62
A12: Outros | D12: =C12*D11/100 -> 0
A13: TOTAL DA REMUNERAÇÃO (R$) | D13: =ROUND(SUM(D11:D12),2) -> 3525.62
A15: SEÇÃO II - ENCARGOS SOCIAIS INCIDENTES SOBRE A REMUNERAÇÃO (R$)
A16: GRUPO A - ENCARGOS | C16: % | D16: Valor (R$)
A17: A.01 SEGURIDADE SOCIAL | C17: 0.2 | D17: =ROUND($D$13*C17,2) -> 705.12
A18: A.02 FGTS | C18: 0.08 | D18: =ROUND($D$13*C18,2) -> 282.05
A19: A.03 SESI/SESC | C19: 0.015 | D19: =ROUND($D$13*C19,2) -> 52.88
A20: A.04 SENAI/SENAC | C20: 0.01 | D20: =ROUND($D$13*C20,2) -> 35.26
A21: A.05 INCRA | C21: 0.002 | D21: =ROUND($D$13*C21,2) -> 7.05
A22: A.06 SEBRAE | C22: 0.006 | D22: =ROUND($D$13*C22,2) -> 21.15
A23: A.07 Salário Educação | C23: 0.025 | D23: =ROUND($D$13*C23,2) -> 88.14
A24: A.08 Riscos Ambientais do Trabalho – RAT x FAP | C24: 0.04 | D24: =ROUND($D$13*C24,2) -> 141.02
A25: TOTAL - GRUPO A - ENCARGOS | C25: =ROUND(SUM(C17:C24),5) -> 0.378 | D25: =ROUND(SUM(D17:D24),2) -> 1332.67
A27: GRUPO B | C27: % | D27: Valor (R$)
A28: B.01 13º Salário | C28: =ROUND(1/12,5) -> 0.08333 | D28: =ROUND($D$13*C28,2) -> 293.79
A29: B.02 Férias (incluindo 1/3 constitucional) | C29: =ROUND((1/3)/12,5) -> 0.02778 | D29: =ROUND($D$13*C29,2) -> 97.94
A30: B.03 Aviso Prévio Trabalhado | C30: =ROUND((((100% / 30) * 7) / 12),5) -> 0.01944 | D30: =ROUND($D$13*C30,2) -> 68.54
A31: B.04 Auxílio Doença | C31: =ROUND((5/30)/12,5) -> 0.01389 | D31: =ROUND($D$13*C31,2) -> 48.97
A32: B.05 Acidente de Trabalho | C32: =ROUND(((15/30/12)*0.08),5) -> 0.00333 | D32: =ROUND($D$13*C32,2) -> 11.74
A33: B.06 Faltas Legais | C33: =ROUND((1/30)/12,5) -> 0.00278 | D33: =ROUND($D$13*C33,2) -> 9.8
A34: B.07 Férias sobre Licença Maternidade | C34: =ROUND(0.1111*0.02*0.333,5) -> 0.00074 | D34: =ROUND($D$13*C34,2) -> 2.61
A35: B.08 Licença Paternidade | C35: =ROUND(((5/30)/12)*0.015,5) -> 0.00021 | D35: =ROUND($D$13*C35,2) -> 0.74
A36: B.09 Férias adquiridas (não usufruídas) | C36: =ROUND(1/12,5) -> 0.08333 | D36: =ROUND($D$13*C36,2) -> 293.79
A37: TOTAL - GRUPO B | C37: =ROUND(SUM(C28:C36),5) -> 0.23483 | D37: =ROUND(SUM(D28:D36),2) -> 827.92
A39: GRUPO C | C39: % | D39: Valor (R$)
A40: C.01 Aviso Prévio Indenizado | C40: =ROUND(1/12*5%,5) -> 0.00417 | D40: =ROUND($D$13*C40,2) -> 14.7
A41: C.02 Indenização Adicional | C41: =ROUND(0.02*(1/12),5) -> 0.00167 | D41: =ROUND($D$13*C41,2) -> 5.89
A42: C.03 Indenização (rescisão sem justa causa – multa de 40% do FGTS) | C42: =ROUND(40%*8%,5) -> 0.032 | D42: =ROUND($D$13*C42,2) -> 112.82
A43: TOTAL - GRUPO C | C43: =ROUND(SUM(C40:C42),5) -> 0.03784 | D43: =ROUND(SUM(D40:D42),2) -> 133.41
A45: GRUPO D | C45: % | D45: Valor (R$)
A46: D.01 Incidência dos encargos do grupo A sobre o grupo B | C46: =ROUND(C25*C37,5) -> 0.08877 | D46: =ROUND($D$13*C46,2) -> 312.97
A47: TOTAL - GRUPO D | C47: =ROUND(SUM(C46),5) -> 0.08877 | D47: =ROUND(SUM(D46),2) -> 312.97
A49: GRUPO E | C49: % | D49: Valor (R$)
A50: E.01 Incidência do FGTS sobre o aviso prévio indenizado | C50: =ROUND(8%*C40,5) -> 0.00033 | D50: =ROUND($D$13*C50,2) -> 1.16
A51: TOTAL - GRUPO E | C51: =ROUND(SUM(C50:C50),5) -> 0.00033 | D51: =ROUND(SUM(D50:D50),2) -> 1.16
A53: GRUPO F | C53: % | D53: Valor (R$)
A54: F.01 Incidência dos encargos do Grupo A sobre os valores constantes da base de cálculo referente ao salário maternidade | C54: =ROUND(C25*(13/12)*(4/12)*2/100,5) -> 0.00273 | D54: =ROUND($D$13*C54,2) -> 9.62
A55: TOTAL - GRUPO F | C55: =ROUND(SUM(C54),5) -> 0.00273 | D55: =ROUND(SUM(D54),2) -> 9.62
A56: TOTAL - ENCARGOS SOCIAIS (R$) | C56: =ROUND(C25+C37+C43+C47+C51+C55,5) -> 0.7425 | D56: =ROUND(D25+D37+D43+D47+D51+D55,2) -> 2617.75
A58: VALOR TOTAL DE REMUNERAÇÃO + ENCARGOS SOCIAIS (R$) | D58: =D13+D56 -> 6143.37
A60: SEÇÃO III - INSUMOS
A61: Insumos | C61: Referencia | D61: Valor (R$)
A62: Auxilio Alimentação | C62: 15 | D62: =ROUND(C62*22,2) -> 330
A63: Desconto do Auxilio Alimentação | C63: 0.1 | D63: =ROUND(D62*C63,2)*-1 -> -33
A64: Cesta Básica | C64: 100 | D64: =C64 -> 100
A65: Vale Transporte | C65: 3.8 | D65: =ROUND(C65*2*22,2) -> 167.2
A66: Desconto do Vale Transporte | C66: 0.06 | D66: =IF(D11*C66>D65,"-",ROUND(D11*C66,2)*-1) -> -
A67: Plano Odontológico | C67: 15 | D67: =C67 -> 15
A68: Assistência Social e Familiar | C68: 10 | D68: =C68 -> 10
A69: Programa de Qualificação Profissional | C69: 10 | D69: =C69 -> 10
A70: Uniforme | C70: - | D70: ='Uniforme Tipo I'!F13 -> 82.32
A71: Manutenção de Equipamento | C71: - | D71: ='Manutenção Equip.'!F7 -> 22.3
A72: TOTAL - INSUMOS (R$) | D72: =ROUND(SUM(D62:D70),2) -> 681.52
A74: TOTAL DE REMUNERAÇÃO + ENCARGOS SOCIAIS + INSUMOS (R$) | D74: =ROUND(D58+D72,2) -> 6824.89
A76: SEÇÃO IV - LDI E TRIBUTAÇÃO
A77: LUCRO E DESPESAS INDIRETAS (LDI) | C77: % | D77: Valor (R$)
A78: Despesas Administrativas/Operacionais | C78: 0.05 | D78: =ROUND(D74*C78,2) -> 341.24
A79: Lucro | C79: 0.1 | D79: =ROUND(D74*C79,2) -> 682.49
A80: TOTAL - LUCRO E DESPESAS INDIRETAS | C80: =ROUND(SUM(C78:C79),5) -> 0.15 | D80: =SUM(D78:D79) -> 1023.73
A82: TOTAL DE REMUNERAÇÃO + ENCARGOS SOCIAIS + INSUMOS + INTRAJORNADA + LDI (R$) | D82: =ROUND(D74+D80,2) -> 7848.62
A84: BASE DE CÁLCULO PARA TRIBUTO | C84: =ROUND(1-(SUM(C87:C89)/1),5) -> 0.9135 | D84: =ROUND(D82/C84,2) -> 8591.81
A86: TRIBUTAÇÃO SOBRE FATURAMENTO | C86: % | D86: Valor (R$)
A87: ISS | C87: 0.05 | D87: =ROUND($D$84*C87,2) -> 429.59
A88: COFINS | C88: 0.03 | D88: =ROUND($D$84*C88,2) -> 257.75
A89: PIS | C89: 0.0065 | D89: =ROUND($D$84*C89,2) -> 55.85
A90: TOTAL - TRIBUTAÇÃO SOBRE FATURAMENTO | C90: =ROUND(SUM(C87:C89),5) -> 0.0865 | D90: =ROUND(SUM(D87:D89),2) -> 743.19
A92: PREÇO MENSAL PARA 1 (UM) EMPREGADO (R$) | D92: =ROUND(D82+D90,2) -> 8591.81
A93: PREÇO ANUAL PARA 1 (UM) POSTO (R$) - PREÇO MENSAL X 12 MESES | D93: =ROUND(D92*12,2) -> 103101.72
A95: Item | D95: %
A96: TOTAL - GRUPO A - ENCARGOS | D96: =C25 -> 0.378
A97: TOTAL - GRUPO B | D97: =C37 -> 0.23483
A98: TOTAL - GRUPO C | D98: =C43 -> 0.03784
A99: TOTAL - GRUPO D | D99: =C47 -> 0.08877
A100: TOTAL - GRUPO E | D100: =C51 -> 0.00033
A101: TOTAL - GRUPO F | D101: =C55 -> 0.00273
A102: TOTAL ENCARGOS SOCIAIS | D102: =ROUND(SUM(D96:D101),5) -> 0.7425
A104: Componentes | C104: R$ | D104: %
A105: I - COMPOSIÇÃO DE REMUNERAÇÃO | C105: =D13 -> 3525.62 | D105: =ROUND(C105/$C$109,5) -> 0.41035
A106: II - ENCARGOS SOCIAIS INCIDENTES SOBRE A REMUNERAÇÃO | C106: =D56 -> 2617.75 | D106: =ROUND(C106/$C$109,5) -> 0.30468
A107: III - INSUMOS | C107: =D72 -> 681.52 | D107: =ROUND(C107/$C$109,5) -> 0.07932
A108: IV - LDI E TRIBUTAÇÃO | C108: =ROUND(D80+D90,2) -> 1766.92 | D108: =ROUND(C108/$C$109,5) -> 0.20565
A109: TOTAL | C109: =ROUND(SUM(C105:C108),2) -> 8591.81 | D109: =ROUND(SUM(D105:D108),5) -> 1

Sheet Uniforme Tipo I
A1: UNIFORME DAS ÁREAS ADMINISTRATIVA, COMUNICAÇÃO, TÉCNOLOGIA DA INFORMAÇÃO E COMPLEMENTAR
A2: Masculino
A3: Item | B3: Descrição | C3: Unidade de Medida | D3: Qtde. Anual (a) | E3: Valor Médio Unitário (R$) (b) | F3: Custo Total (R$) (c = a x b)
A4: =1 -> 1 | B4: Camisa Gola Polo | C4: Und. | D4: 8 | E4: 55.46 | F4: =ROUND(E4*D4,2) -> 443.68
A5: =A4+1 -> 2 | B5: Calça Jeans Masculina | C5: Und. | D5: 6 | E5: 90.7 | F5: =ROUND(E5*D5,2) -> 544.2
A6: Custo Global Uniforme Masculino (R$) (∑ do Custo Total) → | F6: =ROUND(SUM(F4:F5),2) -> 987.88
A7: Feminino
A8: Item | B8: Descrição | C8: Unidade de Medida | D8: Qtde. Anual (a) | E8: Valor Médio Unitário (R$) (b) | F8: Custo Total (R$) (c = a x b)
A9: =1 -> 1 | B9: Camisa Gola Polo | C9: Und. | D9: 8 | E9: 55.46 | F9: =ROUND(E9*D9,2) -> 443.68
A10: =A9+1 -> 2 | B10: Calça Jeans Feminina | C10: Und. | D10: 6 | E10: 90.7 | F10: =ROUND(E10*D10,2) -> 544.2
A11: Custo Global Uniforme Feminino (R$) (∑ do Custo Total) → | F11: =ROUND(SUM(F9:F10),2) -> 987.88
A12: Custo Global Médio do Uniforme (R$) [(Uniforme Masc. + Uniforme Fem.) ÷ 2] | F12: =ROUND((F6+F11)/2,2) -> 987.88
A13: Custo Mensal Uniforme (R$) (Custo Global ÷ 12 meses) → | F13: =ROUND(F12/12,2) -> 82.32

Sheet Uniforme Tipo II
A1: UNIFORME DA ÁREA JURIDICA
A2: Masculino
A3: Item | B3: Descrição | C3: Unidade de Medida | D3: Qtde. Anual (a) | E3: Valor Médio Unitário (R$) (b) | F3: Custo Total (R$) (c = a x b)
A4: =1 -> 1 | B4: Terno Masculino | C4: Und. | D4: 4 | E4: 335.33 | F4: =ROUND(E4*D4,2) -> 1341.32
A5: =A4+1 -> 2 | B5: Camisa Social | C5: Und. | D5: 4 | E5: 96.64 | F5: =ROUND(E5*D5,2) -> 386.56
A6: 3 | B6: Gravata | C6: Und. | D6: 2 | E6: 44 | F6: =ROUND(E6*D6,2) -> 88
A7: 4 | B7: Meias | C7: Par | D7: 4 | E7: 23.33 | F7: =ROUND(E7*D7,2) -> 93.32
A8: 5 | B8: Sapatos | C8: Par | D8: 2 | E8: 216 | F8: =ROUND(E8*D8,2) -> 432
A9: Custo Global Uniforme Masculino (R$) (∑ do Custo Total) → | F9: =ROUND(SUM(F4:F8),2) -> 2341.2
A10: Feminino
A11: Item | B11: Descrição | C11: Unidade de Medida | D11: Qtde. Anual (a) | E11: Valor Médio Unitário (R$) (b) | F11: Custo Total (R$) (c = a x b)
A12: =1 -> 1 | B12: Terno Feminino | C12: Und. | D12: 4 | E12: 335.33 | F12: =ROUND(E12*D12,2) -> 1341.32
A13: =A12+1 -> 2 | B13: Camisa Social | C13: Und. | D13: 4 | E13: 93 | F13: =ROUND(E13*D13,2) -> 372
A14: 3 | B14: Meias | C14: Par | D14: 4 | E14: 30.5 | F14: =ROUND(E14*D14,2) -> 122
A15: 4 | B15: Sapatos | C15: Par | D15: 2 | E15: 146.27 | F15: =ROUND(E15*D15,2) -> 292.54
A16: Custo Global Uniforme Feminino (R$) (∑ do Custo Total) → | F16: =ROUND(SUM(F12:F15),2) -> 2127.86
A17: Custo Global Médio do Uniforme (R$) [(Uniforme Masc. + Uniforme Fem.) ÷ 2] | F17: =ROUND((F9+F16)/2,2) -> 2234.53
A18: Custo Mensal Uniforme (R$) (Custo Global ÷ 12 meses) → | F18: =ROUND(F17/12,2) -> 186.21

Sheet Manutenção Equip.
A1: MANUTENÇÃO DE EQUIPAMENTO
A2: Item | B2: Descrição | C2: Unidade de Medida | D2: Quant. Total (a) | E2: Valor Médio Unitário (R$) (b) | F2: Custo Total (R$) (c = a x b)
A3: =1 -> 1 | B3: Relogio de Ponto | C3: Uni. | D3: 3 | E3: 558.55 | F3: =ROUND(D3*E3,2) -> 1675.65
A4: Custo Global (R$) (∑ do Custo Total) → | F4: =ROUND(SUM(F3:F3),2) -> 1675.65
A5: Custo Mensal com a Manutenção dos Equipamentos: (k x 83 x V0/VU) → | F5: =ROUND(0.6*83*F4/10000,2) -> 8.34
A6: Custo Mensal com a Depreciação dos Equipamentos: [Valor total dos equipamentos x (1,00-0,20)]/(12x8) → | F6: =ROUND(F4*(1-0.2)/(12*8),2) -> 13.96
A7: Custo Mensal Manut. Depre. dos Equipamentos (R$) (Custo Mensal Manutenção + Depreciação) → | F7: =ROUND(F5+F6,2) -> 22.3

Sheet EPI's
A1: EPI'S
A2: GRUPO A - FORNECIMENTO ANUAL
A3: Item | B3: Descrição | C3: Unidade de Medida | D3: Quant. Total (a) | E3: Valor Médio Unitário (R$) (b) | F3: Custo Total (R$) (c = a x b)
A4: 1 | B4: Bota bidensidade | C4: Par | D4: 2 | E4: 327.55 | F4: =E4*D4 -> 655.1
A5: 2 | B5: Luva de PVC | C5: Par | D5: 2 | E5: 16.73 | F5: =E5*D5 -> 33.46
A6: 3 | B6: Óculos de segurança contra impactos com lente incolor, armação nylon, com proteção UVA e UVB | C6: Uni. | D6: 1 | E6: 12.03 | F6: =E6*D6 -> 12.03
A7: 4 | B7: Protetor auditivo tipo plug de inserção com cordão, atenuação superior a 15DB | C7: Uni. | D7: 1 | E7: 1.84 | F7: =E7*D7 -> 1.84
A8: 5 | B8: Máscara de proteção contra poeira, com válvula, descartável | C8: Caixa | D8: 1 | E8: 4.34 | F8: =E8*D8 -> 4.34
A9: Custo Global do Grupo A (R$) (∑ do Custo Total) → | F9: =SUM(F4:F8) -> 706.77
A10: Custo Mensal do Grupo A (R$) (Custo Total do Grupo A ÷ 12 meses) → | F10: =F9/12 -> 58.8975
A12: GRUPO B - FORNECIMENTO A CADA 30 MESES
A13: Item | B13: Descrição | C13: Unidade de Medida | D13: Quant. Total (a) | E13: Valor Médio Unitário (R$) (b) | F13: Custo Total (R$) (c = a x b)
A14: 6 | B14: Capacete de segurança Aba frontal com suspensão de polietileno com jugular | C14: Uni. | D14: 1 | E14: 27.65 | F14: =E14*D14 -> 27.65
A15: 7 | B15: Cintos de Segurança do tipo paraquedas | C15: Uni. | D15: 1 | E15: 422.36 | F15: =E15*D15 -> 422.36
A16: 8 | B16: Luva de vaqueta | C16: Par | D16: 1 | E16: 26.96 | F16: =E16*D16 -> 26.96
A17: Custo Global do Grupo B (R$) (∑ do Custo Total) → | F17: =SUM(F14:F16) -> 476.97
A18: Custo Mensal do Grupo A (R$) (Custo Total do Grupo A ÷ 30 meses) → | F18: =F17/30 -> 15.899
A19: Custo Mensal de EPI's (R$) (Custo Mensal do Grupo A + B) → | F19: =F10+F18 -> 74.7965

Sheet Previsão de Hora-Extra
A1: PREVISÃO DE CUSTO HORAS-EXTRAS
A2: GRUPO A - ESTIMATIVA DE HORAS EXTRAORDINARIAS ANUAL - SABADO E DIAS ÚTEIS
A3: Item | B3: Cargo | C3: Qtde. de Profissionais - a | D3: Qtde. de Horas-Extras - b | E3: Valor da Hora Extra (R$) - c | F3: Custo (R$) - d = a x b x c
A4: 1 | B4: ='Quantidade de Hora-Extra'!A4 -> Copeiro II | C4: ='Quantidade de Hora-Extra'!B4 -> 1 | D4: ='Quantidade de Hora-Extra'!C4 -> 84 | E4: ='Hr-Extra Copeira II'!D90 -> 19.31 | F4: =ROUND(C4*D4*E4,2) -> 1622.04
A5: 2 | B5: ='Quantidade de Hora-Extra'!A5 -> Motorista | C5: ='Quantidade de Hora-Extra'!B5 -> 2 | D5: ='Quantidade de Hora-Extra'!C5 -> 21 | E5: ='Hr-Extra Motorista'!D89 -> 22.76 | F5: =ROUND(C5*D5*E5,2) -> 955.92
A6: 3 | B6: ='Quantidade de Hora-Extra'!A6 -> Oficial de Manutenção | C6: ='Quantidade de Hora-Extra'!B6 -> 1 | D6: ='Quantidade de Hora-Extra'!C6 -> 21 | E6: ='Hr-Extra Oficial de Manutenção'!D89 -> 33.78 | F6: =ROUND(C6*D6*E6,2) -> 709.38
A7: 4 | B7: ='Quantidade de Hora-Extra'!A7 -> Técnico de Suporte I | C7: ='Quantidade de Hora-Extra'!B7 -> 1 | D7: ='Quantidade de Hora-Extra'!C7 -> 40 | E7: ='Hr-Extra Técnico de Suporte I'!D89 -> 37.52 | F7: =ROUND(C7*D7*E7,2) -> 1500.8
A8: 5 | B8: ='Quantidade de Hora-Extra'!A8 -> Técnico de Suporte II | C8: 1 | D8: ='Quantidade de Hora-Extra'!C8 -> 40 | E8: ='Hr-Extra Técnico de Suporte II'!D89 -> 46.53 | F8: =ROUND(C8*D8*E8,2) -> 1861.2
A9: SUBTOTAL - GRUPO A (R$) | C9: =ROUND(SUM(C4:C8),2) -> 6 | D9: =ROUND(SUM(D4:D8),2) -> 206 | E9: =ROUND(SUM(E4:E8),2) -> 159.9 | F9: =ROUND(SUM(F4:F8),2) -> 6649.34
A11: GRUPO B - ESTIMATIVA DE HORAS EXTRAORDINARIAS ANUAL - DOMINGOS E FERIADOS
A12: Item | B12: Cargo | C12: Qtde. de Profissionais - e | D12: Qtde. de Horas-Extras - f | E12: Valor da Hora Extra (R$) - g | F12: Custo (R$) - h = e x f x g
A13: 1 | B13: =B4 -> Copeiro II | C13: =C4 -> 1 | D13: ='Quantidade de Hora-Extra'!D4 -> 36 | E13: ='Hr-Extra Copeira II'!D91 -> 25.74 | F13: =ROUND(C13*D13*E13,2) -> 926.64
A14: 2 | B14: =B5 -> Motorista | C14: =C5 -> 2 | D14: ='Quantidade de Hora-Extra'!D5 -> 9 | E14: ='Hr-Extra Motorista'!D90 -> 30.34 | F14: =ROUND(C14*D14*E14,2) -> 546.12
A15: 3 | B15: =B6 -> Oficial de Manutenção | C15: =C6 -> 1 | D15: ='Quantidade de Hora-Extra'!D6 -> 9 | E15: ='Hr-Extra Oficial de Manutenção'!D90 -> 45.04 | F15: =ROUND(C15*D15*E15,2) -> 405.36
A16: 4 | B16: =B7 -> Técnico de Suporte I | C16: =C7 -> 1 | D16: ='Quantidade de Hora-Extra'!D7 -> 4 | E16: ='Hr-Extra Técnico de Suporte I'!D90 -> 50.02 | F16: =ROUND(C16*D16*E16,2) -> 200.08
A17: 5 | B17: =B8 -> Técnico de Suporte II | C17: 1 | D17: ='Quantidade de Hora-Extra'!D8 -> 4 | E17: ='Hr-Extra Técnico de Suporte II'!D90 -> 62.04 | F17: =ROUND(C17*D17*E17,2) -> 248.16
A18: SUBTOTAL - GRUPO B (R$) | C18: =ROUND(SUM(C13:C17),2) -> 6 | D18: =ROUND(SUM(D13:D17),2) -> 62 | E18: =ROUND(SUM(E13:E17),2) -> 213.18 | F18: =ROUND(SUM(F13:F17),2) -> 2326.36
A20: TOTAL GERAL ANUAL DE HORAS EXTRAS (Subtotal Grupo A+B) R$ → | F20: =ROUND(F9+F18,2) -> 8975.7
A21: TOTAL GERAL MENSAL DE HORAS EXTRAS (Total Geral Anual ÷ 12 meses) R$ → | F21: =ROUND(F20/12,2) -> 747.98

Sheet Hr-Extra Copeira II
A1: PLANILHA ORÇAMENTÁRIA DE REFERÊNCIA DE FORMAÇÃO DE CUSTO DE SERVIÇO EXTRAODINÁRIO
A2: Tipo de serviço: | B2: ='Quantidade de Cargo'!A12 -> Copeiro II
A3: CBO: | B3: ='Salario Base'!B15 -> 5134-25
A4: Unidade de medida: | B4: Posto
A5: Quantidade total a contratar (em função da unidade de medida): | B5: 1
A6: Convenção Coletiva de Trabalho/Acordo/ Dissídio Coletivo de Trabalho: | B6: Salario.com.br c/c Convenção Coletiva de Trabalho (CCT) - Nº Registro no MTE: AM000546/2021 - Nº Processo: 13621.120880/2021-15 - Nº Solicitação: MR069260/2020
A8: MÃO DE OBRA VINCULADA À EXECUÇÃO CONTRATUAL
A9: SEÇÃO I - COMPOSIÇÃO DA REMUNERAÇÃO (R$)
A10: Composição da Remuneração | C10: % | D10: Valor (R$)
A11: Salário Base | C11: - | D11: ='Salario Base'!C15 -> 1415.83
A12: Outros | D12: =C12*D11/100 -> 0
A13: TOTAL DA REMUNERAÇÃO (R$) | D13: =ROUND(SUM(D11:D12),2) -> 1415.83
A15: SEÇÃO II - ENCARGOS SOCIAIS INCIDENTES SOBRE A REMUNERAÇÃO (R$)
A16: GRUPO A - ENCARGOS | C16: % | D16: Valor (R$)
A17: A.01 SEGURIDADE SOCIAL | C17: 0.2 | D17: =ROUND($D$13*C17,2) -> 283.17
A18: A.02 FGTS | C18: 0.08 | D18: =ROUND($D$13*C18,2) -> 113.27
A19: A.03 SESI/SESC | C19: 0.015 | D19: =ROUND($D$13*C19,2) -> 21.24
A20: A.04 SENAI/SENAC | C20: 0.01 | D20: =ROUND($D$13*C20,2) -> 14.16
A21: A.05 INCRA | C21: 0.002 | D21: =ROUND($D$13*C21,2) -> 2.83
A22: A.06 SEBRAE | C22: 0.006 | D22: =ROUND($D$13*C22,2) -> 8.49
A23: A.07 Salário Educação | C23: 0.025 | D23: =ROUND($D$13*C23,2) -> 35.4
A24: A.08 Riscos Ambientais do Trabalho – RAT x FAP | C24: 0.06 | D24: =ROUND($D$13*C24,2) -> 84.95
A25: TOTAL - GRUPO A - ENCARGOS | C25: =ROUND(SUM(C17:C24),5) -> 0.398 | D25: =ROUND(SUM(D17:D24),2) -> 563.51
A27: GRUPO B | C27: % | D27: Valor (R$)
A28: B.01 13º Salário | C28: =ROUND(1/12,5) -> 0.08333 | D28: =ROUND($D$13*C28,2) -> 117.98
A29: B.02 Férias (incluindo 1/3 constitucional) | C29: =ROUND((1/3)/12,5) -> 0.02778 | D29: =ROUND($D$13*C29,2) -> 39.33
A30: B.03 Aviso Prévio Trabalhado | C30: =ROUND((((100% / 30) * 7) / 12),5) -> 0.01944 | D30: =ROUND($D$13*C30,2) -> 27.52
A31: B.04 Auxílio Doença | C31: =ROUND((5/30)/12,5) -> 0.01389 | D31: =ROUND($D$13*C31,2) -> 19.67
A32: B.05 Acidente de Trabalho | C32: =ROUND(((15/30/12)*0.08),5) -> 0.00333 | D32: =ROUND($D$13*C32,2) -> 4.71
A33: B.06 Faltas Legais | C33: =ROUND((1/30)/12,5) -> 0.00278 | D33: =ROUND($D$13*C33,2) -> 3.94
A34: B.07 Férias sobre Licença Maternidade | C34: =ROUND(0.1111*0.02*0.333,5) -> 0.00074 | D34: =ROUND($D$13*C34,2) -> 1.05
A35: B.08 Licença Paternidade | C35: =ROUND(((5/30)/12)*0.015,5) -> 0.00021 | D35: =ROUND($D$13*C35,2) -> 0.3
A36: B.09 Férias adquiridas (não usufruídas) | C36: =ROUND(1/12,5) -> 0.08333 | D36: =ROUND($D$13*C36,2) -> 117.98
A37: TOTAL - GRUPO B | C37: =ROUND(SUM(C28:C36),5) -> 0.23483 | D37: =ROUND(SUM(D28:D36),2) -> 332.48
A39: GRUPO C | C39: % | D39: Valor (R$)
A40: C.01 Aviso Prévio Indenizado | C40: =ROUND(1/12*5%,5) -> 0.00417 | D40: =ROUND($D$13*C40,2) -> 5.9
A41: C.02 Indenização Adicional | C41: =ROUND(0.02*(1/12),5) -> 0.00167 | D41: =ROUND($D$13*C41,2) -> 2.36
A42: C.03 Indenização (rescisão sem justa causa – multa de 40% do FGTS) | C42: =ROUND(40%*8%,5) -> 0.032 | D42: =ROUND($D$13*C42,2) -> 45.31
A43: TOTAL - GRUPO C | C43: =ROUND(SUM(C40:C42),5) -> 0.03784 | D43: =ROUND(SUM(D40:D42),2) -> 53.57
A45: GRUPO D | C45: % | D45: Valor (R$)
A46: D.01 Incidência dos encargos do grupo A sobre o grupo B | C46: =ROUND(C25*C37,5) -> 0.09346 | D46: =ROUND($D$13*C46,2) -> 132.32
A47: TOTAL - GRUPO D | C47: =ROUND(SUM(C46),5) -> 0.09346 | D47: =ROUND(SUM(D46),2) -> 132.32
A49: GRUPO E | C49: % | D49: Valor (R$)
A50: E.01 Incidência do FGTS sobre o aviso prévio indenizado | C50: =ROUND(8%*C40,5) -> 0.00033 | D50: =ROUND($D$13*C50,2) -> 0.47
A51: TOTAL - GRUPO E | C51: =ROUND(SUM(C50:C50),5) -> 0.00033 | D51: =ROUND(SUM(D50:D50),2) -> 0.47
A53: GRUPO F | C53: % | D53: Valor (R$)
A54: F.01 Incidência dos encargos do Grupo A sobre os valores constantes da base de cálculo referente ao salário maternidade | C54: =ROUND(C25*(13/12)*(4/12)*2/100,5) -> 0.00287 | D54: =ROUND($D$13*C54,2) -> 4.06
A55: TOTAL - GRUPO F | C55: =ROUND(SUM(C54),5) -> 0.00287 | D55: =ROUND(SUM(D54),2) -> 4.06
A56: TOTAL - ENCARGOS SOCIAIS (R$) | C56: =ROUND(C25+C37+C43+C47+C51+C55,5) -> 0.76733 | D56: =ROUND(D25+D37+D43+D47+D51+D55,2) -> 1086.41
A58: VALOR TOTAL DE REMUNERAÇÃO + ENCARGOS SOCIAIS (R$) | D58: =D13+D56 -> 2502.24
A60: SEÇÃO III - INSUMOS
A61: Insumos | C61: Referencia | D61: Valor (R$)
A62: Auxilio Alimentação | C62: 15 | D62: =ROUND(C62*4,2) -> 60
A63: Desconto do Auxilio Alimentação | C63: 0.1 | D63: =ROUND(D62*C63,2)*-1 -> -6
A64: Vale Transporte | C64: 3.8 | D64: =ROUND(C64*2*4,2) -> 30.4
A65: TOTAL - INSUMOS (R$) | D65: =ROUND(SUM(D62:D64),2) -> 84.4
A67: TOTAL DE REMUNERAÇÃO + ENCARGOS SOCIAIS + INSUMOS (R$) | D67: =ROUND(D58+D65,2) -> 2586.64
A69: SEÇÃO IV - LDI E TRIBUTAÇÃO
A70: LUCRO E DESPESAS INDIRETAS (LDI) | C70: % | D70: Valor (R$)
A71: Despesas Administrativas/Operacionais | C71: 0 | D71: =ROUND(D67*C71,2) -> 0
A72: Lucro | C72: 0 | D72: =ROUND(D67*C72,2) -> 0
A73: TOTAL - LUCRO E DESPESAS INDIRETAS | C73: =ROUND(SUM(C71:C72),5) -> 0 | D73: =SUM(D71:D72) -> 0
A75: TOTAL DE REMUNERAÇÃO + ENCARGOS SOCIAIS + INSUMOS + INTRAJORNADA + LDI (R$) | D75: =ROUND(D67+D73,2) -> 2586.64
A77: BASE DE CÁLCULO PARA TRIBUTO | C77: =ROUND(1-(SUM(C80:C82)/1),5) -> 0.9135 | D77: =ROUND(D75/C77,2) -> 2831.57
A79: TRIBUTAÇÃO SOBRE FATURAMENTO | C79: % | D79: Valor (R$)
A80: ISS | C80: 0.05 | D80: =ROUND($D$77*C80,2) -> 141.58
A81: COFINS | C81: 0.03 | D81: =ROUND($D$77*C81,2) -> 84.95
A82: PIS | C82: 0.0065 | D82: =ROUND($D$77*C82,2) -> 18.41
A83: TOTAL - TRIBUTAÇÃO SOBRE FATURAMENTO | C83: =ROUND(SUM(C80:C82),5) -> 0.0865 | D83: =ROUND(SUM(D80:D82),2) -> 244.94
A85: PREÇO MENSAL PARA 1 (UM) EMPREGADO (R$) | D85: =ROUND(D75+D83,2) -> 2831.58
A86: PREÇO ANUAL PARA 1 (UM) POSTO (R$) - PREÇO MENSAL X 12 MESES | D86: =ROUND(D85*12,2) -> 33978.96
A88: VALORES - SERVIÇO EXTRA
A89: PREÇO HOMEM HORA DE 1 (UM) EMPREGADO (R$) | D89: =ROUND(D85/220,2) -> 12.87
A90: HOMEM-HORA A 50% (R$) | D90: =ROUND((D89*50%)+D89,2) -> 19.31
A91: HOMEM-HORA A 100% (R$) | D91: =ROUND((D89*100%)+D89,2) -> 25.74
A93: Item | D93: %
A94: TOTAL - GRUPO A - ENCARGOS | D94: =C25 -> 0.398
A95: TOTAL - GRUPO B | D95: =C37 -> 0.23483
A96: TOTAL - GRUPO C | D96: =C43 -> 0.03784
A97: TOTAL - GRUPO D | D97: =C47 -> 0.09346
A98: TOTAL - GRUPO E | D98: =C51 -> 0.00033
A99: TOTAL - GRUPO F | D99: =C55 -> 0.00287
A100: TOTAL ENCARGOS SOCIAIS | D100: =ROUND(SUM(D94:D99),5) -> 0.76733
A102: Componentes | C102: R$ | D102: %
A103: I - COMPOSIÇÃO DE REMUNERAÇÃO | C103: =D13 -> 1415.83 | D103: =ROUND(C103/$C$107,5) -> 0.50001
A104: II - ENCARGOS SOCIAIS INCIDENTES SOBRE A REMUNERAÇÃO | C104: =D56 -> 1086.41 | D104: =ROUND(C104/$C$107,5) -> 0.38368
A105: III - INSUMOS | C105: =D65 -> 84.4 | D105: =ROUND(C105/$C$107,5) -> 0.02981
A106: IV - LDI E TRIBUTAÇÃO | C106: =ROUND(D73+D83,2) -> 244.94 | D106: =ROUND(C106/$C$107,5) -> 0.0865
A107: TOTAL | C107: =ROUND(SUM(C103:C106),2) -> 2831.58 | D107: =ROUND(SUM(D103:D106),5) -> 1

Sheet Hr-Extra Motorista
A1: PLANILHA ORÇAMENTÁRIA DE REFERÊNCIA DE FORMAÇÃO DE CUSTO DE SERVIÇO EXTRAODINÁRIO
A2: Tipo de serviço: | B2: ='Quantidade de Cargo'!A14 -> Motorista
A3: CBO: | B3: ='Salario Base'!B17 -> 7823-05
A4: Unidade de medida: | B4: Posto
A5: Quantidade total a contratar (em função da unidade de medida): | B5: 1
A6: Convenção Coletiva de Trabalho/Acordo/ Dissídio Coletivo de Trabalho: | B6: Convenção Coletiva de Trabalho (CCT) - Nº Registro no MTE: AM000284/2022 - Nº Processo: 13621.111690/2022-80 - Nº Solicitação: MR030850/2022
A8: MÃO DE OBRA VINCULADA À EXECUÇÃO CONTRATUAL
A9: SEÇÃO I - COMPOSIÇÃO DA REMUNERAÇÃO (R$)
A10: Composição da Remuneração | C10: % | D10: Valor (R$)
A11: Salário Base | C11: - | D11: ='Salario Base'!F17 -> 1669.04
A12: Outros | D12: =C12*D11/100 -> 0
A13: TOTAL DA REMUNERAÇÃO (R$) | D13: =ROUND(SUM(D11:D12),2) -> 1669.04
A15: SEÇÃO II - ENCARGOS SOCIAIS INCIDENTES SOBRE A REMUNERAÇÃO (R$)
A16: GRUPO A - ENCARGOS | C16: % | D16: Valor (R$)
A17: A.01 SEGURIDADE SOCIAL | C17: 0.2 | D17: =ROUND($D$13*C17,2) -> 333.81
A18: A.02 FGTS | C18: 0.08 | D18: =ROUND($D$13*C18,2) -> 133.52
A19: A.03 SESI/SESC | C19: 0.015 | D19: =ROUND($D$13*C19,2) -> 25.04
A20: A.04 SENAI/SENAC | C20: 0.01 | D20: =ROUND($D$13*C20,2) -> 16.69
A21: A.05 INCRA | C21: 0.002 | D21: =ROUND($D$13*C21,2) -> 3.34
A22: A.06 SEBRAE | C22: 0.006 | D22: =ROUND($D$13*C22,2) -> 10.01
A23: A.07 Salário Educação | C23: 0.025 | D23: =ROUND($D$13*C23,2) -> 41.73
A24: A.08 Riscos Ambientais do Trabalho – RAT x FAP | C24: 0.06 | D24: =ROUND($D$13*C24,2) -> 100.14
A25: TOTAL - GRUPO A - ENCARGOS | C25: =ROUND(SUM(C17:C24),5) -> 0.398 | D25: =ROUND(SUM(D17:D24),2) -> 664.28
A27: GRUPO B | C27: % | D27: Valor (R$)
A28: B.01 13º Salário | C28: =ROUND(1/12,5) -> 0.08333 | D28: =ROUND($D$13*C28,2) -> 139.08
A29: B.02 Férias (incluindo 1/3 constitucional) | C29: =ROUND((1/3)/12,5) -> 0.02778 | D29: =ROUND($D$13*C29,2) -> 46.37
A30: B.03 Aviso Prévio Trabalhado | C30: =ROUND((((100% / 30) * 7) / 12),5) -> 0.01944 | D30: =ROUND($D$13*C30,2) -> 32.45
A31: B.04 Auxílio Doença | C31: =ROUND((5/30)/12,5) -> 0.01389 | D31: =ROUND($D$13*C31,2) -> 23.18
A32: B.05 Acidente de Trabalho | C32: =ROUND(((15/30/12)*0.08),5) -> 0.00333 | D32: =ROUND($D$13*C32,2) -> 5.56
A33: B.06 Faltas Legais | C33: =ROUND((1/30)/12,5) -> 0.00278 | D33: =ROUND($D$13*C33,2) -> 4.64
A34: B.07 Férias sobre Licença Maternidade | C34: =ROUND(0.1111*0.02*0.333,5) -> 0.00074 | D34: =ROUND($D$13*C34,2) -> 1.24
A35: B.08 Licença Paternidade | C35: =ROUND(((5/30)/12)*0.015,5) -> 0.00021 | D35: =ROUND($D$13*C35,2) -> 0.35
A36: B.09 Férias adquiridas (não usufruídas) | C36: =ROUND(1/12,5) -> 0.08333 | D36: =ROUND($D$13*C36,2) -> 139.08
A37: TOTAL - GRUPO B | C37: =ROUND(SUM(C28:C36),5) -> 0.23483 | D37: =ROUND(SUM(D28:D36),2) -> 391.95
A39: GRUPO C | C39: % | D39: Valor (R$)
A40: C.01 Aviso Prévio Indenizado | C40: =ROUND(1/12*5%,5) -> 0.00417 | D40: =ROUND($D$13*C40,2) -> 6.96
A41: C.02 Indenização Adicional | C41: =ROUND(0.02*(1/12),5) -> 0.00167 | D41: =ROUND($D$13*C41,2) -> 2.79
A42: C.03 Indenização (rescisão sem justa causa – multa de 40% do FGTS) | C42: =ROUND(40%*8%,5) -> 0.032 | D42: =ROUND($D$13*C42,2) -> 53.41
A43: TOTAL - GRUPO C | C43: =ROUND(SUM(C40:C42),5) -> 0.03784 | D43: =ROUND(SUM(D40:D42),2) -> 63.16
A45: GRUPO D | C45: % | D45: Valor (R$)
A46: D.01 Incidência dos encargos do grupo A sobre o grupo B | C46: =ROUND(C25*C37,5) -> 0.09346 | D46: =ROUND($D$13*C46,2) -> 155.99
A47: TOTAL - GRUPO D | C47: =ROUND(SUM(C46),5) -> 0.09346 | D47: =ROUND(SUM(D46),2) -> 155.99
A49: GRUPO E | C49: % | D49: Valor (R$)
A50: E.01 Incidência do FGTS sobre o aviso prévio indenizado | C50: =ROUND(8%*C40,5) -> 0.00033 | D50: =ROUND($D$13*C50,2) -> 0.55
A51: TOTAL - GRUPO E | C51: =ROUND(SUM(C50:C50),5) -> 0.00033 | D51: =ROUND(SUM(D50:D50),2) -> 0.55
A53: GRUPO F | C53: % | D53: Valor (R$)
A54: F.01 Incidência dos encargos do Grupo A sobre os valores constantes da base de cálculo referente ao salário maternidade | C54: =ROUND(C25*(13/12)*(4/12)*2/100,5) -> 0.00287 | D54: =ROUND($D$13*C54,2) -> 4.79
A55: TOTAL - GRUPO F | C55: =ROUND(SUM(C54),5) -> 0.00287 | D55: =ROUND(SUM(D54),2) -> 4.79
A56: TOTAL - ENCARGOS SOCIAIS (R$) | C56: =ROUND(C25+C37+C43+C47+C51+C55,5) -> 0.76733 | D56: =ROUND(D25+D37+D43+D47+D51+D55,2) -> 1280.72
A58: VALOR TOTAL DE REMUNERAÇÃO + ENCARGOS SOCIAIS (R$) | D58: =D13+D56 -> 2949.76
A60: SEÇÃO III - INSUMOS
A61: Insumos | C61: Referencia | D61: Valor (R$)
A62: Auxilio Alimentação | C62: 17 | D62: =ROUND(C62*4,2) -> 68
A63: Vale Transporte | C63: 3.8 | D63: =ROUND(C63*2*4,2) -> 30.4
A64: TOTAL - INSUMOS (R$) | D64: =ROUND(SUM(D62:D63),2) -> 98.4
A66: TOTAL DE REMUNERAÇÃO + ENCARGOS SOCIAIS + INSUMOS (R$) | D66: =ROUND(D58+D64,2) -> 3048.16
A68: SEÇÃO IV - LDI E TRIBUTAÇÃO
A69: LUCRO E DESPESAS INDIRETAS (LDI) | C69: % | D69: Valor (R$)
A70: Despesas Administrativas/Operacionais | C70: 0 | D70: =ROUND(D66*C70,2) -> 0
A71: Lucro | C71: 0 | D71: =ROUND(D66*C71,2) -> 0
A72: TOTAL - LUCRO E DESPESAS INDIRETAS | C72: =ROUND(SUM(C70:C71),5) -> 0 | D72: =SUM(D70:D71) -> 0
A74: TOTAL DE REMUNERAÇÃO + ENCARGOS SOCIAIS + INSUMOS + INTRAJORNADA + LDI (R$) | D74: =ROUND(D66+D72,2) -> 3048.16
A76: BASE DE CÁLCULO PARA TRIBUTO | C76: =ROUND(1-(SUM(C79:C81)/1),5) -> 0.9135 | D76: =ROUND(D74/C76,2) -> 3336.79
A78: TRIBUTAÇÃO SOBRE FATURAMENTO | C78: % | D78: Valor (R$)
A79: ISS | C79: 0.05 | D79: =ROUND($D$76*C79,2) -> 166.84
A80: COFINS | C80: 0.03 | D80: =ROUND($D$76*C80,2) -> 100.1
A81: PIS | C81: 0.0065 | D81: =ROUND($D$76*C81,2) -> 21.69
A82: TOTAL - TRIBUTAÇÃO SOBRE FATURAMENTO | C82: =ROUND(SUM(C79:C81),5) -> 0.0865 | D82: =ROUND(SUM(D79:D81),2) -> 288.63
A84: PREÇO MENSAL PARA 1 (UM) EMPREGADO (R$) | D84: =ROUND(D74+D82,2) -> 3336.79
A85: PREÇO ANUAL PARA 1 (UM) POSTO (R$) - PREÇO MENSAL X 12 MESES | D85: =ROUND(D84*12,2) -> 40041.48
A87: VALORES - SERVIÇO EXTRA
A88: PREÇO HOMEM HORA DE 1 (UM) EMPREGADO (R$) | D88: =ROUND(D84/220,2) -> 15.17
A89: HOMEM-HORA A 50% (R$) | D89: =ROUND((D88*50%)+D88,2) -> 22.76
A90: HOMEM-HORA A 100% (R$) | D90: =ROUND((D88*100%)+D88,2) -> 30.34
A92: Item | D92: %
A93: TOTAL - GRUPO A - ENCARGOS | D93: =C25 -> 0.398
A94: TOTAL - GRUPO B | D94: =C37 -> 0.23483
A95: TOTAL - GRUPO C | D95: =C43 -> 0.03784
A96: TOTAL - GRUPO D | D96: =C47 -> 0.09346
A97: TOTAL - GRUPO E | D97: =C51 -> 0.00033
A98: TOTAL - GRUPO F | D98: =C55 -> 0.00287
A99: TOTAL ENCARGOS SOCIAIS | D99: =ROUND(SUM(D93:D98),5) -> 0.76733
A101: Componentes | C101: R$ | D101: %
A102: I - COMPOSIÇÃO DE REMUNERAÇÃO | C102: =D13 -> 1669.04 | D102: =ROUND(C102/$C$106,5) -> 0.50019
A103: II - ENCARGOS SOCIAIS INCIDENTES SOBRE A REMUNERAÇÃO | C103: =D56 -> 1280.72 | D103: =ROUND(C103/$C$106,5) -> 0.38382
A104: III - INSUMOS | C104: =D64 -> 98.4 | D104: =ROUND(C104/$C$106,5) -> 0.02949
A105: IV - LDI E TRIBUTAÇÃO | C105: =ROUND(D72+D82,2) -> 288.63 | D105: =ROUND(C105/$C$106,5) -> 0.0865
A106: TOTAL | C106: =ROUND(SUM(C102:C105),2) -> 3336.79 | D106: =ROUND(SUM(D102:D105),5) -> 1

Sheet Hr-Extra Oficial de Manutenção
A1: PLANILHA ORÇAMENTÁRIA DE REFERÊNCIA DE FORMAÇÃO DE CUSTO DE SERVIÇO EXTRAODINÁRIO
A2: Tipo de serviço: | B2: ='Quantidade de Cargo'!A15 -> Oficial de Manutenção
A3: CBO: | B3: ='Salario Base'!B15 -> 5134-25
A4: Unidade de medida: | B4: Posto
A5: Quantidade total a contratar (em função da unidade de medida): | B5: 1
A6: Convenção Coletiva de Trabalho/Acordo/ Dissídio Coletivo de Trabalho: | B6: Convenção Coletiva de Trabalho (CCT) - Nº Registro no MTE: AM000038/2022 - Nº Processo: 13621.101002/2022-73 - Nº Solicitação: MR000215/2022
A8: MÃO DE OBRA VINCULADA À EXECUÇÃO CONTRATUAL
A9: SEÇÃO I - COMPOSIÇÃO DA REMUNERAÇÃO (R$)
A10: Composição da Remuneração | C10: % | D10: Valor (R$)
A11: Salário Base | C11: - | D11: ='Salario Base'!E18 -> 2498.52
A12: Outros | D12: =C12*D11/100 -> 0
A13: TOTAL DA REMUNERAÇÃO (R$) | D13: =ROUND(SUM(D11:D12),2) -> 2498.52
A15: SEÇÃO II - ENCARGOS SOCIAIS INCIDENTES SOBRE A REMUNERAÇÃO (R$)
A16: GRUPO A - ENCARGOS | C16: % | D16: Valor (R$)
A17: A.01 SEGURIDADE SOCIAL | C17: 0.2 | D17: =ROUND($D$13*C17,2) -> 499.7
A18: A.02 FGTS | C18: 0.08 | D18: =ROUND($D$13*C18,2) -> 199.88
A19: A.03 SESI/SESC | C19: 0.015 | D19: =ROUND($D$13*C19,2) -> 37.48
A20: A.04 SENAI/SENAC | C20: 0.01 | D20: =ROUND($D$13*C20,2) -> 24.99
A21: A.05 INCRA | C21: 0.002 | D21: =ROUND($D$13*C21,2) -> 5
A22: A.06 SEBRAE | C22: 0.006 | D22: =ROUND($D$13*C22,2) -> 14.99
A23: A.07 Salário Educação | C23: 0.025 | D23: =ROUND($D$13*C23,2) -> 62.46
A24: A.08 Riscos Ambientais do Trabalho – RAT x FAP | C24: 0.06 | D24: =ROUND($D$13*C24,2) -> 149.91
A25: TOTAL - GRUPO A - ENCARGOS | C25: =ROUND(SUM(C17:C24),5) -> 0.398 | D25: =ROUND(SUM(D17:D24),2) -> 994.41
A27: GRUPO B | C27: % | D27: Valor (R$)
A28: B.01 13º Salário | C28: =ROUND(1/12,5) -> 0.08333 | D28: =ROUND($D$13*C28,2) -> 208.2
A29: B.02 Férias (incluindo 1/3 constitucional) | C29: =ROUND((1/3)/12,5) -> 0.02778 | D29: =ROUND($D$13*C29,2) -> 69.41
A30: B.03 Aviso Prévio Trabalhado | C30: =ROUND((((100% / 30) * 7) / 12),5) -> 0.01944 | D30: =ROUND($D$13*C30,2) -> 48.57
A31: B.04 Auxílio Doença | C31: =ROUND((5/30)/12,5) -> 0.01389 | D31: =ROUND($D$13*C31,2) -> 34.7
A32: B.05 Acidente de Trabalho | C32: =ROUND(((15/30/12)*0.08),5) -> 0.00333 | D32: =ROUND($D$13*C32,2) -> 8.32
A33: B.06 Faltas Legais | C33: =ROUND((1/30)/12,5) -> 0.00278 | D33: =ROUND($D$13*C33,2) -> 6.95
A34: B.07 Férias sobre Licença Maternidade | C34: =ROUND(0.1111*0.02*0.333,5) -> 0.00074 | D34: =ROUND($D$13*C34,2) -> 1.85
A35: B.08 Licença Paternidade | C35: =ROUND(((5/30)/12)*0.015,5) -> 0.00021 | D35: =ROUND($D$13*C35,2) -> 0.52
A36: B.09 Férias adquiridas (não usufruídas) | C36: =ROUND(1/12,5) -> 0.08333 | D36: =ROUND($D$13*C36,2) -> 208.2
A37: TOTAL - GRUPO B | C37: =ROUND(SUM(C28:C36),5) -> 0.23483 | D37: =ROUND(SUM(D28:D36),2) -> 586.72
A39: GRUPO C | C39: % | D39: Valor (R$)
A40: C.01 Aviso Prévio Indenizado | C40: =ROUND(1/12*5%,5) -> 0.00417 | D40: =ROUND($D$13*C40,2) -> 10.42
A41: C.02 Indenização Adicional | C41: =ROUND(0.02*(1/12),5) -> 0.00167 | D41: =ROUND($D$13*C41,2) -> 4.17
A42: C.03 Indenização (rescisão sem justa causa – multa de 40% do FGTS) | C42: =ROUND(40%*8%,5) -> 0.032 | D42: =ROUND($D$13*C42,2) -> 79.95
A43: TOTAL - GRUPO C | C43: =ROUND(SUM(C40:C42),5) -> 0.03784 | D43: =ROUND(SUM(D40:D42),2) -> 94.54
A45: GRUPO D | C45: % | D45: Valor (R$)
A46: D.01 Incidência dos encargos do grupo A sobre o grupo B | C46: =ROUND(C25*C37,5) -> 0.09346 | D46: =ROUND($D$13*C46,2) -> 233.51
A47: TOTAL - GRUPO D | C47: =ROUND(SUM(C46),5) -> 0.09346 | D47: =ROUND(SUM(D46),2) -> 233.51
A49: GRUPO E | C49: % | D49: Valor (R$)
A50: E.01 Incidência do FGTS sobre o aviso prévio indenizado | C50: =ROUND(8%*C40,5) -> 0.00033 | D50: =ROUND($D$13*C50,2) -> 0.82
A51: TOTAL - GRUPO E | C51: =ROUND(SUM(C50:C50),5) -> 0.00033 | D51: =ROUND(SUM(D50:D50),2) -> 0.82
A53: GRUPO F | C53: % | D53: Valor (R$)
A54: F.01 Incidência dos encargos do Grupo A sobre os valores constantes da base de cálculo referente ao salário maternidade | C54: =ROUND(C25*(13/12)*(4/12)*2/100,5) -> 0.00287 | D54: =ROUND($D$13*C54,2) -> 7.17
A55: TOTAL - GRUPO F | C55: =ROUND(SUM(C54),5) -> 0.00287 | D55: =ROUND(SUM(D54),2) -> 7.17
A56: TOTAL - ENCARGOS SOCIAIS (R$) | C56: =ROUND(C25+C37+C43+C47+C51+C55,5) -> 0.76733 | D56: =ROUND(D25+D37+D43+D47+D51+D55,2) -> 1917.17
A58: VALOR TOTAL DE REMUNERAÇÃO + ENCARGOS SOCIAIS (R$) | D58: =D13+D56 -> 4415.69
A60: SEÇÃO III - INSUMOS
A61: Insumos | C61: Referencia | D61: Valor (R$)
A62: Auxilio Alimentação | C62: 20 | D62: =ROUND(C62*4,2) -> 80
A63: Vale Transporte | C63: 3.8 | D63: =ROUND(C63*2*4,2) -> 30.4
A64: TOTAL - INSUMOS (R$) | D64: =ROUND(SUM(D62:D63),2) -> 110.4
A66: TOTAL DE REMUNERAÇÃO + ENCARGOS SOCIAIS + INSUMOS (R$) | D66: =ROUND(D58+D64,2) -> 4526.09
A68: SEÇÃO IV - LDI E TRIBUTAÇÃO
A69: LUCRO E DESPESAS INDIRETAS (LDI) | C69: % | D69: Valor (R$)
A70: Despesas Administrativas/Operacionais | C70: 0 | D70: =ROUND(D66*C70,2) -> 0
A71: Lucro | C71: 0 | D71: =ROUND(D66*C71,2) -> 0
A72: TOTAL - LUCRO E DESPESAS INDIRETAS | C72: =ROUND(SUM(C70:C71),5) -> 0 | D72: =SUM(D70:D71) -> 0
A74: TOTAL DE REMUNERAÇÃO + ENCARGOS SOCIAIS + INSUMOS + INTRAJORNADA + LDI (R$) | D74: =ROUND(D66+D72,2) -> 4526.09
A76: BASE DE CÁLCULO PARA TRIBUTO | C76: =ROUND(1-(SUM(C79:C81)/1),5) -> 0.9135 | D76: =ROUND(D74/C76,2) -> 4954.67
A78: TRIBUTAÇÃO SOBRE FATURAMENTO | C78: % | D78: Valor (R$)
A79: ISS | C79: 0.05 | D79: =ROUND($D$76*C79,2) -> 247.73
A80: COFINS | C80: 0.03 | D80: =ROUND($D$76*C80,2) -> 148.64
A81: PIS | C81: 0.0065 | D81: =ROUND($D$76*C81,2) -> 32.21
A82: TOTAL - TRIBUTAÇÃO SOBRE FATURAMENTO | C82: =ROUND(SUM(C79:C81),5) -> 0.0865 | D82: =ROUND(SUM(D79:D81),2) -> 428.58
A84: PREÇO MENSAL PARA 1 (UM) EMPREGADO (R$) | D84: =ROUND(D74+D82,2) -> 4954.67
A85: PREÇO ANUAL PARA 1 (UM) POSTO (R$) - PREÇO MENSAL X 12 MESES | D85: =ROUND(D84*12,2) -> 59456.04
A87: VALORES - SERVIÇO EXTRA
A88: PREÇO HOMEM HORA DE 1 (UM) EMPREGADO (R$) | D88: =ROUND(D84/220,2) -> 22.52
A89: HOMEM-HORA A 50% (R$) | D89: =ROUND((D88*50%)+D88,2) -> 33.78
A90: HOMEM-HORA A 100% (R$) | D90: =ROUND((D88*100%)+D88,2) -> 45.04
A92: Item | D92: %
A93: TOTAL - GRUPO A - ENCARGOS | D93: =C25 -> 0.398
A94: TOTAL - GRUPO B | D94: =C37 -> 0.23483
A95: TOTAL - GRUPO C | D95: =C43 -> 0.03784
A96: TOTAL - GRUPO D | D96: =C47 -> 0.09346
A97: TOTAL - GRUPO E | D97: =C51 -> 0.00033
A98: TOTAL - GRUPO F | D98: =C55 -> 0.00287
A99: TOTAL ENCARGOS SOCIAIS | D99: =ROUND(SUM(D93:D98),5) -> 0.76733
A101: Componentes | C101: R$ | D101: %
A102: I - COMPOSIÇÃO DE REMUNERAÇÃO | C102: =D13 -> 2498.52 | D102: =ROUND(C102/$C$106,5) -> 0.50428
A103: II - ENCARGOS SOCIAIS INCIDENTES SOBRE A REMUNERAÇÃO | C103: =D56 -> 1917.17 | D103: =ROUND(C103/$C$106,5) -> 0.38694
A104: III - INSUMOS | C104: =D64 -> 110.4 | D104: =ROUND(C104/$C$106,5) -> 0.02228
A105: IV - LDI E TRIBUTAÇÃO | C105: =ROUND(D72+D82,2) -> 428.58 | D105: =ROUND(C105/$C$106,5) -> 0.0865
A106: TOTAL | C106: =ROUND(SUM(C102:C105),2) -> 4954.67 | D106: =ROUND(SUM(D102:D105),5) -> 1

Sheet Hr-Extra Técnico de Suporte I
A1: PLANILHA ORÇAMENTÁRIA DE REFERÊNCIA DE FORMAÇÃO DE CUSTO DE SERVIÇO EXTRAODINÁRIO
A2: Tipo de serviço: | B2: ='Quantidade de Cargo'!A16 -> Técnico de Suporte I
A3: CBO: | B3: ='Salario Base'!B16 -> 2624-10
A4: Unidade de medida: | B4: Posto
A5: Quantidade total a contratar (em função da unidade de medida): | B5: 1
A6: Convenção Coletiva de Trabalho/Acordo/ Dissídio Coletivo de Trabalho: | B6: Convenção Coletiva de Trabalho (CCT) - Nº Registro no MTE: AM000546/2021 - Nº Processo: 13621.120880/2021-15 - Nº Solicitação: MR069260/2020
A8: MÃO DE OBRA VINCULADA À EXECUÇÃO CONTRATUAL
A9: SEÇÃO I - COMPOSIÇÃO DA REMUNERAÇÃO (R$)
A10: Composição da Remuneração | C10: % | D10: Valor (R$)
A11: Salário Base | C11: - | D11: ='Salario Base'!D19 -> 2832.23
A12: Outros | D12: =C12*D11/100 -> 0
A13: TOTAL DA REMUNERAÇÃO (R$) | D13: =ROUND(SUM(D11:D12),2) -> 2832.23
A15: SEÇÃO II - ENCARGOS SOCIAIS INCIDENTES SOBRE A REMUNERAÇÃO (R$)
A16: GRUPO A - ENCARGOS | C16: % | D16: Valor (R$)
A17: A.01 SEGURIDADE SOCIAL | C17: 0.2 | D17: =ROUND($D$13*C17,2) -> 566.45
A18: A.02 FGTS | C18: 0.08 | D18: =ROUND($D$13*C18,2) -> 226.58
A19: A.03 SESI/SESC | C19: 0.015 | D19: =ROUND($D$13*C19,2) -> 42.48
A20: A.04 SENAI/SENAC | C20: 0.01 | D20: =ROUND($D$13*C20,2) -> 28.32
A21: A.05 INCRA | C21: 0.002 | D21: =ROUND($D$13*C21,2) -> 5.66
A22: A.06 SEBRAE | C22: 0.006 | D22: =ROUND($D$13*C22,2) -> 16.99
A23: A.07 Salário Educação | C23: 0.025 | D23: =ROUND($D$13*C23,2) -> 70.81
A24: A.08 Riscos Ambientais do Trabalho – RAT x FAP | C24: 0.04 | D24: =ROUND($D$13*C24,2) -> 113.29
A25: TOTAL - GRUPO A - ENCARGOS | C25: =ROUND(SUM(C17:C24),5) -> 0.378 | D25: =ROUND(SUM(D17:D24),2) -> 1070.58
A27: GRUPO B | C27: % | D27: Valor (R$)
A28: B.01 13º Salário | C28: =ROUND(1/12,5) -> 0.08333 | D28: =ROUND($D$13*C28,2) -> 236.01
A29: B.02 Férias (incluindo 1/3 constitucional) | C29: =ROUND((1/3)/12,5) -> 0.02778 | D29: =ROUND($D$13*C29,2) -> 78.68
A30: B.03 Aviso Prévio Trabalhado | C30: =ROUND((((100% / 30) * 7) / 12),5) -> 0.01944 | D30: =ROUND($D$13*C30,2) -> 55.06
A31: B.04 Auxílio Doença | C31: =ROUND((5/30)/12,5) -> 0.01389 | D31: =ROUND($D$13*C31,2) -> 39.34
A32: B.05 Acidente de Trabalho | C32: =ROUND(((15/30/12)*0.08),5) -> 0.00333 | D32: =ROUND($D$13*C32,2) -> 9.43
A33: B.06 Faltas Legais | C33: =ROUND((1/30)/12,5) -> 0.00278 | D33: =ROUND($D$13*C33,2) -> 7.87
A34: B.07 Férias sobre Licença Maternidade | C34: =ROUND(0.1111*0.02*0.333,5) -> 0.00074 | D34: =ROUND($D$13*C34,2) -> 2.1
A35: B.08 Licença Paternidade | C35: =ROUND(((5/30)/12)*0.015,5) -> 0.00021 | D35: =ROUND($D$13*C35,2) -> 0.59
A36: B.09 Férias adquiridas (não usufruídas) | C36: =ROUND(1/12,5) -> 0.08333 | D36: =ROUND($D$13*C36,2) -> 236.01
A37: TOTAL - GRUPO B | C37: =ROUND(SUM(C28:C36),5) -> 0.23483 | D37: =ROUND(SUM(D28:D36),2) -> 665.09
A39: GRUPO C | C39: % | D39: Valor (R$)
A40: C.01 Aviso Prévio Indenizado | C40: =ROUND(1/12*5%,5) -> 0.00417 | D40: =ROUND($D$13*C40,2) -> 11.81
A41: C.02 Indenização Adicional | C41: =ROUND(0.02*(1/12),5) -> 0.00167 | D41: =ROUND($D$13*C41,2) -> 4.73
A42: C.03 Indenização (rescisão sem justa causa – multa de 40% do FGTS) | C42: =ROUND(40%*8%,5) -> 0.032 | D42: =ROUND($D$13*C42,2) -> 90.63
A43: TOTAL - GRUPO C | C43: =ROUND(SUM(C40:C42),5) -> 0.03784 | D43: =ROUND(SUM(D40:D42),2) -> 107.17
A45: GRUPO D | C45: % | D45: Valor (R$)
A46: D.01 Incidência dos encargos do grupo A sobre o grupo B | C46: =ROUND(C25*C37,5) -> 0.08877 | D46: =ROUND($D$13*C46,2) -> 251.42
A47: TOTAL - GRUPO D | C47: =ROUND(SUM(C46),5) -> 0.08877 | D47: =ROUND(SUM(D46),2) -> 251.42
A49: GRUPO E | C49: % | D49: Valor (R$)
A50: E.01 Incidência do FGTS sobre o aviso prévio indenizado | C50: =ROUND(8%*C40,5) -> 0.00033 | D50: =ROUND($D$13*C50,2) -> 0.93
A51: TOTAL - GRUPO E | C51: =ROUND(SUM(C50:C50),5) -> 0.00033 | D51: =ROUND(SUM(D50:D50),2) -> 0.93
A53: GRUPO F | C53: % | D53: Valor (R$)
A54: F.01 Incidência dos encargos do Grupo A sobre os valores constantes da base de cálculo referente ao salário maternidade | C54: =ROUND(C25*(13/12)*(4/12)*2/100,5) -> 0.00273 | D54: =ROUND($D$13*C54,2) -> 7.73
A55: TOTAL - GRUPO F | C55: =ROUND(SUM(C54),5) -> 0.00273 | D55: =ROUND(SUM(D54),2) -> 7.73
A56: TOTAL - ENCARGOS SOCIAIS (R$) | C56: =ROUND(C25+C37+C43+C47+C51+C55,5) -> 0.7425 | D56: =ROUND(D25+D37+D43+D47+D51+D55,2) -> 2102.92
A58: VALOR TOTAL DE REMUNERAÇÃO + ENCARGOS SOCIAIS (R$) | D58: =D13+D56 -> 4935.15
A60: SEÇÃO III - INSUMOS
A61: Insumos | C61: Referencia | D61: Valor (R$)
A62: Auxilio Alimentação | C62: 15 | D62: =ROUND(C62*4,2) -> 60
A63: Vale Transporte | C63: 3.8 | D63: =ROUND(C63*2*4,2) -> 30.4
A64: TOTAL - INSUMOS (R$) | D64: =ROUND(SUM(D62:D63),2) -> 90.4
A66: TOTAL DE REMUNERAÇÃO + ENCARGOS SOCIAIS + INSUMOS (R$) | D66: =ROUND(D58+D64,2) -> 5025.55
A68: SEÇÃO IV - LDI E TRIBUTAÇÃO
A69: LUCRO E DESPESAS INDIRETAS (LDI) | C69: % | D69: Valor (R$)
A70: Despesas Administrativas/Operacionais | C70: 0 | D70: =ROUND(D66*C70,2) -> 0
A71: Lucro | C71: 0 | D71: =ROUND(D66*C71,2) -> 0
A72: TOTAL - LUCRO E DESPESAS INDIRETAS | C72: =ROUND(SUM(C70:C71),5) -> 0 | D72: =SUM(D70:D71) -> 0
A74: TOTAL DE REMUNERAÇÃO + ENCARGOS SOCIAIS + INSUMOS + INTRAJORNADA + LDI (R$) | D74: =ROUND(D66+D72,2) -> 5025.55
A76: BASE DE CÁLCULO PARA TRIBUTO | C76: =ROUND(1-(SUM(C79:C81)/1),5) -> 0.9135 | D76: =ROUND(D74/C76,2) -> 5501.42
A78: TRIBUTAÇÃO SOBRE FATURAMENTO | C78: % | D78: Valor (R$)
A79: ISS | C79: 0.05 | D79: =ROUND($D$76*C79,2) -> 275.07
A80: COFINS | C80: 0.03 | D80: =ROUND($D$76*C80,2) -> 165.04
A81: PIS | C81: 0.0065 | D81: =ROUND($D$76*C81,2) -> 35.76
A82: TOTAL - TRIBUTAÇÃO SOBRE FATURAMENTO | C82: =ROUND(SUM(C79:C81),5) -> 0.0865 | D82: =ROUND(SUM(D79:D81),2) -> 475.87
A84: PREÇO MENSAL PARA 1 (UM) EMPREGADO (R$) | D84: =ROUND(D74+D82,2) -> 5501.42
A85: PREÇO ANUAL PARA 1 (UM) POSTO (R$) - PREÇO MENSAL X 12 MESES | D85: =ROUND(D84*12,2) -> 66017.04
A87: VALORES - SERVIÇO EXTRA
A88: PREÇO HOMEM HORA DE 1 (UM) EMPREGADO (R$) | D88: =ROUND(D84/220,2) -> 25.01
A89: HOMEM-HORA A 50% (R$) | D89: =ROUND((D88*50%)+D88,2) -> 37.52
A90: HOMEM-HORA A 100% (R$) | D90: =ROUND((D88*100%)+D88,2) -> 50.02
A92: Item | D92: %
A93: TOTAL - GRUPO A - ENCARGOS | D93: =C25 -> 0.378
A94: TOTAL - GRUPO B | D94: =C37 -> 0.23483
A95: TOTAL - GRUPO C | D95: =C43 -> 0.03784
A96: TOTAL - GRUPO D | D96: =C47 -> 0.08877
A97: TOTAL - GRUPO E | D97: =C51 -> 0.00033
A98: TOTAL - GRUPO F | D98: =C55 -> 0.00273
A99: TOTAL ENCARGOS SOCIAIS | D99: =ROUND(SUM(D93:D98),5) -> 0.7425
A101: Componentes | C101: R$ | D101: %
A102: I - COMPOSIÇÃO DE REMUNERAÇÃO | C102: =D13 -> 2832.23 | D102: =ROUND(C102/$C$106,5) -> 0.51482
A103: II - ENCARGOS SOCIAIS INCIDENTES SOBRE A REMUNERAÇÃO | C103: =D56 -> 2102.92 | D103: =ROUND(C103/$C$106,5) -> 0.38225
A104: III - INSUMOS | C104: =D64 -> 90.4 | D104: =ROUND(C104/$C$106,5) -> 0.01643
A105: IV - LDI E TRIBUTAÇÃO | C105: =ROUND(D72+D82,2) -> 475.87 | D105: =ROUND(C105/$C$106,5) -> 0.0865
A106: TOTAL | C106: =ROUND(SUM(C102:C105),2) -> 5501.42 | D106: =ROUND(SUM(D102:D105),5) -> 1

Sheet Hr-Extra Técnico de Suporte II
A1: PLANILHA ORÇAMENTÁRIA DE REFERÊNCIA DE FORMAÇÃO DE CUSTO DE SERVIÇO EXTRAODINÁRIO
A2: Tipo de serviço: | B2: ='Quantidade de Cargo'!A17 -> Técnico de Suporte II
A3: CBO: | B3: ='Salario Base'!B17 -> 7823-05
A4: Unidade de medida: | B4: Posto
A5: Quantidade total a contratar (em função da unidade de medida): | B5: 1
A6: Convenção Coletiva de Trabalho/Acordo/ Dissídio Coletivo de Trabalho: | B6: Convenção Coletiva de Trabalho (CCT) - Nº Registro no MTE: AM000546/2021 - Nº Processo: 13621.120880/2021-15 - Nº Solicitação: MR069260/2020
A8: MÃO DE OBRA VINCULADA À EXECUÇÃO CONTRATUAL
A9: SEÇÃO I - COMPOSIÇÃO DA REMUNERAÇÃO (R$)
A10: Composição da Remuneração | C10: % | D10: Valor (R$)
A11: Salário Base | C11: - | D11: ='Salario Base'!D20 -> 3525.62
A12: Outros | D12: =C12*D11/100 -> 0
A13: TOTAL DA REMUNERAÇÃO (R$) | D13: =ROUND(SUM(D11:D12),2) -> 3525.62
A15: SEÇÃO II - ENCARGOS SOCIAIS INCIDENTES SOBRE A REMUNERAÇÃO (R$)
A16: GRUPO A - ENCARGOS | C16: % | D16: Valor (R$)
A17: A.01 SEGURIDADE SOCIAL | C17: 0.2 | D17: =ROUND($D$13*C17,2) -> 705.12
A18: A.02 FGTS | C18: 0.08 | D18: =ROUND($D$13*C18,2) -> 282.05
A19: A.03 SESI/SESC | C19: 0.015 | D19: =ROUND($D$13*C19,2) -> 52.88
A20: A.04 SENAI/SENAC | C20: 0.01 | D20: =ROUND($D$13*C20,2) -> 35.26
A21: A.05 INCRA | C21: 0.002 | D21: =ROUND($D$13*C21,2) -> 7.05
A22: A.06 SEBRAE | C22: 0.006 | D22: =ROUND($D$13*C22,2) -> 21.15
A23: A.07 Salário Educação | C23: 0.025 | D23: =ROUND($D$13*C23,2) -> 88.14
A24: A.08 Riscos Ambientais do Trabalho – RAT x FAP | C24: 0.04 | D24: =ROUND($D$13*C24,2) -> 141.02
A25: TOTAL - GRUPO A - ENCARGOS | C25: =ROUND(SUM(C17:C24),5) -> 0.378 | D25: =ROUND(SUM(D17:D24),2) -> 1332.67
A27: GRUPO B | C27: % | D27: Valor (R$)
A28: B.01 13º Salário | C28: =ROUND(1/12,5) -> 0.08333 | D28: =ROUND($D$13*C28,2) -> 293.79
A29: B.02 Férias (incluindo 1/3 constitucional) | C29: =ROUND((1/3)/12,5) -> 0.02778 | D29: =ROUND($D$13*C29,2) -> 97.94
A30: B.03 Aviso Prévio Trabalhado | C30: =ROUND((((100% / 30) * 7) / 12),5) -> 0.01944 | D30: =ROUND($D$13*C30,2) -> 68.54
A31: B.04 Auxílio Doença | C31: =ROUND((5/30)/12,5) -> 0.01389 | D31: =ROUND($D$13*C31,2) -> 48.97
A32: B.05 Acidente de Trabalho | C32: =ROUND(((15/30/12)*0.08),5) -> 0.00333 | D32: =ROUND($D$13*C32,2) -> 11.74
A33: B.06 Faltas Legais | C33: =ROUND((1/30)/12,5) -> 0.00278 | D33: =ROUND($D$13*C33,2) -> 9.8
A34: B.07 Férias sobre Licença Maternidade | C34: =ROUND(0.1111*0.02*0.333,5) -> 0.00074 | D34: =ROUND($D$13*C34,2) -> 2.61
A35: B.08 Licença Paternidade | C35: =ROUND(((5/30)/12)*0.015,5) -> 0.00021 | D35: =ROUND($D$13*C35,2) -> 0.74
A36: B.09 Férias adquiridas (não usufruídas) | C36: =ROUND(1/12,5) -> 0.08333 | D36: =ROUND($D$13*C36,2) -> 293.79
A37: TOTAL - GRUPO B | C37: =ROUND(SUM(C28:C36),5) -> 0.23483 | D37: =ROUND(SUM(D28:D36),2) -> 827.92
A39: GRUPO C | C39: % | D39: Valor (R$)
A40: C.01 Aviso Prévio Indenizado | C40: =ROUND(1/12*5%,5) -> 0.00417 | D40: =ROUND($D$13*C40,2) -> 14.7
A41: C.02 Indenização Adicional | C41: =ROUND(0.02*(1/12),5) -> 0.00167 | D41: =ROUND($D$13*C41,2) -> 5.89
A42: C.03 Indenização (rescisão sem justa causa – multa de 40% do FGTS) | C42: =ROUND(40%*8%,5) -> 0.032 | D42: =ROUND($D$13*C42,2) -> 112.82
A43: TOTAL - GRUPO C | C43: =ROUND(SUM(C40:C42),5) -> 0.03784 | D43: =ROUND(SUM(D40:D42),2) -> 133.41
A45: GRUPO D | C45: % | D45: Valor (R$)
A46: D.01 Incidência dos encargos do grupo A sobre o grupo B | C46: =ROUND(C25*C37,5) -> 0.08877 | D46: =ROUND($D$13*C46,2) -> 312.97
A47: TOTAL - GRUPO D | C47: =ROUND(SUM(C46),5) -> 0.08877 | D47: =ROUND(SUM(D46),2) -> 312.97
A49: GRUPO E | C49: % | D49: Valor (R$)
A50: E.01 Incidência do FGTS sobre o aviso prévio indenizado | C50: =ROUND(8%*C40,5) -> 0.00033 | D50: =ROUND($D$13*C50,2) -> 1.16
A51: TOTAL - GRUPO E | C51: =ROUND(SUM(C50:C50),5) -> 0.00033 | D51: =ROUND(SUM(D50:D50),2) -> 1.16
A53: GRUPO F | C53: % | D53: Valor (R$)
A54: F.01 Incidência dos encargos do Grupo A sobre os valores constantes da base de cálculo referente ao salário maternidade | C54: =ROUND(C25*(13/12)*(4/12)*2/100,5) -> 0.00273 | D54: =ROUND($D$13*C54,2) -> 9.62
A55: TOTAL - GRUPO F | C55: =ROUND(SUM(C54),5) -> 0.00273 | D55: =ROUND(SUM(D54),2) -> 9.62
A56: TOTAL - ENCARGOS SOCIAIS (R$) | C56: =ROUND(C25+C37+C43+C47+C51+C55,5) -> 0.7425 | D56: =ROUND(D25+D37+D43+D47+D51+D55,2) -> 2617.75
A58: VALOR TOTAL DE REMUNERAÇÃO + ENCARGOS SOCIAIS (R$) | D58: =D13+D56 -> 6143.37
A60: SEÇÃO III - INSUMOS
A61: Insumos | C61: Referencia | D61: Valor (R$)
A62: Auxilio Alimentação | C62: 15 | D62: =ROUND(C62*4,2) -> 60
A63: Vale Transporte | C63: 3.8 | D63: =ROUND(C63*2*4,2) -> 30.4
A64: TOTAL - INSUMOS (R$) | D64: =ROUND(SUM(D62:D63),2) -> 90.4
A66: TOTAL DE REMUNERAÇÃO + ENCARGOS SOCIAIS + INSUMOS (R$) | D66: =ROUND(D58+D64,2) -> 6233.77
A68: SEÇÃO IV - LDI E TRIBUTAÇÃO
A69: LUCRO E DESPESAS INDIRETAS (LDI) | C69: % | D69: Valor (R$)
A70: Despesas Administrativas/Operacionais | C70: 0 | D70: =ROUND(D66*C70,2) -> 0
A71: Lucro | C71: 0 | D71: =ROUND(D66*C71,2) -> 0
A72: TOTAL - LUCRO E DESPESAS INDIRETAS | C72: =ROUND(SUM(C70:C71),5) -> 0 | D72: =SUM(D70:D71) -> 0
A74: TOTAL DE REMUNERAÇÃO + ENCARGOS SOCIAIS + INSUMOS + INTRAJORNADA + LDI (R$) | D74: =ROUND(D66+D72,2) -> 6233.77
A76: BASE DE CÁLCULO PARA TRIBUTO | C76: =ROUND(1-(SUM(C79:C81)/1),5) -> 0.9135 | D76: =ROUND(D74/C76,2) -> 6824.05
A78: TRIBUTAÇÃO SOBRE FATURAMENTO | C78: % | D78: Valor (R$)
A79: ISS | C79: 0.05 | D79: =ROUND($D$76*C79,2) -> 341.2
A80: COFINS | C80: 0.03 | D80: =ROUND($D$76*C80,2) -> 204.72
A81: PIS | C81: 0.0065 | D81: =ROUND($D$76*C81,2) -> 44.36
A82: TOTAL - TRIBUTAÇÃO SOBRE FATURAMENTO | C82: =ROUND(SUM(C79:C81),5) -> 0.0865 | D82: =ROUND(SUM(D79:D81),2) -> 590.28
A84: PREÇO MENSAL PARA 1 (UM) EMPREGADO (R$) | D84: =ROUND(D74+D82,2) -> 6824.05
A85: PREÇO ANUAL PARA 1 (UM) POSTO (R$) - PREÇO MENSAL X 12 MESES | D85: =ROUND(D84*12,2) -> 81888.6
A87: VALORES - SERVIÇO EXTRA
A88: PREÇO HOMEM HORA DE 1 (UM) EMPREGADO (R$) | D88: =ROUND(D84/220,2) -> 31.02
A89: HOMEM-HORA A 50% (R$) | D89: =ROUND((D88*50%)+D88,2) -> 46.53
A90: HOMEM-HORA A 100% (R$) | D90: =ROUND((D88*100%)+D88,2) -> 62.04
A92: Item | D92: %
A93: TOTAL - GRUPO A - ENCARGOS | D93: =C25 -> 0.378
A94: TOTAL - GRUPO B | D94: =C37 -> 0.23483
A95: TOTAL - GRUPO C | D95: =C43 -> 0.03784
A96: TOTAL - GRUPO D | D96: =C47 -> 0.08877
A97: TOTAL - GRUPO E | D97: =C51 -> 0.00033
A98: TOTAL - GRUPO F | D98: =C55 -> 0.00273
A99: TOTAL ENCARGOS SOCIAIS | D99: =ROUND(SUM(D93:D98),5) -> 0.7425
A101: Componentes | C101: R$ | D101: %
A102: I - COMPOSIÇÃO DE REMUNERAÇÃO | C102: =D13 -> 3525.62 | D102: =ROUND(C102/$C$106,5) -> 0.51665
A103: II - ENCARGOS SOCIAIS INCIDENTES SOBRE A REMUNERAÇÃO | C103: =D56 -> 2617.75 | D103: =ROUND(C103/$C$106,5) -> 0.38361
A104: III - INSUMOS | C104: =D64 -> 90.4 | D104: =ROUND(C104/$C$106,5) -> 0.01325
A105: IV - LDI E TRIBUTAÇÃO | C105: =ROUND(D72+D82,2) -> 590.28 | D105: =ROUND(C105/$C$106,5) -> 0.0865
A106: TOTAL | C106: =ROUND(SUM(C102:C105),2) -> 6824.05 | D106: =ROUND(SUM(D102:D105),5) -> 1.00001

Sheet Diarias
A1: PREVISÃO DE CUSTO COM DIARIAS
A2: Tipo de Serviço | C2: Unidade de Medida | E2: Quantidade Anual
A3: Diárias | C3: Und. | E3: ='Dados de Passagens e Diarias'!E5 -> 65
A5: Seção I - DIARIA
A6: Diárias | F6: 288
A7: TOTAL - Diária | F7: =SUM(F5:F6) -> 288
A11: Seção II - LDI E TRIBUTAÇÃO
A12: LUCRO E DESPESAS INDIRETAS (LDI) | E12: % | F12: Valor (R$)
A13: Despesas Administrativas/Operacionais | E13: 0.05 | F13: =ROUND(F7*E13,2) -> 14.4
A14: Lucro | E14: 0.1 | F14: =ROUND(F7*E14%,2) -> 0.29
A15: TOTAL - Lucro e Despesas Indiretas | E15: =ROUND(SUM(E13:E14),5) -> 0.15 | F15: =ROUND(SUM(F13:F14),2) -> 14.69
A17: TOTAL DE DIARIA + LDI (R$) | F17: =ROUND(F7+F15,2) -> 302.69
A19: BASE DE CÁLCULO PARA TRIBUTO | E19: =ROUND(1-(SUM(E22:E24)/1),5) -> 0.9135 | F19: =ROUND(F17/E19,2) -> 331.35
A21: TRIBUTAÇÃO SOBRE FATURAMENTO | E21: % | F21: Valor (R$)
A22: ISS | E22: 0.05 | F22: =ROUND($F$19*E22,2) -> 16.57
A23: COFINS | E23: 0.03 | F23: =ROUND($F$19*E23,2) -> 9.94
A24: PIS | E24: 0.0065 | F24: =ROUND($F$19*E24,2) -> 2.15
A25: TOTAL - Tributação Sobre Faturamento | E25: =ROUND(SUM(E22:E24),5) -> 0.0865 | F25: =ROUND(SUM(F22:F24),2) -> 28.66
A27: CUSTO PARA UMA DIARIA - R$ | F27: =ROUND(F17+F25,2) -> 331.35
A28: CUSTO ANUAL ESTIMADO - R$ | F28: =ROUND(F27*E3,2) -> 21537.75
A29: CUSTO MENSAL - R$ | F29: =ROUND(F28/12,2) -> 1794.81

Sheet Passagens
A1: PREVISÃO DE CUSTO COM PASSAGENS
A2: Tipo de Serviço | C2: Unidade de Medida | E2: Quantidade Anual
A3: Passagens | C3: Und. | E3: ='Dados de Passagens e Diarias'!B4 -> 6
A5: Seção I - TIPO DE PASSAGENS
A6: Passagens (Aérea, Terrestre e Fluvial) | F6: 1160
A7: TOTAL - Tipo de Passagens | F7: =SUM(F5:F6) -> 1160
A11: II - LDI E TRIBUTAÇÃO
A12: LUCRO E DESPESAS INDIRETAS (LDI) | E12: % | F12: Valor (R$)
A13: Despesas Administrativas/Operacionais | E13: 0.05 | F13: =ROUND(F7*E13,2) -> 58
A14: Lucro | E14: 0.1 | F14: =ROUND(F7*E14,2) -> 116
A15: TOTAL - Lucro e Despesas Indiretas | E15: =ROUND(SUM(E13:E14),5) -> 0.15 | F15: =ROUND(SUM(F13:F14),2) -> 174
A17: TOTAL TIPO DE PASSAGNES + LDI (R$) | F17: =ROUND(F7+F15,2) -> 1334
A19: BASE DE CÁLCULO PARA TRIBUTO | E19: =ROUND(1-(SUM(E22:E24)/1),5) -> 0.9135 | F19: =ROUND(F17/E19,2) -> 1460.32
A21: TRIBUTAÇÃO SOBRE FATURAMENTO | E21: % | F21: Valor (R$)
A22: ISS | E22: 0.05 | F22: =ROUND($F$19*E22,2) -> 73.02
A23: COFINS | E23: 0.03 | F23: =ROUND($F$19*E23,2) -> 43.81
A24: PIS | E24: 0.0065 | F24: =ROUND($F$19*E24,2) -> 9.49
A25: TOTAL - Tributação Sobre Faturamento | E25: =ROUND(SUM(E22:E24),5) -> 0.0865 | F25: =ROUND(SUM(F22:F24),2) -> 126.32
A27: CUSTO PARA UMA PASSAGEM - R$ | F27: =ROUND(F17+F25,2) -> 1460.32
A28: CUSTO ANUAL ESTIMADO - R$ | F28: =ROUND(F27*E3,2) -> 8761.92
A29: CUSTO MENSAL - R$ | F29: =ROUND(F28/12,2) -> 730.16
